Workbook
Name A: #REF!
Name A: #REF!
Name A: #REF!
Name A: #REF!
Name A: #REF!
Name A: #REF!
Name A: #REF!
Name A: #REF!
Name accesorios: #REF!
Name accesorios: #REF!
Name accesorios: #REF!
Name accesorios: #REF!
Name accesorios: #REF!
Name accesorios: #REF!
Name accesorios: #REF!
Name accesorios: #REF!
Name AÑOWUIE: '[1]Res-Accide-10'!$R$2:$R$7
Name auto1: #REF!
Name auto1: #REF!
Name auto1: #REF!
Name auto1: #REF!
Name auto1: #REF!
Name auto1: #REF!
Name auto1: #REF!
Name auto1: #REF!
Name auto2: #REF!
Name auto2: #REF!
Name auto2: #REF!
Name auto2: #REF!
Name auto2: #REF!
Name auto2: #REF!
Name auto2: #REF!
Name auto2: #REF!
Name EXCROC: '[2]Análisis de precios'!$H$52
Name g: [3]Cotización!#REF!
Name g: [3]Cotización!#REF!
Name g: [3]Cotización!#REF!
Name g: [3]Cotización!#REF!
Name g: [3]Cotización!#REF!
Name g: [3]Cotización!#REF!
Name g: [3]Cotización!#REF!
Name g: [3]Cotización!#REF!
Name GKJDGDIJZ: "Imagen 3"
Name GRUPO1: #REF!
Name GRUPO1: #REF!
Name GRUPO1: #REF!
Name GRUPO1: #REF!
Name GRUPO1: #REF!
Name GRUPO1: #REF!
Name GRUPO1: #REF!
Name GRUPO1: #REF!
Name GRUPO2: #REF!
Name GRUPO2: #REF!
Name GRUPO2: #REF!
Name GRUPO2: #REF!
Name GRUPO2: #REF!
Name GRUPO2: #REF!
Name GRUPO2: #REF!
Name GRUPO2: #REF!
Name INDICE: [4]INDICE!$1:$1048576

Sheet PRESUPUESTO
A1: INSTITUTO NACIONAL DE VIAS
A2: DIRECCIÓN TERRITORIAL HUILA
A4: PRESUPUESTO OFICIAL
A6: PROCESO DT-HUI-XXXX-2018 | K6: =+L12/6*6 -> 25
A8: ATENCIÓN OBRAS DE EMERGENCIA POR EL SISTEMA DE MONTO AGOTABLE, EN LAS VÍAS A CARGO DE LA DIRECCIÓN TERRITORIAL HUILA, DEPARTAMENTO DE HUILA - SELECCIÓN ABREVIADA
A10: FORMULARIO No. 1
A12: No | B12: ITEM DE PAGO | C12: ESPECIFICACION | E12: DESCRIPCION | F12: UNIDAD | G12: CANTIDAD | H12: PRECIO UNITARIO | I12: VALOR TOTAL EN PESOS COLOMBIANOS | L12: 25 | R12: 15
C13: GENERAL | D13: PARTICULAR | L13: CANT PARA PR60+550 | R13: CANT PARA PR60+0800
A15: 1 | B15: 201.7 | C15: =MID(B15,1,3) -> 201 | E15: =VLOOKUP(B15,INDICE,2,0) -> DEMOLICIÓN DE ESTRUCTURAS | F15: =VLOOKUP(B15,INDICE,3,0) -> m3 | G15: =+ROUND(O15+U15,0) -> 34 | H15: =+ROUND(J15,0) -> 134790 | I15: =+H15*G15 -> 4582860 | J15: =VLOOKUP(B15,INDICE,4,0) -> 134790.41 | L15: =+L12 -> 25 | M15: 2 | N15: 0.4 | O15: =+N15*M15*L15 -> 20 | R15: 100 | S15: 1.2 | T15: 0.12 | U15: =+T15*S15*R15 -> 14.4
A16: 2 | B16: 211.1 | C16: =MID(B16,1,3) -> 211 | E16: =VLOOKUP(B16,INDICE,2,0) -> REMOCIÓN DE DERRUMBES | F16: =VLOOKUP(B16,INDICE,3,0) -> m3 | G16: =+ROUND(O16+U16,0) -> 7360 | H16: =+ROUND(J16,0) -> 8317 | I16: =+H16*G16 -> 61213120 | J16: =VLOOKUP(B16,INDICE,4,0) -> 8317.0279 | L16: 3500 | M16: 2 | N16: 1 | O16: =+N16*M16*L16 -> 7000 | R16: 120 | S16: 3 | T16: 1 | U16: =+T16*S16*R16 -> 360
A17: 3 | B17: 210.1.1 | C17: =MID(B17,1,3) -> 210 | E17: =VLOOKUP(B17,INDICE,2,0) -> EXCAVACIÓN SIN CLASIFICAR DE LA EXPLANACIÓN Y CANALES | F17: =VLOOKUP(B17,INDICE,3,0) -> m3 | G17: =+ROUND(O17+U17,0) -> 330 | H17: =+ROUND(J17,0) -> 9217 | I17: =+H17*G17 -> 3041610 | J17: =VLOOKUP(B17,INDICE,4,0) -> 9216.9343 | L17: =+L15 -> 25 | M17: 3 | N17: 2 | O17: =+N17*M17*L17 -> 150 | R17: =+R12 -> 15 | S17: 3 | T17: 4 | U17: =+T17*S17*R17 -> 180
A18: 4 | B18: 600.2.1 | C18: =MID(B18,1,3) -> 600 | E18: =VLOOKUP(B18,INDICE,2,0) -> EXCAVACIONES VARIAS EN ROCA EN SECO. | F18: =VLOOKUP(B18,INDICE,3,0) -> m3 | G18: =+ROUND(O18+U18,0) -> 30 | H18: =+ROUND(J18,0) -> 76227 | I18: =+H18*G18 -> 2286810 | J18: =VLOOKUP(B18,INDICE,4,0) -> 76227.05 | R18: =+R12 -> 15 | S18: 4 | T18: 2 | U18: =+U19/2 -> 30
A19: 5 | B19: 600.1.1 | C19: =MID(B19,1,3) -> 600 | E19: =VLOOKUP(B19,INDICE,2,0) -> EXCAVACIONES VARIAS SIN CLASIFICAR | F19: =VLOOKUP(B19,INDICE,3,0) -> m3 | G19: =+ROUND(O19+U19,0) -> 83 | H19: =+ROUND(J19,0) -> 15473 | I19: =+H19*G19 -> 1284259 | J19: =VLOOKUP(B19,INDICE,4,0) -> 15472.711 | L19: =+L17 -> 25 | M19: 1.5 | N19: 0.4 | O19: =+PRESUPUESTO!AS16+L19*M19*N19+O22 -> 23 | R19: 20 | S19: 2 | T19: 1.5 | U19: =+T19*S19*R19 -> 60 | V19: =3.4*R19 -> 68
A20: 6 | B20: 610.2 | C20: =MID(B20,1,3) -> 610 | E20: =VLOOKUP(B20,INDICE,2,0) -> RELLENOS PARA ESTRUCTURAS CON RECEBO. | F20: =VLOOKUP(B20,INDICE,3,0) -> m3 | G20: =+ROUND(O20+U20,0) -> 150 | H20: =+ROUND(J20,0) -> 50273 | I20: =+H20*G20 -> 7540950 | J20: =VLOOKUP(B20,INDICE,4,0) -> 50272.586 | L20: =+L12 -> 25 | M20: 1.2 | N20: 3 | O20: =+PRESUPUESTO!AS23+L20*M20*N20 -> 90 | R20: =+R12 -> 15 | S20: 2 | T20: 2 | U20: =+T20*S20*R20 -> 60
A21: 7 | B21: 610.5 | C21: =MID(B21,1,3) -> 610 | E21: =VLOOKUP(B21,INDICE,2,0) -> RELLENOS CON MATERIAL FILTRANTE | F21: =VLOOKUP(B21,INDICE,3,0) -> m3 | G21: =+ROUND(O21+U21,0) -> 58 | H21: =+ROUND(J21,0) -> 86204 | I21: =+H21*G21 -> 4999832 | J21: =VLOOKUP(B21,INDICE,4,0) -> 86203.806 | L21: =+L22*2 -> 20 | M21: 0.8 | N21: 0.6 | O21: =+N21*M21*L21 -> 9.6 | R21: =+R22+100 -> 100 | S21: 0.8 | T21: 0.6 | U21: =+T21*S21*R21 -> 48
A22: 8 | B22: 621.1.2 | C22: =MID(B22,1,3) -> 621 | E22: =VLOOKUP(B22,INDICE,2,0) -> PILOTE DE CONCRETO VACIADO IN SITU, DE DIÁMETRO 1,2 M, INCLUYE EXCAVACIÓN EN ROCA, BAJO AGUA | F22: =VLOOKUP(B22,INDICE,3,0) -> m | G22: =+ROUND(O22+U22,0) -> 8 | H22: =+ROUND(J22,0) -> 3227349 | I22: =+H22*G22 -> 25818792 | J22: =VLOOKUP(B22,INDICE,4,0) -> 3227349.2 | L22: 10 | O22: =+(L22/6+1)*Q22 -> 8 | P22: h= | Q22: 3 | U22: =+T22*S22*R22 -> 0
A23: 9 | B23: 621.5.1 | C23: =MID(B23,1,3) -> 621 | E23: =VLOOKUP(B23,INDICE,2,0) -> CAMISA PERMANENTE DE DIÁMETRO EXTERIOR 1,50 M, EN CONCRETO | F23: =VLOOKUP(B23,INDICE,3,0) -> m | G23: =+ROUND(O23+U23,0) -> 8 | H23: =+ROUND(J23,0) -> 559411 | I23: =+H23*G23 -> 4475288 | J23: =VLOOKUP(B23,INDICE,4,0) -> 559410.6 | O23: =+O22 -> 8 | U23: =+T23*S23*R23 -> 0
A24: 10 | B24: 674.2 | C24: =MID(B24,1,3) -> 674 | E24: =VLOOKUP(B24,INDICE,2,0) -> DREN HORIZONTAL DE LONGITUD MAYOR A DIEZ (10) METROS. | F24: =VLOOKUP(B24,INDICE,3,0) -> m | G24: =+ROUND(O24+U24,0) -> 20 | H24: =+ROUND(J24,0) -> 187455 | I24: =+H24*G24 -> 3749100 | J24: =VLOOKUP(B24,INDICE,4,0) -> 187455.39 | L24: =+L22/6*12 -> 20 | O24: =+L24 -> 20 | U24: =+T24*S24*R24 -> 0
A25: 11 | B25: 630.3 | C25: =MID(B25,1,3) -> 630 | E25: =VLOOKUP(B25,INDICE,2,0) -> CONCRETO RESISTENCIA 28MPA (C ) | F25: =VLOOKUP(B25,INDICE,3,0) -> m3 | G25: =+ROUND(O25+U25,0) -> 1 | H25: =+ROUND(J25,0) -> 678646 | I25: =+H25*G25 -> 678646 | J25: =VLOOKUP(B25,INDICE,4,0) -> 678646.35 | L25: 1 | O25: 1 | U25: =+T25*S25*R25 -> 0
A26: 12 | B26: 630.4 | C26: =MID(B26,1,3) -> 630 | E26: =VLOOKUP(B26,INDICE,2,0) -> CONCRETO RESISTENCIA 21MPA (D) | F26: =VLOOKUP(B26,INDICE,3,0) -> m3 | G26: =+ROUND(O26+U26,0) -> 26 | H26: =+ROUND(J26,0) -> 605146 | I26: =+H26*G26 -> 15733796 | J26: =VLOOKUP(B26,INDICE,4,0) -> 605146.46 | O26: =+PRESUPUESTO!AS33 -> 0 | R26: 15 | S26: 7 | T26: 0.25 | U26: =+T26*S26*R26 -> 26.25
A27: 13 | B27: 630.5 | C27: =MID(B27,1,3) -> 630 | E27: =VLOOKUP(B27,INDICE,2,0) -> CONCRETO RESISTENCIA 17.5MPA (E ) | F27: =VLOOKUP(B27,INDICE,3,0) -> m3 | G27: =+ROUND(O27+U27,0) -> 3 | H27: =+ROUND(J27,0) -> 405378 | I27: =+H27*G27 -> 1216134 | J27: =VLOOKUP(B27,INDICE,4,0) -> 405378.03 | O27: =+PRESUPUESTO!AS29 -> 0 | R27: =+R26 -> 15 | S27: 2 | T27: 0.1 | U27: =+T27*S27*R27 -> 3
A28: 14 | B28: 630.7 | C28: =MID(B28,1,3) -> 630 | E28: =VLOOKUP(B28,INDICE,2,0) -> CONCRETO RESISTENCIA 14MPA (G) (CICLOPEO) | F28: =VLOOKUP(B28,INDICE,3,0) -> m3 | G28: =+ROUND(O28+U28,0) -> 9 | H28: =+ROUND(J28,0) -> 255528 | I28: =+H28*G28 -> 2299752 | J28: =VLOOKUP(B28,INDICE,4,0) -> 255527.91 | R28: =+R27 -> 15 | S28: 2 | T28: 0.3 | U28: =+T28*S28*R28 -> 9
A29: 15 | B29: 640.1 | C29: =MID(B29,1,3) -> 640 | E29: =VLOOKUP(B29,INDICE,2,0) -> ACERO DE REFUERZO FY 4200 MPA. | F29: =VLOOKUP(B29,INDICE,3,0) -> kg | G29: =+ROUND(O29+U29,0) -> 1838 | H29: =+ROUND(J29,0) -> 4987 | I29: =+H29*G29 -> 9166106 | J29: =VLOOKUP(B29,INDICE,4,0) -> 4987.0857 | O29: =+PRESUPUESTO!AS37 -> 0 | U29: =+U26*70 -> 1837.5
A30: 16 | B30: 670.5 | C30: =MID(B30,1,3) -> 670 | E30: =VLOOKUP(B30,INDICE,2,0) -> DISIPADORES DE ENERGÍA Y SEDIMENTADORES EN CONCRETO CICLOPEO | F30: =VLOOKUP(B30,INDICE,3,0) -> m3 | G30: =+ROUND(O30+U30,0) -> 23 | H30: =+ROUND(J30,0) -> 282146 | I30: =+H30*G30 -> 6489358 | J30: =VLOOKUP(B30,INDICE,4,0) -> 282146.48 | L30: 30 | M30: 1.5 | N30: 0.3 | O30: =+N30*M30*L30 -> 13.5 | R30: =+R19 -> 20 | S30: 1.5 | T30: 0.3 | U30: =+T30*S30*R30 -> 9
A31: 17 | B31: 671.3 | C31: =MID(B31,1,3) -> 671 | E31: =VLOOKUP(B31,INDICE,2,0) -> CUNETA DE CONCRETO VACIADA IN SITU; INCLUYE LA CONFORMACION DE LA SUPERFICIE DE APOYO | F31: =VLOOKUP(B31,INDICE,3,0) -> m3 | G31: =+ROUND(O31+U31,0) -> 3 | H31: =+ROUND(J31,0) -> 568344 | I31: =+H31*G31 -> 1705032 | J31: =VLOOKUP(B31,INDICE,4,0) -> 568343.63 | L31: =+L22 -> 10 | M31: 1 | N31: 0.1 | O31: =+N31*M31*L31 -> 1 | R31: =+R30 -> 20 | S31: 1 | T31: 0.1 | U31: =+T31*S31*R31 -> 2
A32: 18 | B32: 673.1.1 | C32: =MID(B32,1,3) -> 673 | E32: =VLOOKUP(B32,INDICE,2,0) -> GEOTEXTIL TIPO NT-2500 O SIMILAR NO TEJIDO | F32: =VLOOKUP(B32,INDICE,3,0) -> m2 | G32: =+ROUND(O32+U32,0) -> 1036 | H32: =+ROUND(J32,0) -> 7336 | I32: =+H32*G32 -> 7600096 | J32: =VLOOKUP(B32,INDICE,4,0) -> 7335.7177 | L32: =+L21 -> 20 | M32: =0.8*2+0.6*2 -> 2.8 | O32: =+M32*L32 -> 56 | R32: =+R21 -> 100 | S32: =(0.8*2+0.6*2)+7 -> 9.8 | U32: =+S32*R32 -> 980
A33: 19 | B33: 2.P | C33: =MID(B33,1,3) -> 2.P | D33: =+B33 -> 2.P | E33: =VLOOKUP(B33,INDICE,2,0) -> ESTRUCTURAS DE DRENAJE EN SACOS DE SUELO CEMENTO PROPORCIÓN 5:1 | F33: =VLOOKUP(B33,INDICE,3,0) -> m2 | G33: =+ROUND(O33+U33,0) -> 480 | H33: =+ROUND(J33,0) -> 35628 | I33: =+H33*G33 -> 17101440 | J33: =VLOOKUP(B33,INDICE,4,0) -> 35628 | O33: =+L33*M33 -> 0 | R33: =+R32*4 -> 400 | S33: 1.2 | U33: =+R33*S33 -> 480
A34: 20 | B34: 3.P | C34: =MID(B34,1,3) -> 3.P | D34: =+B34 -> 3.P | E34: =VLOOKUP(B34,INDICE,2,0) -> TRINCHOS EN GUADUA CON POSTES DE MADERA | F34: =VLOOKUP(B34,INDICE,3,0) -> m2 | G34: =+ROUND(O34+U34,0) -> 240 | H34: =+ROUND(J34,0) -> 33839 | I34: =+H34*G34 -> 8121360 | J34: =VLOOKUP(B34,INDICE,4,0) -> 33839 | R34: =+R33 -> 400 | S34: 0.6 | U34: =+R34*S34 -> 240
A35: 21 | B35: 681.1P | C35: =MID(B35,1,3) -> 681 | D35: =+B35 -> 681.1P | E35: =VLOOKUP(B35,INDICE,2,0) -> GAVIÓN RELLENO DE SUELO CON GEOTEXTIL, DE MALLA DE ALAMBRE DE ACERO ENTRELAZADO CLASE 1; RECUBRIMIENTO DE ZINC (GALVANIZADO) | F35: =VLOOKUP(B35,INDICE,3,0) -> m3 | G35: 22 | H35: =+ROUND(J35,0) -> 100730 | I35: =+H35*G35 -> 2216060 | J35: =VLOOKUP(B35,INDICE,4,0) -> 100730
A36: 22 | B36: 630.4P | C36: =MID(B36,1,3) -> 630 | D36: =+B36 -> 630.4P | E36: =VLOOKUP(B36,INDICE,2,0) -> SUMINISTRO E INSTALACION DE HEXÁPODO EN CONCRETO CLASE C (INCLUYE ACERO DE REFUERZO GRADO 60 Y ACERO PARA AMARRE ENTRE HEXÁPODOS) | F36: =VLOOKUP(B36,INDICE,3,0) -> UND | G36: 6 | H36: =+ROUND(J36,0) -> 870610 | I36: =+H36*G36 -> 5223660 | J36: =VLOOKUP(B36,INDICE,4,0) -> 870610
A37: 23 | B37: 630.3.2P | C37: =MID(B37,1,3) -> 630 | D37: =+B37 -> 630.3.2P | E37: =VLOOKUP(B37,INDICE,2,0) -> BOLSACRETO RESISTENCIA 17,5MPa (CLASE E ) | F37: =VLOOKUP(B37,INDICE,3,0) -> m3 | G37: 4 | H37: =+ROUND(J37,0) -> 589721 | I37: =+H37*G37 -> 2358884 | J37: =VLOOKUP(B37,INDICE,4,0) -> 589721
A38: 24 | B38: 681.1 | C38: =MID(B38,1,3) -> 681 | E38: =VLOOKUP(B38,INDICE,2,0) -> GAVIÓNES DE MALLA DE ALAMBRE DE ACERO ENTRELAZADO CLASE 1; RECUBRIMIENTO DE ZINC (GALVANIZADO) | F38: =VLOOKUP(B38,INDICE,3,0) -> m3 | G38: =+ROUND(O38+U38,0) -> 144 | H38: =+ROUND(J38,0) -> 148119 | I38: =+H38*G38 -> 21329136 | J38: =VLOOKUP(B38,INDICE,4,0) -> 148119.21 | L38: 12 | M38: 1 | N38: 2 | O38: =+N38*M38*L38 -> 24 | R38: =+R12 -> 15 | S38: 4 | T38: 2 | U38: =+T38*S38*R38 -> 120
A39: 25 | B39: 810.3 | C39: =MID(B39,1,3) -> 810 | E39: =VLOOKUP(B39,INDICE,2,0) -> PROTECCIÓN DE TALUDES CON HIDROSIEMBRA CONTROLADA. | F39: =VLOOKUP(B39,INDICE,3,0) -> m2 | G39: =+ROUND(O39+U39,0) -> 3200 | H39: =+ROUND(J39,0) -> 4545 | I39: =+H39*G39 -> 14544000 | J39: =VLOOKUP(B39,INDICE,4,0) -> 4544.5165 | R39: =+R34 -> 400 | S39: 8 | U39: =+R39*S39 -> 3200
A40: 26 | B40: 900.4P | C40: =MID(B40,1,3) -> 900 | D40: 900.4P | E40: =VLOOKUP(B40,INDICE,2,0) -> TRANSPORTE DE MATERIALES AFIRMADOS, AGREGADOS, RELLENOS, SUB-BASE, BASE Y MEZCLAS ASFALTICAS (a partir de los km asumidos en cada APU) | F40: =VLOOKUP(B40,INDICE,3,0) -> m3-km | G40: =+ROUND(O40+U40,0) -> 9776 | H40: =+ROUND(J40,0) -> 1231 | I40: =+H40*G40 -> 12034256 | J40: =VLOOKUP(B40,INDICE,4,0) -> 1231.0606 | O40: =+(O25+O26+O27+O28+O21+O22+O20+O31+O38)*29 -> 3874.4 | U40: =+(U25+U26+U27+U28+U21+U22+U20+U31+U38)*22 -> 5901.5
A41: 27 | B41: 900.2 | C41: =MID(B41,1,3) -> 900 | E41: =VLOOKUP(B41,INDICE,2,0) -> TRANSPORTE DE MATERIALES PROVENIENTES DE LA EXCAVACIÓN DE LA EXPLANACIÓN, CANALES Y PRÉSTAMOS PARA DISTANCIAS MAYORES DE MIL METROS (1.000 M) MEDIDO A PARTIR DE CIEN METROS (100 M). | F41: =VLOOKUP(B41,INDICE,3,0) -> m3-km | G41: =+ROUND(O41+U41+V41,2) -> 2240 | H41: =+ROUND(J41,0) -> 1231 | I41: =+H41*G41 -> 2757440 | J41: =VLOOKUP(B41,INDICE,4,0) -> 1231.0606 | O41: =+(O17+O18+O19)*5 -> 865 | U41: =+(U17+U18+U19)*5 -> 1350 | V41: 25
A42: 28 | B42: 900.3 | C42: =MID(B42,1,3) -> 900 | E42: =VLOOKUP(B42,INDICE,2,0) -> TRANSPORTE DE MATERIALES PROVENIENTES DE DERRUMBES, MEDIDO A PARTIR DE CIEN METROS (100 M) | F42: =VLOOKUP(B42,INDICE,3,0) -> m3-km | G42: =+ROUND(O42+U42,0) -> 36800 | H42: =+ROUND(J42,0) -> 1231 | I42: =+H42*G42 -> 45300800 | J42: =VLOOKUP(B42,INDICE,4,0) -> 1231.0606 | O42: =+O16*5 -> 35000 | U42: =+U16*5 -> 1800
B45: SUBTOTAL OBRAS | I45: =SUM(I15:I43) -> 294868577
B46: PROVISIÓN PARA OBRAS COMPLEMENTARIAS Y/O ADICIONALES (INCLUYE OBRAS AMBIENTALES DEL PAGA) | H46: NO MODIFICAR | I46: =ROUND(+I45*J46,0)+L46 -> 2955020 | J46: 0.01 | L46: 6334
B47: VALOR TOTAL BÁSICO DE OBRA (A) | I47: =SUM(I45:I46) -> 297823597
B48: VALOR IVA (OBRA) (19% SOBRE UTILIDAD OBRA) (B) | I48: =ROUND((+I47/(1+I56)*I55*0.19),0) -> 2176403
B50: VALOR TOTAL DEL CONTRATO (A+B+C) | I50: =I47+I48 -> 300000000 | J50: 400000000
A51: VALOR EN LETRAS: | J51: =+J50-I50 -> 100000000
A52: NOTA 1: Teniendo en cuenta el Manual de Señalización Vial - Dispositivos para la Regulación del Tránsito en Calles, Carreteras y Ciclorrutas de Colombia, adoptado mediante Resolución No. 001050 del 5 de mayo de 2004 del Ministerio de Transporte, se aclara que el aparte de SEÑALIZACIÓN se debe ajustar a todo su contenido, esta señalización debe colocarse desde la órden de iniciación del contrato. | G52: DESCRIPCION | I52: PORCENTAJE
A53: NOTA 2: El control de tráfico temporal y la señalización provisional necesarios para la ejecución de las obras será por cuenta y riesgo del contratista. | G53: ADMINISTRACION | H53: A= | I53: 0.2
A54: NOTA 3: Se debe tener en cuenta que el PRECIO UNITARIO incluye el valor de A.I.U. | G54: IMPREVISTO | H54: I= | I54: 0.05
A55: NOTA 4: Si el valor del A.I.U. presentado es menor al OCHENTA Y CINCO por ciento (85%) o mayor al Ciento diez por ciento (110%) del Valor Oficial del Porcentaje de A.I.U., establecido en el formulario No 1 "presupuesto oficial", la propuesta será rechazada | G55: UTILIDAD | H55: U= | I55: 0.05
A56: NOTA 5: Las OBRAS COMPLEMENTARIAS Y/O ADICIONALES incluyen las obras ambientales del PAGA, las cuales se pagarán por precios unitarios, previamente revisados y aprobados por la Interventoría, y revisados por la Subdirección de Medio Ambiente y Gestión Social y la Unidad Ejecutora respectiva. | G56: TOTAL A.I.U | H56: A.I.U.= | I56: =SUM(I53:I55) -> 0.3
A57: NOTA 6. Cuando la fracción decimal del peso sea igual o superior a 5 se aproximara por exceso al número entero siguiente del peso y cuando la fracción decimal del peso sea inferior a 5 se aproximará por defecto al número entero del peso.
A58: NOTA 7. El A.I.U y su discriminación deben estar en porcentaje (%).
A60: NOMBRE DEL PROPONENTE: ______________________________________
A62: REPRESENTANTE LEGAL (nombre y firma):_________________________

Sheet INDICE
A1: INSTITUTO NACIONAL DE VÍAS DIRECCIÓN TÉCNICA
A2: ITEM | B2: DESCRIPCION ACTIVIDAD | C2: UNIDAD | D2: COSTO TOTAL (Moneda $ Pesos)
A3: 201.7 | B3: DEMOLICIÓN DE ESTRUCTURAS | C3: m3 | D3: =VLOOKUP('201.7'!A88,'201.7'!A44:N115,14,FALSE) -> 134790.41
A4: 210.1.1 | B4: EXCAVACIÓN SIN CLASIFICAR DE LA EXPLANACIÓN Y CANALES | C4: m3 | D4: =VLOOKUP('210.1.1'!A88,'210.1.1'!A71:N142,14,FALSE) -> 9216.9343
A5: 211.1 | B5: REMOCIÓN DE DERRUMBES | C5: m3 | D5: =VLOOKUP('211.1'!A88,'211.1'!A88:N148,14,FALSE) -> 8317.0279
A6: 600.1.1 | B6: EXCAVACIONES VARIAS SIN CLASIFICAR | C6: m3 | D6: =VLOOKUP('600.1.1'!A85,'600.1.1'!A85:N311,14,FALSE) -> 15472.711
A7: 600.2.1 | B7: EXCAVACIONES VARIAS EN ROCA EN SECO. | C7: m3 | D7: =VLOOKUP('600.2.1'!A88,'600.2.1'!A88:N310,14,FALSE) -> 76227.05
A8: 600.2.2 | B8: EXCAVACIONES VARIAS EN ROCA BAJO AGUA. | C8: m3 | D8: =VLOOKUP('600.2.2'!A90,'600.2.2'!A90:N312,14,FALSE) -> 110435.59
A9: 610.2 | B9: RELLENOS PARA ESTRUCTURAS CON RECEBO. | C9: m3 | D9: =VLOOKUP('610.2'!A89,'610.2'!A89:N315,14,FALSE) -> 50272.586
A10: 610.5 | B10: RELLENOS CON MATERIAL FILTRANTE | C10: m3 | D10: =VLOOKUP('610.5'!A89,'610.5'!A89:N318,14,FALSE) -> 86203.806
A11: 621.1.2 | B11: PILOTE DE CONCRETO VACIADO IN SITU, DE DIÁMETRO 1,2 M, INCLUYE EXCAVACIÓN EN ROCA, BAJO AGUA | C11: m | D11: =VLOOKUP('621.1.2'!A99,'621.1.2'!A99:N326,14,FALSE) -> 3227349.2
A12: 621.5.1 | B12: CAMISA PERMANENTE DE DIÁMETRO EXTERIOR 1,50 M, EN CONCRETO | C12: m | D12: =VLOOKUP('621.5.1'!A89,'621.5.1'!A89:N330,14,FALSE) -> 559410.6
A13: 630.3 | B13: CONCRETO RESISTENCIA 28MPA (C ) | C13: m3 | D13: =VLOOKUP('630.3'!A89,'630.3'!A89:N343,14,FALSE) -> 678646.35
A14: 630.4 | B14: CONCRETO RESISTENCIA 21MPA (D) | C14: m3 | D14: =VLOOKUP('630.4'!A89,'630.4'!A89:N344,14,FALSE) -> 605146.46
A15: 630.5 | B15: CONCRETO RESISTENCIA 17.5MPA (E ) | C15: m3 | D15: =VLOOKUP('630.5'!A93,'630.5'!A93:N345,14,FALSE) -> 405378.03
A16: 630.7 | B16: CONCRETO RESISTENCIA 14MPA (G) (CICLOPEO) | C16: m3 | D16: =VLOOKUP('630.7'!A93,'630.7'!A90:N347,14,FALSE) -> 255527.91
A17: 640.1 | B17: ACERO DE REFUERZO FY 4200 MPA. | C17: kg | D17: =VLOOKUP('640.1'!A90,'640.1'!A90:N351,14,FALSE) -> 4987.0857
A18: 663.1 | B18: TUBERÍA DE PLASTICO TIPO__NORMA___DE DIAMETRO__MM | C18: m | D18: =VLOOKUP('663.1'!A87,'663.1'!A87:N367,14,FALSE) -> 15628.748
A19: 670.1 | B19: DISIPADORES DE ENERGÍA Y SEDIMENTADORES EN GAVIONES DE ALAMBRE DE ACERO ENTRELAZADO CLASE 1: RECUBRIMIENTO DE ZINC (GALVANIZADO) | C19: m3 | D19: =VLOOKUP('670.1'!A87,'670.1'!A87:N368,14,FALSE) -> 212624.19
A20: 670.2 | B20: DISIPADORES DE ENERGÍA Y SEDIMENTADORES EN GAVIONES DE ALAMBRE DE ACERO ENTRELAZADO CLASE 2: RECUBRIMIENTO DE ALEACION ZN-5A1-MM | C20: m3 | D20: =VLOOKUP('670.2'!A87,'670.2'!A87:N369,14,FALSE) -> 245222.45
A21: 670.3 | B21: DISIPADORES DE ENERGÍA Y SEDIMENTADORES EN GAVIONES DE ALAMBRE DE ACERO ENTRELAZADO CLASE 3: RECUBRIMIENTO DE ZINC (GALVANIZADO) Y PVC | C21: m3 | D21: =VLOOKUP('670.3'!A87,'670.3'!A87:N370,14,FALSE) -> 228405.67
A22: 670.5 | B22: DISIPADORES DE ENERGÍA Y SEDIMENTADORES EN CONCRETO CICLOPEO | C22: m3 | D22: =VLOOKUP('670.5'!A89,'670.5'!A89:N372,14,FALSE) -> 282146.48
A23: 671.3 | B23: CUNETA DE CONCRETO VACIADA IN SITU; INCLUYE LA CONFORMACION DE LA SUPERFICIE DE APOYO | C23: m3 | D23: =VLOOKUP('671.3'!A87,'671.3'!A87:N375,14,FALSE) -> 568343.63
A24: 673.1.1 | B24: GEOTEXTIL TIPO NT-2500 O SIMILAR NO TEJIDO | C24: m2 | D24: =VLOOKUP('673.1.1'!A87,'673.1.1'!A87:N381,14,FALSE) -> 7335.7177
A25: 673.2 | B25: MATERIAL GRANULAR DRENANTE | C25: m3 | D25: =VLOOKUP('673.2'!A87,'673.2'!A87:N383,14,FALSE) -> 73470.446
A26: 674.1 | B26: DREN HORIZONTAL DE LONGITUD MENOR O IGUAL A DIEZ (10) METROS. | C26: m | D26: =VLOOKUP('674.1'!A89,'674.1'!A89:N385,14,FALSE) -> 98904.333
A27: 674.2 | B27: DREN HORIZONTAL DE LONGITUD MAYOR A DIEZ (10) METROS. | C27: m | D27: =VLOOKUP('674.2'!A89,'674.2'!A89:N386,14,FALSE) -> 187455.39
A28: 681.1 | B28: GAVIÓNES DE MALLA DE ALAMBRE DE ACERO ENTRELAZADO CLASE 1; RECUBRIMIENTO DE ZINC (GALVANIZADO) | C28: m3 | D28: =VLOOKUP('681.1'!A89,'681.1'!A89:N390,14,FALSE) -> 148119.21
A29: 810.3 | B29: PROTECCIÓN DE TALUDES CON HIDROSIEMBRA CONTROLADA. | C29: m2 | D29: =VLOOKUP('810.3'!A89,'810.3'!A89:N435,14,FALSE) -> 4544.5165
A30: 811.1 | B30: PROTECCION DE TALUDES CON PRODUCTO ENROLLADO PARA CONTROL DE EROSION. DE TIPO MANTO TEMPORAL. SE DEBERA ELABORAR UN ITEM DE PAGO PARA CADA PRODUCTO ENROLLADO QUE SE ESPECIFIQUE EN EL PROYECTO. | C30: m2 | D30: =VLOOKUP('811.1'!A89,'811.1'!A89:N436,14,FALSE) -> 26804.727
A31: 811.2 | B31: PROTECCION DE TALUDES CON PRODUCTO ENROLLADO PARA CONTROL DE EROSION. DE TIPO MANTO PERMANENTE. SE DEBERA ELABORAR UN ITEM DE PAGO PARA CADA PRODUCTO ENROLLADO QUE SE ESPECIFIQUE EN EL PROYECTO. | C31: m2 | D31: =VLOOKUP('811.2'!A89,'811.2'!A89:N437,14,FALSE) -> 29280.055
A32: 812.1 | B32: RECUBRIMIENTO DE TALUDES CON MALLA Y MORTERO 1:4 DE E= 10 CM | C32: m2 | D32: =VLOOKUP('812.1'!A89,'812.1'!A89:N438,14,FALSE) -> 44861.847
A33: 900.1 | B33: TRANSPORTE DE MATERIALES PROVENIENTES DE LA EXCAVACION DE LA EXPLANACION, CANALES Y PRESTAMOS, ENTRE CIEN METROS (100 M) Y MIL METROS (1000 M) DE DISTANCIA | C33: m3-e | D33: =VLOOKUP('900.1'!A88,'900.1'!A88:N441,14,FALSE) -> 1003.0864
A34: 900.2 | B34: TRANSPORTE DE MATERIALES PROVENIENTES DE LA EXCAVACIÓN DE LA EXPLANACIÓN, CANALES Y PRÉSTAMOS PARA DISTANCIAS MAYORES DE MIL METROS (1.000 M) MEDIDO A PARTIR DE CIEN METROS (100 M). | C34: m3-km | D34: =VLOOKUP('900.2'!A88,'900.2'!A88:N442,14,FALSE) -> 1231.0606
A35: 900.3 | B35: TRANSPORTE DE MATERIALES PROVENIENTES DE DERRUMBES, MEDIDO A PARTIR DE CIEN METROS (100 M) | C35: m3-km | D35: =VLOOKUP('900.3'!A88,'900.3'!A88:N443,14,FALSE) -> 1231.0606
A36: 2.P | B36: ESTRUCTURAS DE DRENAJE EN SACOS DE SUELO CEMENTO PROPORCIÓN 5:1 | C36: m2 | D36: =+'2.P CUNETAS suelo C'!N79 -> 35628 | E36: P
A37: 630.4P | B37: SUMINISTRO E INSTALACION DE HEXÁPODO EN CONCRETO CLASE C (INCLUYE ACERO DE REFUERZO GRADO 60 Y ACERO PARA AMARRE ENTRE HEXÁPODOS) | C37: UND | D37: =+'630.4P HEXAPODO'!N95 -> 870610 | E37: P
A38: 3.P | B38: TRINCHOS EN GUADUA CON POSTES DE MADERA | C38: m2 | D38: =+'3P TRINCHO'!N79 -> 33839 | E38: P
A39: 900.4P | B39: TRANSPORTE DE MATERIALES AFIRMADOS, AGREGADOS, RELLENOS, SUB-BASE, BASE Y MEZCLAS ASFALTICAS (a partir de los km asumidos en cada APU) | C39: m3-km | D39: =+'900.4P'!N88 -> 1231.0606 | E39: P
A40: 630.3.2P | B40: BOLSACRETO RESISTENCIA 17,5MPa (CLASE E ) | C40: m3 | D40: =+'630.3.2P bolsac'!N95 -> 589721 | E40: P
A41: 681.1P | B41: GAVIÓN RELLENO DE SUELO CON GEOTEXTIL, DE MALLA DE ALAMBRE DE ACERO ENTRELAZADO CLASE 1; RECUBRIMIENTO DE ZINC (GALVANIZADO) | C41: m3 | D41: =+'681.1P GAVION SUELO'!N89 -> 100730 | E41: P
A42: 450.10P | B42: MEZCLA EN CALIENTE PARA BACHEO MSC-25 (INCLUYE CEMENTO ASFÁLTICO) | C42: m3 | D42: =+'450.10P'!N92 -> 557906.83 | E42: P
A43: 681.3P | B43: Gavión relleno de suelo con geotextil, de Malla de Alambre de Acero Entrelazado Clase 3; recubrimiento de Zinc (galvanizado) y PVC | C43: m3 | D43: =+'681.3P GAV-SUELO 2'!N89 -> 116511 | E43: P

Sheet MANO DE OBRA
A1: INSTITUTO NACIONAL DE VÍAS DIRECCIÓN TÉCNICA
A3: MANO DE OBRA INCLUIDO FACTOR PRESTACIONAL
D7: Moneda (Pesos $)
A8: A0100130 | B8: día | C8: Armador | D8: 50041.803
A9: A0100150 | B9: día | C9: Ayudante | D9: 45492.548
A10: A0010010 | B10: día | C10: Cadenero | D10: 59140.313
A11: A0100181 | B11: día | C11: Calculista | D11: 343360
A12: A0100140 | B12: día | C12: Cortador | D12: 68238.822
A13: A0100010 | B13: día | C13: Cuadrilla de desmontaje (10 personas) | D13: 500418.03
A14: A0100180 | B14: día | C14: Cuadrilla de fabricación | D14: 272955.29
A15: A0041004 | B15: día | C15: Cuadrilla de Un Oficial y (2) Obreros. | D15: 181970.19
A16: A0041006 | B16: día | C16: Cuadrilla de un oficial y (4) Obreros. | D16: 272955.29
A17: A0100170 | B17: día | C17: Dibujante | D17: 90985.097
A18: A0100182 | B18: día | C18: Dibujante 2 | D18: 81886.587
A19: A0100120 | B19: u | C19: Estudios, análisis e informes | D19: 1819701.9
... A67: A0040110 | B67: día | C67: Celador | D67: 45492.548

Sheet EQUIPOS
A1: INSTITUTO NACIONAL DE VÍAS DIRECCIÓN TÉCNICA
A3: EQUIPOS
C6: EQUIPOS VARIOS | D6: Moneda ($ Pesos)
A7: C0010011 | B7: u | C7: Andamiaje para Aplicar la Carga (Equipos Sustituto de la Tara) | D7: 47481.75
A8: C0010010 | B8: h | C8: Aspersor manual | D8: 1852.7263
A9: C0010020 | B9: h | C9: Barredora mecánica de cepillo de 3658 mm ; 6 m3 | D9: 47726.474
A10: C0010030 | B10: h | C10: Bomba de concreto, Producción: 30 m3/h, POTENCIA: 67 HP, MAX PRESION DE CONCRETO: 1150 PSI | D10: 45220
A11: C0010040 | B11: h | C11: Bomba de inyección de lechada | D11: 19035
A12: C0010034 | B12: h | C12: Bomba eléctrica para accionar la celda | D12: 46300
A13: C0010050 | B13: h | C13: Bomba para gato de tensionamiento | D13: 47587.5
A14: C0010053 | B14: h | C14: Buldozer Potencia al volante de 305 HP, motor de 2100 RPM, longitud de hoja 6,39m. | D14: 206212.5
A15: C0010052 | B15: h | C15: Buldozer, Potencia al volante de 140 HP, motor de 2200 RPM, longitud de hoja 4,80m. | D15: 196350
A16: C0010051 | B16: h | C16: Buldozer, Potencia al volante de 80 HP, motor de 2400 RPM, longitud de hoja 3,99m, | D16: 130900
A17: C0010961 | B17: h | C17: Caldera para pintura termoplástica | D17: 60277.5
A18: C0010090 | B18: h | C18: Calentador a gas | D18: 64375
... A154: C0010960 | B154: h | C154: Volqueta 6 m3 | D154: 62500

Sheet MATERIALES
A1: INSTITUTO NACIONAL DE VÍAS DIRECCIÓN TÉCNICA
A2: MATERIALES
C4: MATERIALES
D5: Moneda ($ Pesos)
A6: B0020001 | B6: kg | C6: Acero A-36 para estructura metálica | D6: 3719.49
A7: B0020004 | B7: kg | C7: Acero A-37 | D7: 3124
A8: B0020002 | B8: kg | C8: Acero A-40 | D8: 3147.7124
A9: B0020003 | B9: kg | C9: Acero PDR-60 | D9: 2856
A10: B002001 | B10: kg | C10: Acero suministrado y figurado PDR 60 | D10: 3000
A11: B003003 | B11: kg | C11: Aditivo Acelerante de Fraguado | D11: 12100
A12: B0030001 | B12: kg | C12: Aditivo curador | D12: 6297.9898
A13: B0043070 | B13: u | C13: Adoquín color 10X20X6 | D13: 950
A14: B0043080 | B14: m2 | C14: Adoquín e=8cm | D14: 43710
A15: B0043090 | B15: u | C15: Adoquín grama 10X20X6 | D15: 740.86608
A16: B0043071 | B16: m2 | C16: Adoquín Gris E=10 Cm | D16: 47500
A17: B0063201 | B17: lt | C17: Aglomerante Estabilizador | D17: 10252.549
... A372: B0015361 | B372: kg | C372: Varilla 5/8 | D372: 2500

Sheet TRANSPORTE
A1: INSTITUTO NACIONAL DE VÍAS DIRECCIÓN TÉCNICA
A2: TRANSPORTE
A6: T0010031 | B6: m3k | C6: Transporte de Material de Remoción | D6: =+'900.2'!$N$78 -> 946.9697
A7: T0010234 | B7: m3k | C7: Transporte de Mezcla Abierta en Frio MAF-38 | D7: =+'900.2'!$N$78 -> 946.9697
A8: T0010272 | B8: m3k | C8: Transporte de Mezcla densa en Caliente MDC-25 | D8: =+'900.2'!$N$78 -> 946.9697
A9: T0010002 | B9: tkm | C9: Transporte de agregado | D9: =+'900.2'!$N$78 -> 946.9697
A10: T0010400 | B10: m3k | C10: Transporte de agregado pétreo | D10: =+'900.2'!$N$78 -> 946.9697
A11: T0010170 | B11: m3k | C11: Transporte de agregado tipo LA-1 | D11: =+'900.2'!$N$78 -> 946.9697
A12: T0010180 | B12: m3k | C12: Transporte de agregado tipo LA-2 | D12: =+'900.2'!$N$78 -> 946.9697
A13: T0010190 | B13: m3k | C13: Transporte de agregado tipo LA-3 | D13: =+'900.2'!$N$78 -> 946.9697
A14: T0010200 | B14: m3k | C14: Transporte de agregado tipo LA-4 | D14: =+'900.2'!$N$78 -> 946.9697
A15: T0010110 | B15: m3k | C15: Transporte de agregados pétreos | D15: =+'900.2'!$N$78 -> 946.9697
A16: T0010003 | B16: m3k | C16: Transporte de Arena | D16: =+'900.2'!$N$78 -> 946.9697
A17: T0010004 | B17: m3k | C17: Transporte de arena | D17: =+'900.2'!$N$78 -> 946.9697
... A92: T0010038 | B92: m3k | C92: Trasporte de material Remoción de Postes | D92: =+'900.2'!$N$78 -> 946.9697
A93: T0015012 | B93: km | C93: Equipo de Transporte (Camiones Grúas | D93: 54.73806
A94: T0010440 | B94: u | C94: Pasajes aéreos | D94: 300000
A95: T0010001 | B95: tkm | C95: Transporte de acero | D95: 0.29694158
A96: T0010011 | B96: m3k | C96: Transporte de Adoquín e=8cm | D96: 1172.1089
A97: T0010053 | B97: m3k | C97: Transporte de barrera de seguridad | D97: 1120
A98: T0010008 | B98: u | C98: Transporte de defensa | D98: 22100
A99: T0010021 | B99: m3k | C99: Transporte de Defensa Metálica | D99: 1015
A100: T0010120 | B100: m3t | C100: Transporte de emulsión | D100: 1050
A101: T0010420 | B101: m3k | C101: Transporte de equipos | D101: 3631.2924
A102: T0010421 | B102: g | C102: Transporte de Equipos para Prueba (1) | D102: 129350
A103: T0010162 | B103: kgk | C103: Transporte de estructura metálica (En Obra) | D103: 0.448
A104: T0010160 | B104: kgk | C104: Transporte de estructuras metálicas | D104: 0.29694158
... A117: T0010081 | B117: u | C117: Trasporte de Torre | D117: 503370

Sheet MINFRA-MN-IN-10-FR-1
J1: CÓDIGO | K1: MINFRA-MN-IN-10-FR-1
B2: INSTITUTO NACIONAL DE VIAS
B3: PROCESO GESTIÓN DE LA INFRAESTRUCTURA VIAL | J3: VERSIÓN | K3: 1
B4: MANUAL DE INTERVENTORÍA OBRA PÚBLICA
B5: ANÁLISIS DE PRECIOS UNITARIOS | J5: PÁGINA | L5: DE
J8: FECHA
K9: (Día) | L9: (Mes) | M9: (Año)
A10: ITEMS DE LA PROPUESTA ECONÓMICA | E10: □ | H10: ITEMS NO PREVISTOS | J10: □
A11: UNIDAD EJECUTORA: | I11: DIRECCIÓN TERRITORIAL:
A14: CONTRATO No. | C14: DE
A15: OBJETO DEL CONTRATO:
A18: CARRETERA: | I18: SECTOR:
A20: CONTRATISTA:
A22: INTERVENTOR: | J22: CTO No.: | L22: DE
A24: FECHA CIERRE PROCESO DE SELECCIÓN CONTRATO DE OBRA:
E25: (Día) | H25: (Mes) | I25: (Año)
A27: DATOS ESPECÍFICOS
A29: ITEM | B29: DESCRIPCIÓN | J29: GRUPO DE AJUSTE | K29: UNIDAD | M29: CANTIDAD
A32: I. EQUIPO
A34: DESCRIPCIÓN | H34: TIPO | J34: TARIFA/HORA | K34: RENDIMIENTO | M34: Vr. UNITARIO
A37: SUBTOTAL $ | M37: 0
A39: II. MATERIALES
A41: DESCRIPCIÓN | I41: UNIDAD | J41: CANTIDAD | K41: PRECIO UNIT. | M41: Vr. UNITARIO
A44: SUBTOTAL $ | M44: 0
A46: III. TRANSPORTES
A48: MATERIAL | G48: UNIDAD | H48: CANTIDAD (1) | I48: DISTANCIA (2) | J48: CANTIDAD * DISTANCIA (1) * (2) | K48: TARIFA | M48: Vr. UNITARIO
A51: SUBTOTAL $ | M51: 0
A53: IV. MANO DE OBRA
A55: DESCRIPCIÓN | H55: JORNAL | I55: PRESTACIONES | J55: JORNAL TOTAL | K55: RENDIMIENTO | M55: Vr. UNITARIO
A58: SUBTOTAL $ | M58: 0
A60: TOTAL COSTO DIRECTO $ | M60: 0
A62: V. COSTOS INDIRECTOS
A64: DESCRIPCIÓN | J64: Porcentaje | K64: Valor Total
A65: ADMINISTRACIÓN
A66: IMPREVISTOS
A67: UTILIDAD
A68: SUBTOTAL $ | M68: 0
A70: Precio Unitario Total Aproximado al peso $ | M70: =ROUND(M60+M68,0) -> 0
D75: Firma
D76: Nombre:
D77: Representante Legal del Contratista o su Apoderado
D78: Matricula No. :
A80: OBSERVACIONES INTERVENTORÍA:
A86: APROBACIÓN POR INTERVENTORÍA
A87: Nota 1: Cuando se trate de Análisis de precios unitarios correspondientes a ítems de la propuesta económica aprobada, el Interventor aprueba el desglose de los componentes manteniendo el mismo precio unitario de cada ítem, cumpliendo con las especificaciones de construcción vigentes para el proyecto.
A89: Nota 2: Cuando se trate de Análisis de precios unitarios de ítems no previstos, el Interventor aprueba el desglose y precio unitario de cada ítem no previsto, exigiendo la aplicación de los costos correspondientes a insumos y tarifas de la propuesta económica inicial cuando estén contemplados, cumpliendo con las especificaciones de construcción vigente para el proyecto.
D95: Firma
D96: Nombre:
D97: Representante Legal del Interventor o su Apoderado
D98: Matricula No. :
A100: Original: Archivo de Gestión del Contrato (Subdirección Administrativa).
A101: Copias: Unidad Ejecutora, Contratista, Interventor y Dirección Territorial.

Sheet 450.10P
K1: CÓDIGO | L1: MINFRA-MN-IN-10-FR-1
C2: INSTITUTO NACIONAL DE VIAS
C3: PROCESO GESTIÓN DE LA INFRAESTRUCTURA VIAL | K3: VERSIÓN | L3: 1
C4: MANUAL DE INTERVENTORÍA OBRA PÚBLICA
C5: ANÁLISIS DE PRECIOS UNITARIOS | K5: PÁGINA | M5: DE
K8: FECHA
L9: (Día) | M9: (Mes) | N9: (Año)
B10: ITEMS DE LA PROPUESTA ECONÓMICA | F10: □ | I10: ITEMS NO PREVISTOS | K10: □
B11: UNIDAD EJECUTORA: | J11: DIRECCIÓN TERRITORIAL:
B14: CONTRATO No. | D14: DE
B15: OBJETO DEL CONTRATO:
B18: CARRETERA: | J18: SECTOR:
B20: CONTRATISTA:
B22: INTERVENTOR: | K22: CTO No.: | M22: DE
B24: FECHA CIERRE PROCESO DE SELECCIÓN CONTRATO DE OBRA:
F25: (Día) | I25: (Mes) | J25: (Año)
B27: DATOS ESPECÍFICOS
B29: ITEM | C29: DESCRIPCIÓN | K29: GRUPO DE AJUSTE | L29: UNIDAD | N29: CANTIDAD
B30: ITEM | C30: DESCRIPCIÓN | L30: UNIDAD | N30: CANTIDAD
A31: Unidad | B31: 450.10P | C31: Mezcla en Caliente para Bacheo MSC-25 (INCLUYE CEMENTO ASFÁLTICO) | L31: m3
B33: I. EQUIPO
B35: DESCRIPCIÓN | I35: TIPO | K35: TARIFA/HORA | L35: RENDIMIENTO | N35: Vr. UNITARIO
A36: C0010140 | B36: =VLOOKUP(A36,EQUIPOS!A6:D154,3,FALSE) -> Cargador : Potencia en el volante 125 hp, Clasificación de RPM del motor 2300. | K36: =VLOOKUP(A36,EQUIPOS!A6:D163,4,FALSE) -> 196350 | M36: 30 | N36: =K36/M36 -> 6545
A37: C0010230 | B37: =VLOOKUP(A37,EQUIPOS!A7:D154,3,FALSE) -> Compactador neumático de Potencia 70 HP, peso de 13 ton | K37: =VLOOKUP(A37,EQUIPOS!A7:D164,4,FALSE) -> 125082.57 | M37: 8 | N37: =K37/M37 -> 15635.321
A38: C0010211 | B38: =VLOOKUP(A38,EQUIPOS!A8:D154,3,FALSE) -> Compactador de Rodillo POTENCIA: 99HP, PESO: 8 ton | K38: =VLOOKUP(A38,EQUIPOS!A8:D165,4,FALSE) -> 98600 | M38: 8 | N38: =K38/M38 -> 12325
A39: C0010660 | B39: =VLOOKUP(A39,EQUIPOS!A9:D154,3,FALSE) -> Planta de asfalto en caliente | K39: =VLOOKUP(A39,EQUIPOS!A9:D166,4,FALSE) -> 645075 | M39: 8 | N39: =K39/M39 -> 80634.375
A40: C0010690 | B40: =VLOOKUP(A40,EQUIPOS!A10:D154,3,FALSE) -> Planta trituradora | K40: =VLOOKUP(A40,EQUIPOS!A10:D167,4,FALSE) -> 476192.25 | M40: 30 | N40: =K40/M40 -> 15873.075
A41: C0010810 | B41: =VLOOKUP(A41,EQUIPOS!A11:D155,3,FALSE) -> Retroexcavadora E-200 sobre orugas | K41: =VLOOKUP(A41,EQUIPOS!A11:D168,4,FALSE) -> 166600 | M41: 30 | N41: =K41/M41 -> 5553.3333
A42: C0010910 | B42: =VLOOKUP(A42,EQUIPOS!A12:D156,3,FALSE) -> Terminadora de asfalto (Finisher), potencia en el volante 174 HP, R=20M3/H, velocidad de desplazamiento 114 m/min | K42: =VLOOKUP(A42,EQUIPOS!A12:D169,4,FALSE) -> 285600 | M42: 8 | N42: =K42/M42 -> 35700
A43: C0010960 | B43: =VLOOKUP(A43,EQUIPOS!A13:D157,3,FALSE) -> Volqueta 6 m3 | K43: =VLOOKUP(A43,EQUIPOS!A13:D170,4,FALSE) -> 62500 | M43: 8 | N43: =K43/M43 -> 7812.5
B46: HERRAMIENTA MENOR (%) | M46: 0.1 | N46: =N80*M46 -> 821.39323
B48: SUBTOTAL $ | N48: =SUM(N36:N47) -> 180900
B50: II. MATERIALES
B52: DESCRIPCIÓN | J52: UNIDAD | K52: CANTIDAD | L52: PRECIO UNIT. | N52: Vr. UNITARIO
A53: B0053191 | B53: =VLOOKUP(A53,MATERIALES!A5:D373,3,FALSE) -> Agregado Petreo para Triturar (Crudo) | J53: =VLOOKUP(A53,MATERIALES!A7:D645,2,FALSE) -> m3 | K53: 1.4 | M53: =VLOOKUP(A53,MATERIALES!A5:D396,4,FALSE) -> 24125.332 | N53: =K53*M53 -> 33775.465
A54: B0063200 | B54: =VLOOKUP(A54,MATERIALES!A6:D373,3,FALSE) -> Agua | J54: =VLOOKUP(A54,MATERIALES!A8:D646,2,FALSE) -> lt | K54: 25 | M54: =VLOOKUP(A54,MATERIALES!A6:D397,4,FALSE) -> 35.65649 | N54: =K54*M54 -> 891.41225
A55: B0103490 | B55: =VLOOKUP(A55,MATERIALES!A7:D374,3,FALSE) -> Cemento Asfaltico 60-70 | J55: =VLOOKUP(A55,MATERIALES!A9:D647,2,FALSE) -> kg | K55: =+K53*5%*1800 -> 126 | M55: =VLOOKUP(A55,MATERIALES!A7:D398,4,FALSE) -> 1610.07 | N55: =K55*M55 -> 202868.82
B58: SUBTOTAL $ | N58: =SUM(N53:N57) -> 237535.7
B60: III. TRANSPORTES
B62: MATERIAL | H62: UNIDAD | I62: CANTIDAD (1) | J62: DISTANCIA (2) | K62: (1) * (2) | L62: TARIFA | N62: Vr. UNITARIO
A63: T0010033 | B63: =VLOOKUP(A63,TRANSPORTE!A5:D117,3,FALSE) -> Transporte de Material Crudo de Rio | H63: m3km | I63: 1.4 | J63: 1 | K63: =I63*J63 -> 1.4 | L63: =VLOOKUP(A63,TRANSPORTE!A5:D117,4,FALSE) -> 946.9697 | N63: =K63*L63 -> 1325.7576
A64: T0010272 | B64: =VLOOKUP(A64,TRANSPORTE!A6:D117,3,FALSE) -> Transporte de Mezcla densa en Caliente MDC-25 | H64: m3km | I64: 1.25 | J64: 1 | K64: =I64*J64 -> 1.25 | L64: =VLOOKUP(A64,TRANSPORTE!A6:D117,4,FALSE) -> 946.9697 | N64: =K64*L64 -> 1183.7121
B69: SUBTOTAL $ | N69: =N63+N64+N65+N66+N67 -> 2509.4697
B71: IV. MANO DE OBRA
B73: TRABAJADOR | I73: JORNAL | J73: PRESTACIONES (%) | K73: JORNAL TOTAL | L73: RENDIMIENTO | N73: Vr. UNITARIO
A74: A0030080 | B74: =VLOOKUP(A74,'MANO DE OBRA'!A8:D68,3,FALSE) -> Obrero (8) | I74: =K74/J74*100 -> 196724.53 | J74: 185 | K74: =VLOOKUP(A74,'MANO DE OBRA'!A8:D99,4,FALSE) -> 363940.39 | M74: 72 | N74: =K74/M74 -> 5054.7276
A75: A0040010 | B75: =VLOOKUP(A75,'MANO DE OBRA'!A8:D69,3,FALSE) -> Oficial | I75: =K75/J75*100 -> 49181.133 | J75: 185 | K75: =VLOOKUP(A75,'MANO DE OBRA'!A8:D100,4,FALSE) -> 90985.097 | M75: 72 | N75: =K75/M75 -> 1263.6819
A76: A0070020 | B76: =VLOOKUP(A76,'MANO DE OBRA'!A9:D70,3,FALSE) -> Rastrilleros (2) | I76: =K76/J76*100 -> 73771.7 | J76: 185 | K76: =VLOOKUP(A76,'MANO DE OBRA'!A9:D101,4,FALSE) -> 136477.64 | M76: 72 | N76: =K76/M76 -> 1895.5228
B80: SUBTOTAL $ | N80: =SUM(N74:N79) -> 8213.9323
B82: TOTAL COSTO DIRECTO $ | N82: =N48+N58+N69+N80 -> 429159.1
B84: V. COSTOS INDIRECTOS
B86: Descripción | K86: Porcentaje | L86: Valor Total
B87: ADMINISTRACION | K87: 0.2 | L87: =N82*K87 -> 85831.819
B88: IMPREVISTOS | K88: 0.05 | L88: =N82*K88 -> 21457.955
B89: UTILIDAD | K89: 0.05 | L89: =N82*K89 -> 21457.955
B90: SUBTOTAL $ | N90: =L87+L88+L89 -> 128747.73
A92: PFinal01 | B92: Precio Unitario Total Aproximado al Peso $ | N92: =N82+N90 -> 557906.83
E97: Firma
E98: Nombre:
E99: Representante Legal del Contratista o su Apoderado
E100: Matricula No. :
B102: OBSERVACIONES INTERVENTORÍA:
B108: APROBACIÓN POR INTERVENTORÍA
B109: Nota 1: Cuando se trate de Análisis de precios unitarios correspondientes a ítems de la propuesta económica aprobada, el Interventor aprueba el desglose de los componentes manteniendo el mismo precio unitario de cada ítem, cumpliendo con las especificaciones de construcción vigentes para el proyecto.
B111: Nota 2: Cuando se trate de Análisis de precios unitarios de ítems no previstos, el Interventor aprueba el desglose y precio unitario de cada ítem no previsto, exigiendo la aplicación de los costos correspondientes a insumos y tarifas de la propuesta económica inicial cuando estén contemplados, cumpliendo con las especificaciones de construcción vigente para el proyecto.
E117: Firma
E118: Nombre:
E119: Representante Legal del Interventor o su Apoderado
E120: Matricula No. :
B122: Original: Archivo de Gestión del Contrato (Subdirección Administrativa).
B123: Copias: Unidad Ejecutora, Contratista, Interventor y Dirección Territorial.

Sheet 630.3.2P bolsac
K1: CÓDIGO | L1: MINFRA-MN-IN-10-FR-1
C2: INSTITUTO NACIONAL DE VIAS
C3: PROCESO GESTIÓN DE LA INFRAESTRUCTURA VIAL | K3: VERSIÓN | L3: 1
C4: MANUAL DE INTERVENTORÍA OBRA PÚBLICA
C5: ANÁLISIS DE PRECIOS UNITARIOS | K5: PÁGINA | M5: DE
K8: FECHA
L9: (Día) | M9: (Mes) | N9: (Año)
B10: ITEMS DE LA PROPUESTA ECONÓMICA | F10: □ | I10: ITEMS NO PREVISTOS | K10: □
B11: UNIDAD EJECUTORA: | J11: DIRECCIÓN TERRITORIAL:
B14: CONTRATO No. | D14: DE
B15: OBJETO DEL CONTRATO:
B18: CARRETERA: | J18: SECTOR:
B20: CONTRATISTA:
B22: INTERVENTOR: | K22: CTO No.: | M22: DE
B24: FECHA CIERRE PROCESO DE SELECCIÓN CONTRATO DE OBRA:
F25: (Día) | I25: (Mes) | J25: (Año)
B27: DATOS ESPECÍFICOS
B29: ITEM | C29: DESCRIPCIÓN | K29: GRUPO DE AJUSTE | L29: UNIDAD | N29: CANTIDAD
B30: ITEM | C30: DESCRIPCIÓN | L30: UNIDAD | N30: CANTIDAD
A31: Unidad | B31: 630.3.2P | C31: BOLSACRETO RESISTENCIA 17,5MPa (CLASE E ) | L31: m3
B33: I. EQUIPO
B35: DESCRIPCIÓN | I35: TIPO | K35: TARIFA/HORA | L35: RENDIMIENTO | N35: Vr. UNITARIO
A37: C0010550 | B37: =VLOOKUP(A37,EQUIPOS!A7:D154,3,FALSE) -> Mezcladora de concreto 1 bulto | K37: =VLOOKUP(A37,EQUIPOS!A7:D164,4,FALSE) -> 5625 | M37: 1 | N37: =K37/M37 -> 5625
A38: C0010030 | B38: =VLOOKUP(A38,EQUIPOS!A8:D154,3,FALSE) -> Bomba de concreto, Producción: 30 m3/h, POTENCIA: 67 HP, MAX PRESION DE CONCRETO: 1150 PSI | K38: =VLOOKUP(A38,EQUIPOS!A8:D165,4,FALSE) -> 45220 | M38: 1 | N38: =K38/M38 -> 45220
B46: HERRAMIENTA MENOR (%) | M46: 0.05 | N46: =N83*M46 -> 2274.6274
B48: SUBTOTAL $ | N48: =SUM(N36:N47) -> 53119.627
B50: II. MATERIALES
B52: DESCRIPCIÓN | J52: UNIDAD | K52: CANTIDAD | L52: PRECIO UNIT. | N52: Vr. UNITARIO
A53: B0013430 | B53: =VLOOKUP(A53,MATERIALES!A5:D373,3,FALSE) -> Bolsacreto de 1m3 | J53: =VLOOKUP(A53,MATERIALES!A7:D645,2,FALSE) -> m3 | K53: 1 | M53: =VLOOKUP(A53,MATERIALES!A5:D396,4,FALSE) -> 20807 | N53: =K53*M53 -> 20807
A54: B003003 | B54: =VLOOKUP(A54,MATERIALES!A6:D373,3,FALSE) -> Aditivo Acelerante de Fraguado | J54: =VLOOKUP(A54,MATERIALES!A8:D646,2,FALSE) -> kg | K54: 8.75 | M54: =VLOOKUP(A54,MATERIALES!A6:D397,4,FALSE) -> 12100 | N54: =K54*M54 -> 105875
A55: B0053100 | B55: =VLOOKUP(A55,MATERIALES!A6:D373,3,FALSE) -> Agregado para concreto hidráulico | J55: =VLOOKUP(A55,MATERIALES!A9:D647,2,FALSE) -> m3 | K55: 0.95 | M55: =VLOOKUP(A55,MATERIALES!A6:D398,4,FALSE) -> 55110.85 | N55: =K55*M55 -> 52355.308
A56: B0063200 | B56: =VLOOKUP(A56,MATERIALES!A6:D373,3,FALSE) -> Agua | J56: =VLOOKUP(A56,MATERIALES!A10:D648,2,FALSE) -> lt | K56: 170 | M56: =VLOOKUP(A56,MATERIALES!A6:D399,4,FALSE) -> 35.65649 | N56: =K56*M56 -> 6061.6033
A57: B0093350 | B57: =VLOOKUP(A57,MATERIALES!A7:D373,3,FALSE) -> Arena lavada | J57: =VLOOKUP(A57,MATERIALES!A11:D649,2,FALSE) -> m3 | K57: 0.55 | L57: =VLOOKUP(A57,MATERIALES!A4:D373,4,FALSE) -> 50000 | N57: =K57*L57 -> 27500
A58: B0100001 | B58: =VLOOKUP(A58,MATERIALES!A8:D374,3,FALSE) -> Cemento gris | J58: =VLOOKUP(A58,MATERIALES!A12:D650,2,FALSE) -> kg | K58: 300 | L58: =VLOOKUP(A58,MATERIALES!A5:D374,4,FALSE) -> 470 | N58: =K58*L58 -> 141000
B61: SUBTOTAL $ | N61: =SUM(N53:N60) -> 353598.91
B63: III. TRANSPORTES
B65: MATERIAL | H65: UNIDAD | I65: CANTIDAD (1) | J65: DISTANCIA (2) | K65: (1) * (2) | L65: TARIFA | N65: Vr. UNITARIO
A66: T0010004 | B66: =VLOOKUP(A66,TRANSPORTE!A5:D117,3,FALSE) -> Transporte de arena | H66: m3km | I66: =+K57 -> 0.55 | J66: 1 | K66: =I66*J66 -> 0.55 | L66: =VLOOKUP(A66,TRANSPORTE!A5:D117,4,FALSE) -> 946.9697 | N66: =K66*L66 -> 520.83333
A67: T0010042 | B67: =VLOOKUP(A67,TRANSPORTE!A6:D118,3,FALSE) -> Transporte de material triturado | H67: m3km | I67: =+K55 -> 0.95 | J67: 1 | K67: =I67*J67 -> 0.95 | L67: =VLOOKUP(A67,TRANSPORTE!A6:D118,4,FALSE) -> 946.9697 | N67: =K67*L67 -> 899.62121
B72: SUBTOTAL $ | N72: =N66+N67+N68+N69+N70 -> 1420.4545
B74: IV. MANO DE OBRA
B76: TRABAJADOR | I76: JORNAL | J76: PRESTACIONES (%) | K76: JORNAL TOTAL | L76: RENDIMIENTO | N76: Vr. UNITARIO
A77: A0030040 | B77: =VLOOKUP(A77,'MANO DE OBRA'!A8:D68,3,FALSE) -> Obrero (4) | I77: =K77/J77*100 -> 98362.267 | J77: 185 | K77: =VLOOKUP(A77,'MANO DE OBRA'!A8:D99,4,FALSE) -> 181970.19 | M77: 6 | N77: =K77/M77 -> 30328.366
A78: A0040010 | B78: =VLOOKUP(A78,'MANO DE OBRA'!A8:D69,3,FALSE) -> Oficial | I78: =K78/J78*100 -> 49181.133 | J78: 185 | K78: =VLOOKUP(A78,'MANO DE OBRA'!A8:D100,4,FALSE) -> 90985.097 | M78: =+M77 -> 6 | N78: =K78/M78 -> 15164.183
B83: SUBTOTAL $ | N83: =SUM(N77:N82) -> 45492.548
B85: TOTAL COSTO DIRECTO $ | N85: =N48+N61+N72+N83 -> 453631.54
B87: V. COSTOS INDIRECTOS
B89: Descripción | K89: Porcentaje | L89: Valor Total
B90: ADMINISTRACION | K90: 0.2 | L90: =N85*K90 -> 90726.308
B91: IMPREVISTOS | K91: 0.05 | L91: =N85*K91 -> 22681.577
B92: UTILIDAD | K92: 0.05 | L92: =N85*K92 -> 22681.577
B93: SUBTOTAL $ | N93: =L90+L91+L92 -> 136089.46
A95: PFinal01 | B95: Precio Unitario Total Aproximado al Peso $ | N95: =ROUND(N85+N93,0) -> 589721
E100: Firma
E101: Nombre:
E102: Representante Legal del Contratista o su Apoderado
E103: Matricula No. :
B105: OBSERVACIONES INTERVENTORÍA:
B111: APROBACIÓN POR INTERVENTORÍA
B112: Nota 1: Cuando se trate de Análisis de precios unitarios correspondientes a ítems de la propuesta económica aprobada, el Interventor aprueba el desglose de los componentes manteniendo el mismo precio unitario de cada ítem, cumpliendo con las especificaciones de construcción vigentes para el proyecto.
B114: Nota 2: Cuando se trate de Análisis de precios unitarios de ítems no previstos, el Interventor aprueba el desglose y precio unitario de cada ítem no previsto, exigiendo la aplicación de los costos correspondientes a insumos y tarifas de la propuesta económica inicial cuando estén contemplados, cumpliendo con las especificaciones de construcción vigente para el proyecto.
E120: Firma
E121: Nombre:
E122: Representante Legal del Interventor o su Apoderado
E123: Matricula No. :
B125: Original: Archivo de Gestión del Contrato (Subdirección Administrativa).
B126: Copias: Unidad Ejecutora, Contratista, Interventor y Dirección Territorial.

Sheet 630.4P HEXAPODO
K1: CÓDIGO | L1: MINFRA-MN-IN-10-FR-1
C2: INSTITUTO NACIONAL DE VIAS
C3: PROCESO GESTIÓN DE LA INFRAESTRUCTURA VIAL | K3: VERSIÓN | L3: 1
C4: MANUAL DE INTERVENTORÍA OBRA PÚBLICA
C5: ANÁLISIS DE PRECIOS UNITARIOS | K5: PÁGINA | M5: DE
K8: FECHA
L9: (Día) | M9: (Mes) | N9: (Año)
B10: ITEMS DE LA PROPUESTA ECONÓMICA | F10: □ | I10: ITEMS NO PREVISTOS | K10: □
B11: UNIDAD EJECUTORA: | J11: DIRECCIÓN TERRITORIAL:
B14: CONTRATO No. | D14: DE
B15: OBJETO DEL CONTRATO:
B18: CARRETERA: | J18: SECTOR:
B20: CONTRATISTA:
B22: INTERVENTOR: | K22: CTO No.: | M22: DE
B24: FECHA CIERRE PROCESO DE SELECCIÓN CONTRATO DE OBRA:
F25: (Día) | I25: (Mes) | J25: (Año)
B27: DATOS ESPECÍFICOS
B29: ITEM | C29: DESCRIPCIÓN | K29: GRUPO DE AJUSTE | L29: UNIDAD | N29: CANTIDAD
B30: ITEM | C30: DESCRIPCIÓN | L30: UNIDAD | N30: CANTIDAD
A31: Unidad | B31: 630.4P | C31: SUMINISTRO E INSTALACION DE HEXÁPODO EN CONCRETO CLASE C (INCLUYE ACERO DE REFUERZO GRADO 60 Y ACERO PARA AMARRE ENTRE HEXÁPODOS) | L31: UND
B33: I. EQUIPO
B35: DESCRIPCIÓN | I35: TIPO | K35: TARIFA/HORA | L35: RENDIMIENTO | N35: Vr. UNITARIO
M36: =+M77/8 -> 0.75 | P36: VOLUMEN HEXAPODO
A37: C0010820 | B37: =VLOOKUP(A37,EQUIPOS!A7:D154,3,FALSE) -> Retroexcavadora E-200 sobre orugas trabajo en rio | K37: =VLOOKUP(A37,EQUIPOS!A7:D164,4,FALSE) -> 170000 | M37: 10 | N37: =K37/M37 -> 17000 | P37: =((0.4+R38)/2*(0.4+R38)/2)*R37*6+R38*R38*R38 -> 1.005056 | R37: 0.6 | S37: L
A38: C0010922 | B38: =VLOOKUP(A38,EQUIPOS!A8:D154,3,FALSE) -> Vibrador de concreto, Motor de 3 hp a 18.000 rpm Mangueras de 4 mt | K38: =VLOOKUP(A38,EQUIPOS!A8:D165,4,FALSE) -> 4930.1736 | M38: =+M36 -> 0.75 | N38: =K38/M38 -> 6573.5648 | P38: =0.45*0.7*4*6+0.35*0.35*5 -> 8.1725 | R38: 0.56 | S38: C
B46: HERRAMIENTA MENOR (%) | M46: 0.05 | N46: =N83*M46 -> 1895.5228
B48: SUBTOTAL $ | N48: =SUM(N36:N47) -> 25469.088
B50: II. MATERIALES
B52: DESCRIPCIÓN | J52: UNIDAD | K52: CANTIDAD | L52: PRECIO UNIT. | N52: Vr. UNITARIO
A53: B0020003 | B53: =VLOOKUP(A53,MATERIALES!A5:D373,3,FALSE) -> Acero PDR-60 | J53: =VLOOKUP(A53,MATERIALES!A7:D645,2,FALSE) -> kg | K53: 42 | M53: =VLOOKUP(A53,MATERIALES!A5:D396,4,FALSE) -> 2856 | N53: =K53*M53 -> 119952
A54: B003003 | B54: =VLOOKUP(A54,MATERIALES!A6:D373,3,FALSE) -> Aditivo Acelerante de Fraguado | J54: =VLOOKUP(A54,MATERIALES!A8:D646,2,FALSE) -> kg | K54: 0.5 | M54: =VLOOKUP(A54,MATERIALES!A6:D397,4,FALSE) -> 12100 | N54: =K54*M54 -> 6050
A55: B0073230 | B55: =VLOOKUP(A55,MATERIALES!A6:D373,3,FALSE) -> Alambre negro para amarre calibre 18 | J55: =VLOOKUP(A55,MATERIALES!A9:D647,2,FALSE) -> kg | K55: 0.5 | M55: =VLOOKUP(A55,MATERIALES!A6:D398,4,FALSE) -> 3800 | N55: =K55*M55 -> 1900
A56: B0123620 | B56: =VLOOKUP(A56,MATERIALES!A6:D373,3,FALSE) -> Concreto Resistencia 28 (Mpa) | J56: =VLOOKUP(A56,MATERIALES!A10:D648,2,FALSE) -> m3 | K56: =+P37 -> 1.005056 | M56: =VLOOKUP(A56,MATERIALES!A6:D399,4,FALSE) -> 443156 | N56: =K56*M56 -> 445396.6
A57: B021007 | B57: =VLOOKUP(A57,MATERIALES!A7:D373,3,FALSE) -> FORMALETA (Depende para que sea el Concreto) | J57: =VLOOKUP(A57,MATERIALES!A11:D649,2,FALSE) -> m2 | K57: =+ROUND(P38*8/20,2) -> 3.27 | L57: =VLOOKUP(A57,MATERIALES!A4:D373,4,FALSE) -> 9806.0105 | N57: =K57*L57 -> 32065.654
B61: SUBTOTAL $ | N61: =SUM(N53:N60) -> 605364.25
B63: III. TRANSPORTES
B65: MATERIAL | H65: UNIDAD | I65: CANTIDAD (1) | J65: DISTANCIA (2) | K65: (1) * (2) | L65: TARIFA | N65: Vr. UNITARIO
A66: T0010009 | B66: =VLOOKUP(A66,TRANSPORTE!A5:D117,3,FALSE) -> Transporte de concreto | H66: m3km | I66: 1.01 | J66: 1 | K66: =I66*J66 -> 1.01 | L66: =VLOOKUP(A66,TRANSPORTE!A5:D117,4,FALSE) -> 946.9697 | N66: =K66*L66 -> 956.43939
B72: SUBTOTAL $ | N72: =N66+N67+N68+N69+N70 -> 956.43939
B74: IV. MANO DE OBRA
B76: TRABAJADOR | I76: JORNAL | J76: PRESTACIONES (%) | K76: JORNAL TOTAL | L76: RENDIMIENTO | N76: Vr. UNITARIO
A77: A0030030 | B77: =VLOOKUP(A77,'MANO DE OBRA'!A8:D68,3,FALSE) -> Obrero (3) | I77: =K77/J77*100 -> 73771.7 | J77: 185 | K77: =VLOOKUP(A77,'MANO DE OBRA'!A8:D99,4,FALSE) -> 136477.64 | M77: 6 | N77: =K77/M77 -> 22746.274
A78: A0040010 | B78: =VLOOKUP(A78,'MANO DE OBRA'!A8:D69,3,FALSE) -> Oficial | I78: =K78/J78*100 -> 49181.133 | J78: 185 | K78: =VLOOKUP(A78,'MANO DE OBRA'!A8:D100,4,FALSE) -> 90985.097 | M78: =+M77 -> 6 | N78: =K78/M78 -> 15164.183
B83: SUBTOTAL $ | N83: =SUM(N77:N82) -> 37910.457
B85: TOTAL COSTO DIRECTO $ | N85: =N48+N61+N72+N83 -> 669700.24
B87: V. COSTOS INDIRECTOS
B89: Descripción | K89: Porcentaje | L89: Valor Total
B90: ADMINISTRACION | K90: 0.2 | L90: =N85*K90 -> 133940.05
B91: IMPREVISTOS | K91: 0.05 | L91: =N85*K91 -> 33485.012
B92: UTILIDAD | K92: 0.05 | L92: =N85*K92 -> 33485.012
B93: SUBTOTAL $ | N93: =L90+L91+L92 -> 200910.07
A95: PFinal01 | B95: Precio Unitario Total Aproximado al Peso $ | N95: =ROUND(N85+N93,0) -> 870610
E100: Firma
E101: Nombre:
E102: Representante Legal del Contratista o su Apoderado
E103: Matricula No. :
B105: OBSERVACIONES INTERVENTORÍA:
B111: APROBACIÓN POR INTERVENTORÍA
B112: Nota 1: Cuando se trate de Análisis de precios unitarios correspondientes a ítems de la propuesta económica aprobada, el Interventor aprueba el desglose de los componentes manteniendo el mismo precio unitario de cada ítem, cumpliendo con las especificaciones de construcción vigentes para el proyecto.
B114: Nota 2: Cuando se trate de Análisis de precios unitarios de ítems no previstos, el Interventor aprueba el desglose y precio unitario de cada ítem no previsto, exigiendo la aplicación de los costos correspondientes a insumos y tarifas de la propuesta económica inicial cuando estén contemplados, cumpliendo con las especificaciones de construcción vigente para el proyecto.
E120: Firma
E121: Nombre:
E122: Representante Legal del Interventor o su Apoderado
E123: Matricula No. :
B125: Original: Archivo de Gestión del Contrato (Subdirección Administrativa).
B126: Copias: Unidad Ejecutora, Contratista, Interventor y Dirección Territorial.

Sheet 900.4P
K1: CÓDIGO | L1: MINFRA-MN-IN-10-FR-1
C2: INSTITUTO NACIONAL DE VIAS
C3: PROCESO GESTIÓN DE LA INFRAESTRUCTURA VIAL | K3: VERSIÓN | L3: 1
C4: MANUAL DE INTERVENTORÍA OBRA PÚBLICA
C5: ANÁLISIS DE PRECIOS UNITARIOS | K5: PÁGINA | M5: DE
K8: FECHA
L9: (Día) | M9: (Mes) | N9: (Año)
B10: ITEMS DE LA PROPUESTA ECONÓMICA | F10: □ | I10: ITEMS NO PREVISTOS | K10: □
B11: UNIDAD EJECUTORA: | J11: DIRECCIÓN TERRITORIAL:
B14: CONTRATO No. | D14: DE
B15: OBJETO DEL CONTRATO:
B18: CARRETERA: | J18: SECTOR:
B20: CONTRATISTA:
B22: INTERVENTOR: | K22: CTO No.: | M22: DE
B24: FECHA CIERRE PROCESO DE SELECCIÓN CONTRATO DE OBRA:
F25: (Día) | I25: (Mes) | J25: (Año)
B27: DATOS ESPECÍFICOS
B29: ITEM | C29: DESCRIPCIÓN | K29: GRUPO DE AJUSTE | L29: UNIDAD | N29: CANTIDAD
B30: ITEM | C30: DESCRIPCIÓN | L30: UNIDAD | N30: CANTIDAD
A31: Unidad | B31: 900.4P | C31: TRANSPORTE DE MATERIALES AFIRMADOS, AGREGADOS, RELLENOS, SUB-BASE, BASE Y MEZCLAS ASFALTICAS (a partir de los km asumidos en cada APU) | L31: m3-km
B33: I. EQUIPO
B35: DESCRIPCIÓN | I35: TIPO | K35: TARIFA/HORA | L35: RENDIMIENTO | N35: Vr. UNITARIO
A36: C0010960 | B36: =VLOOKUP(A36,EQUIPOS!A6:D154,3,FALSE) -> Volqueta 6 m3 | K36: =VLOOKUP(A36,EQUIPOS!A6:D161,4,FALSE) -> 62500 | M36: 66 | N36: =K36/M36 -> 946.9697
B43: SUBTOTAL $ | N43: =SUM(N36:N42) -> 946.9697
B45: II. MATERIALES
B47: DESCRIPCIÓN | J47: UNIDAD | K47: CANTIDAD | L47: PRECIO UNIT. | N47: Vr. UNITARIO
B54: SUBTOTAL $
B56: III. TRANSPORTES
B58: MATERIAL | H58: UNIDAD | I58: CANTIDAD (1) | J58: DISTANCIA (2) | K58: (1) * (2) | L58: TARIFA | N58: Vr. UNITARIO
B65: SUBTOTAL $
B67: IV. MANO DE OBRA
B69: TRABAJADOR | I69: JORNAL | J69: PRESTACIONES (%) | K69: JORNAL TOTAL | L69: RENDIMIENTO | N69: Vr. UNITARIO
B76: SUBTOTAL $
B78: TOTAL COSTO DIRECTO $ | N78: =N43+N54+N65+N76 -> 946.9697
B80: V. COSTOS INDIRECTOS
B82: Descripción | K82: Porcentaje | L82: Valor Total
B83: ADMINISTRACION | K83: 0.2 | L83: =N78*K83 -> 189.39394
B84: IMPREVISTOS | K84: 0.05 | L84: =N78*K84 -> 47.348485
B85: UTILIDAD | K85: 0.05 | L85: =N78*K85 -> 47.348485
B86: SUBTOTAL $ | N86: =L83+L84+L85 -> 284.09091
A88: PFinal01 | B88: Precio Unitario Total Aproximado al Peso $ | N88: =N78+N86 -> 1231.0606
E93: Firma
E94: Nombre:
E95: Representante Legal del Contratista o su Apoderado
E96: Matricula No. :
B98: OBSERVACIONES INTERVENTORÍA:
B104: APROBACIÓN POR INTERVENTORÍA
B105: Nota 1: Cuando se trate de Análisis de precios unitarios correspondientes a ítems de la propuesta económica aprobada, el Interventor aprueba el desglose de los componentes manteniendo el mismo precio unitario de cada ítem, cumpliendo con las especificaciones de construcción vigentes para el proyecto.
B107: Nota 2: Cuando se trate de Análisis de precios unitarios de ítems no previstos, el Interventor aprueba el desglose y precio unitario de cada ítem no previsto, exigiendo la aplicación de los costos correspondientes a insumos y tarifas de la propuesta económica inicial cuando estén contemplados, cumpliendo con las especificaciones de construcción vigente para el proyecto.
E113: Firma
E114: Nombre:
E115: Representante Legal del Interventor o su Apoderado
E116: Matricula No. :
B118: Original: Archivo de Gestión del Contrato (Subdirección Administrativa).
B119: Copias: Unidad Ejecutora, Contratista, Interventor y Dirección Territorial.

Sheet 2.P CUNETAS suelo C
K1: CÓDIGO | L1: MINFRA-MN-FR-14
C2: INSTITUTO NACIONAL DE VIAS
C3: PROCESO MISIONAL INFRAESTRUCTURA VIAL | K3: VERSIÓN | L3: 1
C4: DIRECCION TECNICA
C5: ANALISIS DE PRECIOS UNITARIOS | K5: PÁGINA | L5: 1 | M5: DE | N5: 1
K9: FECHA | L9: DD | M9: MM | N9: AA
B11: UNIDAD EJECUTORA: | K11: DIRECCIÓN TERRITORIAL:
B17: CONTRATO No. | E17: DE
B18: OBJETO DEL CONTRATO
B21: CONTRATISTA
B23: INTERVENTOR
B26: FECHA CIERRE DE LICITACIÓN Y/O SELECCIÓN ABREVIADA
B28: DATOS ESPECÍFICOS
B29: ITEM | C29: DESCRIPCIÓN | L29: UNIDAD | N29: CANTIDAD
A30: Unidad | B30: 2.P | C30: ESTRUCTURAS DE DRENAJE EN SACOS DE SUELO CEMENTO PROPORCIÓN 5:1 | L30: M2
B32: I. EQUIPO
B34: DESCRIPCIÓN | I34: TIPO | K34: TARIFA/HORA | L34: RENDIMIENTO | N34: Vr. UNITARIO
B37: HERRAMIENTA MENOR (%) | M37: 0.05 | N37: =N67*M37 -> 758.20914
B38: SUBTOTAL $ | N38: =SUM(N35:N37) -> 758.20914
B40: II. MATERIALES
B42: DESCRIPCIÓN | J42: UNIDAD | K42: CANTIDAD | L42: PRECIO UNIT. | N42: Vr. UNITARIO
A43: B0100001 | B43: =VLOOKUP(A43,MATERIALES!A5:D373,3,FALSE) -> Cemento gris | J43: =VLOOKUP(A43,MATERIALES!A4:D640,2,FALSE) -> kg | K43: =320*0.06 -> 19.2 | M43: =VLOOKUP(A43,MATERIALES!A5:D397,4,FALSE) -> 470 | N43: =K43*M43 -> 9024
A44: B0063200 | B44: =VLOOKUP(A44,MATERIALES!A6:D374,3,FALSE) -> Agua | J44: =VLOOKUP(A44,MATERIALES!A5:D641,2,FALSE) -> lt | K44: 30 | M44: =VLOOKUP(A44,MATERIALES!A6:D398,4,FALSE) -> 35.65649 | N44: =K44*M44 -> 1069.6947
A45: B0013740 | B45: =VLOOKUP(A45,MATERIALES!A7:D375,3,FALSE) -> Costal de fibra o fique | J45: =VLOOKUP(A45,MATERIALES!A6:D642,2,FALSE) -> m2 | K45: 2 | M45: =VLOOKUP(A45,MATERIALES!A7:D399,4,FALSE) -> 695.04365 | N45: =K45*M45 -> 1390.0873
B48: SUBTOTAL $ | N48: =SUM(N43:N47) -> 11483.782
B50: III. TRANSPORTES
B52: MATERIAL | H52: UNIDAD | I52: CANTIDAD (1) | J52: DISTANCIA (2) | K52: (1) * (2) | L52: TARIFA | N52: Vr. UNITARIO
B57: SUBTOTAL $ | N57: =N53+N54+N55+N56 -> 0
B59: IV. MANO DE OBRA
B61: TRABAJADOR | I61: JORNAL | J61: PRESTACIONES (%) | K61: JORNAL TOTAL | L61: RENDIMIENTO | N61: Vr. UNITARIO
A63: A0030020 | B63: =VLOOKUP(A63,'MANO DE OBRA'!A1:D61,3,FALSE) -> Obrero (2) | I63: =K63/J63*100 -> 49181.133 | J63: 185 | K63: =VLOOKUP(A63,'MANO DE OBRA'!A1:D92,4,FALSE) -> 90985.097 | M63: 12 | N63: =K63/M63 -> 7582.0914
A64: A0040010 | B64: =VLOOKUP(A64,'MANO DE OBRA'!A2:D62,3,FALSE) -> Oficial | I64: =K64/J64*100 -> 49181.133 | J64: 185 | K64: =VLOOKUP(A64,'MANO DE OBRA'!A2:D93,4,FALSE) -> 90985.097 | M64: =+M63 -> 12 | N64: =K64/M64 -> 7582.0914
B67: SUBTOTAL $ | N67: =SUM(N62:N66) -> 15164.183
B69: TOTAL COSTO DIRECTO $ | N69: =N38+N48+N57+N67 -> 27406.174
B71: V. COSTOS INDIRECTOS
B73: Descripción | K73: Porcentaje | L73: Valor Total
B74: ADMINISTRACION | K74: 0.2 | L74: =N69*K74 -> 5481.2348
B75: IMPREVISTOS | K75: 0.05 | L75: =N69*K75 -> 1370.3087
B76: UTILIDAD | K76: 0.05 | L76: =N69*K76 -> 1370.3087
B77: SUBTOTAL $ | N77: =L74+L75+L76 -> 8221.8522
A79: PFinal01 | B79: Precio Unitario Total Aproximado al Peso $ | N79: =ROUND(N69+N77,0) -> 35628
G83: Firma
G84: Nombre:
G85: Representante Legal del Contratista o su Apoderado
G86: Matricula No. :
B88: OBSERVACIONES INTERVENTORÍA
B89: DESCRIPCIÓN DE LOS TRABAJOS: Tiene como finalidad la construcción de bolsas rellenas con suelo cemento en proporción de 5:1con las dimensiones según especificación particular anexa.
B90: El suelo será el del terreno natural y tendrá pago por separado incluido en la actividad 600 "Excavaciones varias sin clasificar"
G92: Firma
G93: Nombre:
G94: Representante Legal del Interventor o su Apoderado
G95: Matricula No. :
B96: Original: Archivo de Gestión Contractual ( Subdirección Administrativa)
B97: Copias : Unidad Ejecutora, Contratista, Interventor y Dirección Territorial.

Sheet 681.1P GAVION SUELO
K1: CÓDIGO | L1: MINFRA-MN-IN-10-FR-1
C2: INSTITUTO NACIONAL DE VIAS
C3: PROCESO GESTIÓN DE LA INFRAESTRUCTURA VIAL | K3: VERSIÓN | L3: 1
C4: MANUAL DE INTERVENTORÍA OBRA PÚBLICA
C5: ANÁLISIS DE PRECIOS UNITARIOS | K5: PÁGINA | M5: DE
K8: FECHA
L9: (Día) | M9: (Mes) | N9: (Año)
B10: ITEMS DE LA PROPUESTA ECONÓMICA | F10: □ | I10: ITEMS NO PREVISTOS | K10: □
B11: UNIDAD EJECUTORA: | J11: DIRECCIÓN TERRITORIAL:
B14: CONTRATO No. | D14: DE
B15: OBJETO DEL CONTRATO:
B18: CARRETERA: | J18: SECTOR:
B20: CONTRATISTA:
B22: INTERVENTOR: | K22: CTO No.: | M22: DE
B24: FECHA CIERRE PROCESO DE SELECCIÓN CONTRATO DE OBRA:
F25: (Día) | I25: (Mes) | J25: (Año)
B27: DATOS ESPECÍFICOS
B29: ITEM | C29: DESCRIPCIÓN | K29: GRUPO DE AJUSTE | L29: UNIDAD | N29: CANTIDAD
B30: ITEM | C30: DESCRIPCIÓN | L30: UNIDAD | N30: CANTIDAD
A31: Unidad | B31: 681.1P | C31: Gavión relleno de suelo con geotextil, de Malla de Alambre de Acero Entrelazado Clase 1; recubrimiento de Zinc (galvanizado) | L31: m3
B33: I. EQUIPO
B35: DESCRIPCIÓN | I35: TIPO | K35: TARIFA/HORA | L35: RENDIMIENTO | N35: Vr. UNITARIO
B41: HERRAMIENTA MENOR (%) | M41: 0.05 | N41: =N77*M41 -> 1364.7765
B43: SUBTOTAL $ | N43: =SUM(N36:N41) -> 1364.7765
B45: II. MATERIALES
B47: DESCRIPCIÓN | J47: UNIDAD | K47: CANTIDAD | L47: PRECIO UNIT. | N47: Vr. UNITARIO
A49: B0073220 | B49: =VLOOKUP(A49,MATERIALES!A6:D373,3,FALSE) -> Alambre galvanizado No. 12 | J49: =VLOOKUP(A49,MATERIALES!A5:D641,2,FALSE) -> kg | K49: 1.15 | M49: =VLOOKUP(A49,MATERIALES!A6:D397,4,FALSE) -> 4600 | N49: =K49*M49 -> 5290
A50: B021001 | B50: =VLOOKUP(A50,MATERIALES!A6:D373,3,FALSE) -> Formaleta (gaviones, juntas de bordillos, juntas de cunetas, muros, concretos clase D,E, F y G) | J50: =VLOOKUP(A50,MATERIALES!A6:D642,2,FALSE) -> m2 | K50: 2 | M50: =VLOOKUP(A50,MATERIALES!A6:D398,4,FALSE) -> 4267.0158 | N50: =K50*M50 -> 8534.0315
A51: B033002 | B51: =VLOOKUP(A51,MATERIALES!A6:D373,3,FALSE) -> Malla para gaviones (2M3) | J51: =VLOOKUP(A51,MATERIALES!A6:D643,2,FALSE) -> u | K51: 0.5 | M51: =VLOOKUP(A51,MATERIALES!A6:D399,4,FALSE) -> 70000 | N51: =K51*M51 -> 35000
B55: SUBTOTAL $ | N55: =SUM(N48:N54) -> 48824.032
B57: III. TRANSPORTES
B59: MATERIAL | H59: UNIDAD | I59: CANTIDAD (1) | J59: DISTANCIA (2) | K59: (1) * (2) | L59: TARIFA | N59: Vr. UNITARIO
B66: SUBTOTAL $ | N66: =N60+N61+N62+N63+N64 -> 0
B68: IV. MANO DE OBRA
B70: TRABAJADOR | I70: JORNAL | J70: PRESTACIONES (%) | K70: JORNAL TOTAL | L70: RENDIMIENTO | N70: Vr. UNITARIO
A71: A0030040 | B71: =VLOOKUP(A71,'MANO DE OBRA'!A8:D68,3,FALSE) -> Obrero (4) | I71: =K71/J71*100 -> 98362.267 | J71: 185 | K71: =VLOOKUP(A71,'MANO DE OBRA'!A8:D99,4,FALSE) -> 181970.19 | M71: 10 | N71: =K71/M71 -> 18197.019
A72: A0040010 | B72: =VLOOKUP(A72,'MANO DE OBRA'!A8:D69,3,FALSE) -> Oficial | I72: =K72/J72*100 -> 49181.133 | J72: 185 | K72: =VLOOKUP(A72,'MANO DE OBRA'!A8:D100,4,FALSE) -> 90985.097 | M72: =+M71 -> 10 | N72: =K72/M72 -> 9098.5097
B77: SUBTOTAL $ | N77: =SUM(N71:N76) -> 27295.529
B79: TOTAL COSTO DIRECTO $ | N79: =N43+N55+N66+N77 -> 77484.337
B81: V. COSTOS INDIRECTOS
B83: Descripción | K83: Porcentaje | L83: Valor Total
B84: ADMINISTRACION | K84: 0.2 | L84: =N79*K84 -> 15496.867
B85: IMPREVISTOS | K85: 0.05 | L85: =N79*K85 -> 3874.2168
B86: UTILIDAD | K86: 0.05 | L86: =N79*K86 -> 3874.2168
B87: SUBTOTAL $ | N87: =L84+L85+L86 -> 23245.301
A89: PFinal01 | B89: Precio Unitario Total Aproximado al Peso $ | N89: =ROUND(N79+N87,0) -> 100730
E94: Firma
E95: Nombre:
E96: Representante Legal del Contratista o su Apoderado
E97: Matricula No. :
B99: OBSERVACIONES INTERVENTORÍA:
B105: APROBACIÓN POR INTERVENTORÍA
B106: Nota 1: Cuando se trate de Análisis de precios unitarios correspondientes a ítems de la propuesta económica aprobada, el Interventor aprueba el desglose de los componentes manteniendo el mismo precio unitario de cada ítem, cumpliendo con las especificaciones de construcción vigentes para el proyecto.
B108: Nota 2: Cuando se trate de Análisis de precios unitarios de ítems no previstos, el Interventor aprueba el desglose y precio unitario de cada ítem no previsto, exigiendo la aplicación de los costos correspondientes a insumos y tarifas de la propuesta económica inicial cuando estén contemplados, cumpliendo con las especificaciones de construcción vigente para el proyecto.
E114: Firma
E115: Nombre:
E116: Representante Legal del Interventor o su Apoderado
E117: Matricula No. :
B119: Original: Archivo de Gestión del Contrato (Subdirección Administrativa).
B120: Copias: Unidad Ejecutora, Contratista, Interventor y Dirección Territorial.

Sheet 3P TRINCHO
K1: CÓDIGO | L1: MINFRA-MN-FR-14
C2: INSTITUTO NACIONAL DE VIAS
C3: PROCESO MISIONAL INFRAESTRUCTURA VIAL | K3: VERSIÓN | L3: 1
C4: DIRECCION TECNICA
C5: ANALISIS DE PRECIOS UNITARIOS | K5: PÁGINA | L5: 1 | M5: DE | N5: 1
K9: FECHA | L9: DD | M9: MM | N9: AA
B11: UNIDAD EJECUTORA: | K11: DIRECCIÓN TERRITORIAL:
B17: CONTRATO No. | E17: DE
B18: OBJETO DEL CONTRATO
B21: CONTRATISTA
B23: INTERVENTOR
B26: FECHA CIERRE DE LICITACIÓN Y/O SELECCIÓN ABREVIADA
B28: DATOS ESPECÍFICOS
B29: ITEM | C29: DESCRIPCIÓN | L29: UNIDAD | N29: CANTIDAD
A30: Unidad | B30: 3.P | C30: TRINCHOS EN GUADUA CON POSTES DE MADERA | L30: M2
B32: I. EQUIPO
B34: DESCRIPCIÓN | I34: TIPO | K34: TARIFA/HORA | L34: RENDIMIENTO | N34: Vr. UNITARIO
B37: HERRAMIENTA MENOR (%) | M37: 0.05 | N37: =N67*M37 -> 682.38823
B38: SUBTOTAL $ | N38: =SUM(N35:N37) -> 682.38823
B40: II. MATERIALES
B42: DESCRIPCIÓN | J42: UNIDAD | K42: CANTIDAD | L42: PRECIO UNIT. | N42: Vr. UNITARIO
A43: B0014790 | B43: =VLOOKUP(A43,MATERIALES!A5:D373,3,FALSE) -> Poste de madera para cercas | J43: =VLOOKUP(A43,MATERIALES!A4:D640,2,FALSE) -> u | K43: 0.6 | M43: =VLOOKUP(A43,MATERIALES!A5:D397,4,FALSE) -> 9000 | N43: =K43*M43 -> 5400
A44: B0014185 | B44: =VLOOKUP(A44,MATERIALES!A6:D374,3,FALSE) -> Guadua | J44: =VLOOKUP(A44,MATERIALES!A5:D641,2,FALSE) -> m | K44: 2 | M44: =VLOOKUP(A44,MATERIALES!A6:D398,4,FALSE) -> 2000 | N44: =K44*M44 -> 4000
A45: B0073220 | B45: =VLOOKUP(A45,MATERIALES!A7:D375,3,FALSE) -> Alambre galvanizado No. 12 | J45: =VLOOKUP(A45,MATERIALES!A6:D642,2,FALSE) -> kg | K45: 0.5 | M45: =VLOOKUP(A45,MATERIALES!A7:D399,4,FALSE) -> 4600 | N45: =K45*M45 -> 2300
B48: SUBTOTAL $ | N48: =SUM(N43:N47) -> 11700
B50: III. TRANSPORTES
B52: MATERIAL | H52: UNIDAD | I52: CANTIDAD (1) | J52: DISTANCIA (2) | K52: (1) * (2) | L52: TARIFA | N52: Vr. UNITARIO
B57: SUBTOTAL $ | N57: =N53+N54+N55+N56 -> 0
B59: IV. MANO DE OBRA
B61: TRABAJADOR | I61: JORNAL | J61: PRESTACIONES (%) | K61: JORNAL TOTAL | L61: RENDIMIENTO | N61: Vr. UNITARIO
A63: A0030040 | B63: =VLOOKUP(A63,'MANO DE OBRA'!A1:D61,3,FALSE) -> Obrero (4) | I63: =K63/J63*100 -> 98362.267 | J63: 185 | K63: =VLOOKUP(A63,'MANO DE OBRA'!A1:D92,4,FALSE) -> 181970.19 | M63: 20 | N63: =K63/M63 -> 9098.5097
A64: A0040010 | B64: =VLOOKUP(A64,'MANO DE OBRA'!A2:D62,3,FALSE) -> Oficial | I64: =K64/J64*100 -> 49181.133 | J64: 185 | K64: =VLOOKUP(A64,'MANO DE OBRA'!A2:D93,4,FALSE) -> 90985.097 | M64: =+M63 -> 20 | N64: =K64/M64 -> 4549.2548
B67: SUBTOTAL $ | N67: =SUM(N62:N66) -> 13647.765
B69: TOTAL COSTO DIRECTO $ | N69: =N38+N48+N57+N67 -> 26030.153
B71: V. COSTOS INDIRECTOS
B73: Descripción | K73: Porcentaje | L73: Valor Total
B74: ADMINISTRACION | K74: 0.2 | L74: =N69*K74 -> 5206.0305
B75: IMPREVISTOS | K75: 0.05 | L75: =N69*K75 -> 1301.5076
B76: UTILIDAD | K76: 0.05 | L76: =N69*K76 -> 1301.5076
B77: SUBTOTAL $ | N77: =L74+L75+L76 -> 7809.0458
A79: PFinal01 | B79: Precio Unitario Total Aproximado al Peso $ | N79: =ROUND(N69+N77,0) -> 33839
G83: Firma
G84: Nombre:
G85: Representante Legal del Contratista o su Apoderado
G86: Matricula No. :
B88: OBSERVACIONES INTERVENTORÍA
G92: Firma
G93: Nombre:
G94: Representante Legal del Interventor o su Apoderado
G95: Matricula No. :
B96: Original: Archivo de Gestión Contractual ( Subdirección Administrativa)
B97: Copias : Unidad Ejecutora, Contratista, Interventor y Dirección Territorial.
H100: DESCRIPCIÓN DE LOS TRABAJOS:
H101: Tiene como finalidad la construcción de bolsas
H102: rellenas con suelo cemento en proporción de
H103: 5:1con las dimensiones según especificación particular anexa.
H104: El suelo será el del terreno natural y tendrá pago
H105: por separado incluido en la actividad 600
H106: "Excavaciones varias sin clasificar"

Sheet 681.3P GAV-SUELO 2
K1: CÓDIGO | L1: MINFRA-MN-IN-10-FR-1
C2: INSTITUTO NACIONAL DE VIAS
C3: PROCESO GESTIÓN DE LA INFRAESTRUCTURA VIAL | K3: VERSIÓN | L3: 1
C4: MANUAL DE INTERVENTORÍA OBRA PÚBLICA
C5: ANÁLISIS DE PRECIOS UNITARIOS | K5: PÁGINA | M5: DE
K8: FECHA
L9: (Día) | M9: (Mes) | N9: (Año)
B10: ITEMS DE LA PROPUESTA ECONÓMICA | F10: □ | I10: ITEMS NO PREVISTOS | K10: □
B11: UNIDAD EJECUTORA: | J11: DIRECCIÓN TERRITORIAL:
B14: CONTRATO No. | D14: DE
B15: OBJETO DEL CONTRATO:
B18: CARRETERA: | J18: SECTOR:
B20: CONTRATISTA:
B22: INTERVENTOR: | K22: CTO No.: | M22: DE
B24: FECHA CIERRE PROCESO DE SELECCIÓN CONTRATO DE OBRA:
F25: (Día) | I25: (Mes) | J25: (Año)
B27: DATOS ESPECÍFICOS
B29: ITEM | C29: DESCRIPCIÓN | K29: GRUPO DE AJUSTE | L29: UNIDAD | N29: CANTIDAD
B30: ITEM | C30: DESCRIPCIÓN | L30: UNIDAD | N30: CANTIDAD
A31: Unidad | B31: 681.3P | C31: Gavión relleno de suelo con geotextil, de Malla de Alambre de Acero Entrelazado Clase 3; recubrimiento de Zinc (galvanizado) y PVC | L31: m3
B33: I. EQUIPO
B35: DESCRIPCIÓN | I35: TIPO | K35: TARIFA/HORA | L35: RENDIMIENTO | N35: Vr. UNITARIO
B41: HERRAMIENTA MENOR (%) | M41: 0.05 | N41: =N77*M41 -> 1364.7765
B43: SUBTOTAL $ | N43: =SUM(N36:N42) -> 1364.7765
B45: II. MATERIALES
B47: DESCRIPCIÓN | J47: UNIDAD | K47: CANTIDAD | L47: PRECIO UNIT. | N47: Vr. UNITARIO
A49: B0073220 | B49: =VLOOKUP(A49,MATERIALES!A6:D373,3,FALSE) -> Alambre galvanizado No. 12 | J49: =VLOOKUP(A49,MATERIALES!A5:D641,2,FALSE) -> kg | K49: 1.15 | M49: =VLOOKUP(A49,MATERIALES!A6:D397,4,FALSE) -> 4600 | N49: =K49*M49 -> 5290
A50: B021001 | B50: =VLOOKUP(A50,MATERIALES!A6:D373,3,FALSE) -> Formaleta (gaviones, juntas de bordillos, juntas de cunetas, muros, concretos clase D,E, F y G) | J50: =VLOOKUP(A50,MATERIALES!A6:D642,2,FALSE) -> m2 | K50: 2 | M50: =VLOOKUP(A50,MATERIALES!A6:D398,4,FALSE) -> 4267.0158 | N50: =K50*M50 -> 8534.0315
A51: B033006 | B51: =VLOOKUP(A51,MATERIALES!A6:D373,3,FALSE) -> Malla Ciclónica Para Gaviones Galvanizada Y Plastificada Con Pvc Cal 12 (2M3) | J51: =VLOOKUP(A51,MATERIALES!A6:D643,2,FALSE) -> u | K51: 0.5 | M51: =VLOOKUP(A51,MATERIALES!A6:D399,4,FALSE) -> 94279.207 | N51: =K51*M51 -> 47139.604
B55: SUBTOTAL $ | N55: =SUM(N48:N54) -> 60963.635
B57: III. TRANSPORTES
B59: MATERIAL | H59: UNIDAD | I59: CANTIDAD (1) | J59: DISTANCIA (2) | K59: (1) * (2) | L59: TARIFA | N59: Vr. UNITARIO
B66: SUBTOTAL $ | N66: =N60+N61+N62+N63+N64 -> 0
B68: IV. MANO DE OBRA
B70: TRABAJADOR | I70: JORNAL | J70: PRESTACIONES (%) | K70: JORNAL TOTAL | L70: RENDIMIENTO | N70: Vr. UNITARIO
A71: A0030040 | B71: =VLOOKUP(A71,'MANO DE OBRA'!A8:D68,3,FALSE) -> Obrero (4) | I71: =K71/J71*100 -> 98362.267 | J71: 185 | K71: =VLOOKUP(A71,'MANO DE OBRA'!A8:D99,4,FALSE) -> 181970.19 | M71: 10 | N71: =K71/M71 -> 18197.019
A72: A0040010 | B72: =VLOOKUP(A72,'MANO DE OBRA'!A8:D69,3,FALSE) -> Oficial | I72: =K72/J72*100 -> 49181.133 | J72: 185 | K72: =VLOOKUP(A72,'MANO DE OBRA'!A8:D100,4,FALSE) -> 90985.097 | M72: =+M71 -> 10 | N72: =K72/M72 -> 9098.5097
B77: SUBTOTAL $ | N77: =SUM(N71:N76) -> 27295.529
B79: TOTAL COSTO DIRECTO $ | N79: =N43+N55+N66+N77 -> 89623.941
B81: V. COSTOS INDIRECTOS
B83: Descripción | K83: Porcentaje | L83: Valor Total
B84: ADMINISTRACION | K84: 0.2 | L84: =N79*K84 -> 17924.788
B85: IMPREVISTOS | K85: 0.05 | L85: =N79*K85 -> 4481.197
B86: UTILIDAD | K86: 0.05 | L86: =N79*K86 -> 4481.197
B87: SUBTOTAL $ | N87: =L84+L85+L86 -> 26887.182
A89: PFinal01 | B89: Precio Unitario Total Aproximado al Peso $ | N89: =ROUND(N79+N87,0) -> 116511
E94: Firma
E95: Nombre:
E96: Representante Legal del Contratista o su Apoderado
E97: Matricula No. :
B99: OBSERVACIONES INTERVENTORÍA:
B105: APROBACIÓN POR INTERVENTORÍA
B106: Nota 1: Cuando se trate de Análisis de precios unitarios correspondientes a ítems de la propuesta económica aprobada, el Interventor aprueba el desglose de los componentes manteniendo el mismo precio unitario de cada ítem, cumpliendo con las especificaciones de construcción vigentes para el proyecto.
B108: Nota 2: Cuando se trate de Análisis de precios unitarios de ítems no previstos, el Interventor aprueba el desglose y precio unitario de cada ítem no previsto, exigiendo la aplicación de los costos correspondientes a insumos y tarifas de la propuesta económica inicial cuando estén contemplados, cumpliendo con las especificaciones de construcción vigente para el proyecto.
E114: Firma
E115: Nombre:
E116: Representante Legal del Interventor o su Apoderado
E117: Matricula No. :
B119: Original: Archivo de Gestión del Contrato (Subdirección Administrativa).
B120: Copias: Unidad Ejecutora, Contratista, Interventor y Dirección Territorial.

Sheet 201.7
K1: CÓDIGO | L1: MINFRA-MN-IN-10-FR-1
C2: INSTITUTO NACIONAL DE VIAS
C3: PROCESO GESTIÓN DE LA INFRAESTRUCTURA VIAL | K3: VERSIÓN | L3: 1
C4: MANUAL DE INTERVENTORÍA OBRA PÚBLICA
C5: ANÁLISIS DE PRECIOS UNITARIOS | K5: PÁGINA | M5: DE
K8: FECHA
L9: (Día) | M9: (Mes) | N9: (Año)
B10: ITEMS DE LA PROPUESTA ECONÓMICA | F10: □ | I10: ITEMS NO PREVISTOS | K10: □
B11: UNIDAD EJECUTORA: | J11: DIRECCIÓN TERRITORIAL:
B14: CONTRATO No. | D14: DE
B15: OBJETO DEL CONTRATO:
B18: CARRETERA: | J18: SECTOR:
B20: CONTRATISTA:
B22: INTERVENTOR: | K22: CTO No.: | M22: DE
B24: FECHA CIERRE PROCESO DE SELECCIÓN CONTRATO DE OBRA:
F25: (Día) | I25: (Mes) | J25: (Año)
B27: DATOS ESPECÍFICOS
B29: ITEM | C29: DESCRIPCIÓN | K29: GRUPO DE AJUSTE | L29: UNIDAD | N29: CANTIDAD
B30: ITEM | C30: DESCRIPCIÓN | L30: UNIDAD | N30: CANTIDAD
A31: Unidad | B31: 201.7 | C31: DEMOLICIÓN DE ESTRUCTURAS | L31: m3
B33: I. EQUIPO
B35: DESCRIPCIÓN | I35: TIPO | K35: TARIFA/HORA | L35: RENDIMIENTO | N35: Vr. UNITARIO
A36: C0010790 | B36: =VLOOKUP(A36,EQUIPOS!A6:D154,3,FALSE) -> Retroexcavadora sobre oruga, potencia 138 HP, balde de 1,5 m3. | K36: =VLOOKUP(A36,EQUIPOS!A6:D161,4,FALSE) -> 148800 | M36: 2.5 | N36: =K36/M36 -> 59520
A37: C0010270 | B37: =VLOOKUP(A37,EQUIPOS!A7:D154,3,FALSE) -> Compresor 120 HP, con martillo. | K37: =VLOOKUP(A37,EQUIPOS!A7:D162,4,FALSE) -> 75000 | M37: 2.5 | N37: =K37/M37 -> 30000
A38: C0010330 | B38: =VLOOKUP(A38,EQUIPOS!A8:D154,3,FALSE) -> Equipo de oxicorte, Capacidad de corte: hasta 6´´ (152mm) | K38: =VLOOKUP(A38,EQUIPOS!A8:D163,4,FALSE) -> 8896.7365 | M38: 2.5 | N38: =K38/M38 -> 3558.6946
B42: HERRAMIENTA MENOR (%) | L42: 0.02 | N42: =N76*L42 -> 181.97019
B43: SUBTOTAL $ | N43: =SUM(N36:N42) -> 93260.665
B45: II. MATERIALES
B47: DESCRIPCIÓN | J47: UNIDAD | K47: CANTIDAD | L47: PRECIO UNIT. | N47: Vr. UNITARIO
B54: SUBTOTAL $
B56: III. TRANSPORTES
B58: MATERIAL | H58: UNIDAD | I58: CANTIDAD (1) | J58: DISTANCIA (2) | K58: (1) * (2) | L58: TARIFA | N58: Vr. UNITARIO
A59: T0010032 | B59: =VLOOKUP(A59,TRANSPORTE!A5:D94,3,FALSE) -> Transporte de material de demolición | H59: =VLOOKUP(A59,TRANSPORTE!A6:D120,2,FALSE) -> m3k | I59: 1.4 | J59: 1 | K59: =I59*J59 -> 1.4 | L59: ='900.2'!N78 -> 946.9697 | N59: =K59*L59 -> 1325.7576
B65: SUBTOTAL $ | N65: =N59+N60+N61+N62+N63 -> 1325.7576
B67: IV. MANO DE OBRA
B69: TRABAJADOR | I69: JORNAL | J69: PRESTACIONES (%) | K69: JORNAL TOTAL | L69: RENDIMIENTO | N69: Vr. UNITARIO
A70: A0030020 | B70: =VLOOKUP(A70,'MANO DE OBRA'!A8:D68,3,FALSE) -> Obrero (2) | I70: =K70/J70*100 -> 49181.133 | J70: 185 | K70: =VLOOKUP(A70,'MANO DE OBRA'!A8:D99,4,FALSE) -> 90985.097 | M70: 20 | N70: =K70/M70 -> 4549.2548
A71: A0040010 | B71: =VLOOKUP(A71,'MANO DE OBRA'!A8:D69,3,FALSE) -> Oficial | I71: =K71/J71*100 -> 49181.133 | J71: 185 | K71: =VLOOKUP(A71,'MANO DE OBRA'!A8:D100,4,FALSE) -> 90985.097 | M71: 20 | N71: =K71/M71 -> 4549.2548
B76: SUBTOTAL $ | N76: =SUM(N70:N75) -> 9098.5097
B78: TOTAL COSTO DIRECTO $ | N78: =N43+N54+N65+N76 -> 103684.93
B80: V. COSTOS INDIRECTOS
B82: Descripción | K82: Porcentaje | L82: Valor Total
B83: ADMINISTRACION | K83: 0.2 | L83: =N78*K83 -> 20736.986
B84: IMPREVISTOS | K84: 0.05 | L84: =N78*K84 -> 5184.2466
B85: UTILIDAD | K85: 0.05 | L85: =N78*K85 -> 5184.2466
B86: SUBTOTAL $ | N86: =L83+L84+L85 -> 31105.48
A88: PFinal01 | B88: Precio Unitario Total Aproximado al Peso $ | N88: =N78+N86 -> 134790.41
E93: Firma
E94: Nombre:
E95: Representante Legal del Contratista o su Apoderado
E96: Matricula No. :
B98: OBSERVACIONES INTERVENTORÍA:
B104: APROBACIÓN POR INTERVENTORÍA
B105: Nota 1: Cuando se trate de Análisis de precios unitarios correspondientes a ítems de la propuesta económica aprobada, el Interventor aprueba el desglose de los componentes manteniendo el mismo precio unitario de cada ítem, cumpliendo con las especificaciones de construcción vigentes para el proyecto.
B107: Nota 2: Cuando se trate de Análisis de precios unitarios de ítems no previstos, el Interventor aprueba el desglose y precio unitario de cada ítem no previsto, exigiendo la aplicación de los costos correspondientes a insumos y tarifas de la propuesta económica inicial cuando estén contemplados, cumpliendo con las especificaciones de construcción vigente para el proyecto.
E113: Firma
E114: Nombre:
E115: Representante Legal del Interventor o su Apoderado
E116: Matricula No. :
B118: Original: Archivo de Gestión del Contrato (Subdirección Administrativa).
B119: Copias: Unidad Ejecutora, Contratista, Interventor y Dirección Territorial.

Sheet 210.1.1
K1: CÓDIGO | L1: MINFRA-MN-IN-10-FR-1
C2: INSTITUTO NACIONAL DE VIAS
C3: PROCESO GESTIÓN DE LA INFRAESTRUCTURA VIAL | K3: VERSIÓN | L3: 1
C4: MANUAL DE INTERVENTORÍA OBRA PÚBLICA
C5: ANÁLISIS DE PRECIOS UNITARIOS | K5: PÁGINA | M5: DE
K8: FECHA
L9: (Día) | M9: (Mes) | N9: (Año)
B10: ITEMS DE LA PROPUESTA ECONÓMICA | F10: □ | I10: ITEMS NO PREVISTOS | K10: □
B11: UNIDAD EJECUTORA: | J11: DIRECCIÓN TERRITORIAL:
B14: CONTRATO No. | D14: DE
B15: OBJETO DEL CONTRATO:
B18: CARRETERA: | J18: SECTOR:
B20: CONTRATISTA:
B22: INTERVENTOR: | K22: CTO No.: | M22: DE
B24: FECHA CIERRE PROCESO DE SELECCIÓN CONTRATO DE OBRA:
F25: (Día) | I25: (Mes) | J25: (Año)
B27: DATOS ESPECÍFICOS
B29: ITEM | C29: DESCRIPCIÓN | K29: GRUPO DE AJUSTE | L29: UNIDAD | N29: CANTIDAD
B30: ITEM | C30: DESCRIPCIÓN | L30: UNIDAD | N30: CANTIDAD
A31: Unidad | B31: 210.1.1 | C31: EXCAVACIÓN SIN CLASIFICAR DE LA EXPLANACIÓN Y CANALES | L31: m3
B33: I. EQUIPO
B35: DESCRIPCIÓN | I35: TIPO | K35: TARIFA/HORA | L35: RENDIMIENTO | N35: Vr. UNITARIO
A36: C0010790 | B36: =VLOOKUP(A36,EQUIPOS!A6:D154,3,FALSE) -> Retroexcavadora sobre oruga, potencia 138 HP, balde de 1,5 m3. | K36: =VLOOKUP(A36,EQUIPOS!A6:D163,4,FALSE) -> 148800 | M36: 66 | N36: =K36/M36 -> 2254.5455
A37: C0010052 | B37: =VLOOKUP(A37,EQUIPOS!A7:D154,3,FALSE) -> Buldozer, Potencia al volante de 140 HP, motor de 2200 RPM, longitud de hoja 4,80m. | K37: =VLOOKUP(A37,EQUIPOS!A7:D164,4,FALSE) -> 196350 | M37: 100 | N37: =K37/M37 -> 1963.5
B42: HERRAMIENTA MENOR (%) | L42: 0.01 | N42: =N76*L42 -> 0.86160129
B43: SUBTOTAL $ | N43: =SUM(N36:N42) -> 4218.9071
B45: II. MATERIALES
B47: DESCRIPCIÓN | J47: UNIDAD | K47: CANTIDAD | L47: PRECIO UNIT. | N47: Vr. UNITARIO
A48: B0013790 | B48: =VLOOKUP(A48,MATERIALES!A4:D373,3,FALSE) -> Derechos de explotación y/o disposición de materiales | J48: =VLOOKUP(A48,MATERIALES!A4:D373,2,FALSE) -> m3 | K48: 1 | M48: =VLOOKUP(A48,MATERIALES!A5:D373,4,FALSE) -> 2784.8823 | N48: =K48*M48 -> 2784.8823
B54: SUBTOTAL $ | N54: =SUM(N48:N53) -> 2784.8823
B56: III. TRANSPORTES
B58: MATERIAL | H58: UNIDAD | I58: CANTIDAD (1) | J58: DISTANCIA (2) | K58: (1) * (2) | L58: TARIFA | N58: Vr. UNITARIO
B65: SUBTOTAL $
B67: IV. MANO DE OBRA
B69: TRABAJADOR | I69: JORNAL | J69: PRESTACIONES (%) | K69: JORNAL TOTAL | L69: RENDIMIENTO | N69: Vr. UNITARIO
A70: A0030010 | B70: =VLOOKUP(A70,'MANO DE OBRA'!A8:D68,3,FALSE) -> Obrero | I70: =K70/J70*100 -> 24590.567 | J70: 185 | K70: =VLOOKUP(A70,'MANO DE OBRA'!A8:D99,4,FALSE) -> 45492.548 | M70: 528 | N70: =K70/M70 -> 86.160129
B76: SUBTOTAL $ | N76: =SUM(N70:N75) -> 86.160129
B78: TOTAL COSTO DIRECTO $ | N78: =N43+N54+N65+N76 -> 7089.9495
B80: V. COSTOS INDIRECTOS
B82: Descripción | K82: Porcentaje | L82: Valor Total
B83: ADMINISTRACION | K83: 0.2 | L83: =N78*K83 -> 1417.9899
B84: IMPREVISTOS | K84: 0.05 | L84: =N78*K84 -> 354.49747
B85: UTILIDAD | K85: 0.05 | L85: =N78*K85 -> 354.49747
B86: SUBTOTAL $ | N86: =L83+L84+L85 -> 2126.9848
A88: PFinal01 | B88: Precio Unitario Total Aproximado al Peso $ | N88: =N78+N86 -> 9216.9343
E93: Firma
E94: Nombre:
E95: Representante Legal del Contratista o su Apoderado
E96: Matricula No. :
B98: OBSERVACIONES INTERVENTORÍA:
B104: APROBACIÓN POR INTERVENTORÍA
B105: Nota 1: Cuando se trate de Análisis de precios unitarios correspondientes a ítems de la propuesta económica aprobada, el Interventor aprueba el desglose de los componentes manteniendo el mismo precio unitario de cada ítem, cumpliendo con las especificaciones de construcción vigentes para el proyecto.
B107: Nota 2: Cuando se trate de Análisis de precios unitarios de ítems no previstos, el Interventor aprueba el desglose y precio unitario de cada ítem no previsto, exigiendo la aplicación de los costos correspondientes a insumos y tarifas de la propuesta económica inicial cuando estén contemplados, cumpliendo con las especificaciones de construcción vigente para el proyecto.
E113: Firma
E114: Nombre:
E115: Representante Legal del Interventor o su Apoderado
E116: Matricula No. :
B118: Original: Archivo de Gestión del Contrato (Subdirección Administrativa).
B119: Copias: Unidad Ejecutora, Contratista, Interventor y Dirección Territorial.

Sheet 211.1
K1: CÓDIGO | L1: MINFRA-MN-IN-10-FR-1
C2: INSTITUTO NACIONAL DE VIAS
C3: PROCESO GESTIÓN DE LA INFRAESTRUCTURA VIAL | K3: VERSIÓN | L3: 1
C4: MANUAL DE INTERVENTORÍA OBRA PÚBLICA
C5: ANÁLISIS DE PRECIOS UNITARIOS | K5: PÁGINA | M5: DE
K8: FECHA
L9: (Día) | M9: (Mes) | N9: (Año)
B10: ITEMS DE LA PROPUESTA ECONÓMICA | F10: □ | I10: ITEMS NO PREVISTOS | K10: □
B11: UNIDAD EJECUTORA: | J11: DIRECCIÓN TERRITORIAL:
B14: CONTRATO No. | D14: DE
B15: OBJETO DEL CONTRATO:
B18: CARRETERA: | J18: SECTOR:
B20: CONTRATISTA:
B22: INTERVENTOR: | K22: CTO No.: | M22: DE
B24: FECHA CIERRE PROCESO DE SELECCIÓN CONTRATO DE OBRA:
F25: (Día) | I25: (Mes) | J25: (Año)
B27: DATOS ESPECÍFICOS
B29: ITEM | C29: DESCRIPCIÓN | K29: GRUPO DE AJUSTE | L29: UNIDAD | N29: CANTIDAD
B30: ITEM | C30: DESCRIPCIÓN | L30: UNIDAD | N30: CANTIDAD
A31: Unidad | B31: 211.1 | C31: REMOCIÓN DE DERRUMBES | L31: m3
B33: I. EQUIPO
B35: DESCRIPCIÓN | I35: TIPO | K35: TARIFA/HORA | L35: RENDIMIENTO | N35: Vr. UNITARIO
A36: C0010130 | B36: =VLOOKUP(A36,EQUIPOS!A6:D154,3,FALSE) -> Cargador : Potencia en el volante 110 hp, Clasificación de RPM del motor 2300. | K36: =VLOOKUP(A36,EQUIPOS!A6:D163,4,FALSE) -> 95175 | M36: 66 | N36: =K36/M36 -> 1442.0455
A37: C0010052 | B37: =VLOOKUP(A37,EQUIPOS!A7:D154,3,FALSE) -> Buldozer, Potencia al volante de 140 HP, motor de 2200 RPM, longitud de hoja 4,80m. | K37: =VLOOKUP(A37,EQUIPOS!A7:D164,4,FALSE) -> 196350 | M37: 100 | N37: =K37/M37 -> 1963.5
B42: HERRAMIENTA MENOR (%) | L42: 0.01 | N42: =N76*L42 -> 1.7232026
B43: SUBTOTAL $ | N43: =SUM(N36:N42) -> 3407.2687
B45: II. MATERIALES
B47: DESCRIPCIÓN | J47: UNIDAD | K47: CANTIDAD | L47: PRECIO UNIT. | N47: Vr. UNITARIO
A48: B0013820 | B48: =VLOOKUP(A48,MATERIALES!A4:D373,3,FALSE) -> Disposición de material de derrumbe | J48: =VLOOKUP(A48,MATERIALES!A4:D373,2,FALSE) -> m3 | K48: 1 | M48: =VLOOKUP(A48,MATERIALES!A4:D395,4,FALSE) -> 2818.1249 | N48: =K48*M48 -> 2818.1249
B54: SUBTOTAL $ | N54: =SUM(N48:N53) -> 2818.1249
B56: III. TRANSPORTES
B58: MATERIAL | H58: UNIDAD | I58: CANTIDAD (1) | J58: DISTANCIA (2) | K58: (1) * (2) | L58: TARIFA | N58: Vr. UNITARIO
B65: SUBTOTAL $
B67: IV. MANO DE OBRA
B69: TRABAJADOR | I69: JORNAL | J69: PRESTACIONES (%) | K69: JORNAL TOTAL | L69: RENDIMIENTO | N69: Vr. UNITARIO
A70: A0030020 | B70: =VLOOKUP(A70,'MANO DE OBRA'!A8:D68,3,FALSE) -> Obrero (2) | I70: =K70/J70*100 -> 49181.133 | J70: 185 | K70: =VLOOKUP(A70,'MANO DE OBRA'!A8:D99,4,FALSE) -> 90985.097 | M70: 528 | N70: =K70/M70 -> 172.32026
B76: SUBTOTAL $ | N76: =SUM(N70:N75) -> 172.32026
B78: TOTAL COSTO DIRECTO $ | N78: =N43+N54+N65+N76 -> 6397.7138
B80: V. COSTOS INDIRECTOS
B82: Descripción | K82: Porcentaje | L82: Valor Total
B83: ADMINISTRACION | K83: 0.2 | L83: =N78*K83 -> 1279.5428
B84: IMPREVISTOS | K84: 0.05 | L84: =N78*K84 -> 319.88569
B85: UTILIDAD | K85: 0.05 | L85: =N78*K85 -> 319.88569
B86: SUBTOTAL $ | N86: =L83+L84+L85 -> 1919.3141
A88: PFinal01 | B88: Precio Unitario Total Aproximado al Peso $ | N88: =N78+N86 -> 8317.0279
E93: Firma
E94: Nombre:
E95: Representante Legal del Contratista o su Apoderado
E96: Matricula No. :
B98: OBSERVACIONES INTERVENTORÍA:
B104: APROBACIÓN POR INTERVENTORÍA
B105: Nota 1: Cuando se trate de Análisis de precios unitarios correspondientes a ítems de la propuesta económica aprobada, el Interventor aprueba el desglose de los componentes manteniendo el mismo precio unitario de cada ítem, cumpliendo con las especificaciones de construcción vigentes para el proyecto.
B107: Nota 2: Cuando se trate de Análisis de precios unitarios de ítems no previstos, el Interventor aprueba el desglose y precio unitario de cada ítem no previsto, exigiendo la aplicación de los costos correspondientes a insumos y tarifas de la propuesta económica inicial cuando estén contemplados, cumpliendo con las especificaciones de construcción vigente para el proyecto.
E113: Firma
E114: Nombre:
E115: Representante Legal del Interventor o su Apoderado
E116: Matricula No. :
B118: Original: Archivo de Gestión del Contrato (Subdirección Administrativa).
B119: Copias: Unidad Ejecutora, Contratista, Interventor y Dirección Territorial.

Sheet 600.1.1
K1: CÓDIGO | L1: MINFRA-MN-IN-10-FR-1
C2: INSTITUTO NACIONAL DE VIAS
C3: PROCESO GESTIÓN DE LA INFRAESTRUCTURA VIAL | K3: VERSIÓN | L3: 1
C4: MANUAL DE INTERVENTORÍA OBRA PÚBLICA
C5: ANÁLISIS DE PRECIOS UNITARIOS | K5: PÁGINA | M5: DE
K8: FECHA
L9: (Día) | M9: (Mes) | N9: (Año)
B10: ITEMS DE LA PROPUESTA ECONÓMICA | F10: □ | I10: ITEMS NO PREVISTOS | K10: □
B11: UNIDAD EJECUTORA: | J11: DIRECCIÓN TERRITORIAL:
B14: CONTRATO No. | D14: DE
B15: OBJETO DEL CONTRATO:
B18: CARRETERA: | J18: SECTOR:
B20: CONTRATISTA:
B22: INTERVENTOR: | K22: CTO No.: | M22: DE
B24: FECHA CIERRE PROCESO DE SELECCIÓN CONTRATO DE OBRA:
F25: (Día) | I25: (Mes) | J25: (Año)
B27: DATOS ESPECÍFICOS
B29: ITEM | C29: DESCRIPCIÓN | K29: GRUPO DE AJUSTE | L29: UNIDAD | N29: CANTIDAD
B30: ITEM | C30: DESCRIPCIÓN | L30: UNIDAD | N30: CANTIDAD
A31: Unidad | B31: 600.1.1 | C31: Excavaciones Varias sin Clasificar | L31: m3
B33: I. EQUIPO
B35: DESCRIPCIÓN | I35: TIPO | K35: TARIFA/HORA | L35: RENDIMIENTO | N35: Vr. UNITARIO
A36: C0010270 | B36: =VLOOKUP(A36,EQUIPOS!A6:D154,3,FALSE) -> Compresor 120 HP, con martillo. | K36: =VLOOKUP(A36,EQUIPOS!A6:D163,4,FALSE) -> 75000 | M36: 35 | N36: =K36/M36 -> 2142.8571
A37: C0010790 | B37: =VLOOKUP(A37,EQUIPOS!A7:D154,3,FALSE) -> Retroexcavadora sobre oruga, potencia 138 HP, balde de 1,5 m3. | K37: =VLOOKUP(A37,EQUIPOS!A7:D164,4,FALSE) -> 148800 | M37: 35 | N37: =K37/M37 -> 4251.4286
B40: HERRAMIENTA MENOR (%) | M40: 0.01 | N40: =N73*M40 -> 6.4989355
B42: SUBTOTAL $ | N42: =SUM(N36:N41) -> 6400.7846
B44: II. MATERIALES
B46: DESCRIPCIÓN | J46: UNIDAD | K46: CANTIDAD | L46: PRECIO UNIT. | N46: Vr. UNITARIO
A47: B0013790 | B47: =VLOOKUP(A47,MATERIALES!A5:D373,3,FALSE) -> Derechos de explotación y/o disposición de materiales | J47: =VLOOKUP(A47,MATERIALES!A3:D639,2,FALSE) -> m3 | K47: 1.3 | M47: =VLOOKUP(A47,MATERIALES!A5:D396,4,FALSE) -> 2784.8823 | N47: =K47*M47 -> 3620.347
B51: SUBTOTAL $ | N51: =SUM(N47:N50) -> 3620.347
B53: III. TRANSPORTES
B55: MATERIAL | H55: UNIDAD | I55: CANTIDAD (1) | J55: DISTANCIA (2) | K55: (1) * (2) | L55: TARIFA | N55: Vr. UNITARIO
A56: T0010025 | B56: =VLOOKUP(A56,TRANSPORTE!A5:D117,3,FALSE) -> Transporte de material de excavación | H56: m3km | I56: 1.3 | J56: 1 | K56: =I56*J56 -> 1.3 | L56: =VLOOKUP(A56,TRANSPORTE!A5:D117,4,FALSE) -> 946.9697 | N56: =K56*L56 -> 1231.0606
B62: SUBTOTAL $ | N62: =N56+N57+N58+N59+N60 -> 1231.0606
B64: IV. MANO DE OBRA
B66: TRABAJADOR | I66: JORNAL | J66: PRESTACIONES (%) | K66: JORNAL TOTAL | L66: RENDIMIENTO | N66: Vr. UNITARIO
A67: A0030020 | B67: =VLOOKUP(A67,'MANO DE OBRA'!A8:D68,3,FALSE) -> Obrero (2) | I67: =K67/J67*100 -> 49181.133 | J67: 185 | K67: =VLOOKUP(A67,'MANO DE OBRA'!A8:D99,4,FALSE) -> 90985.097 | M67: 280 | N67: =K67/M67 -> 324.94677
A68: A0040010 | B68: =VLOOKUP(A68,'MANO DE OBRA'!A8:D69,3,FALSE) -> Oficial | I68: =K68/J68*100 -> 49181.133 | J68: 185 | K68: =VLOOKUP(A68,'MANO DE OBRA'!A8:D100,4,FALSE) -> 90985.097 | M68: 280 | N68: =K68/M68 -> 324.94677
B73: SUBTOTAL $ | N73: =SUM(N67:N72) -> 649.89355
B75: TOTAL COSTO DIRECTO $ | N75: =N42+N51+N62+N73 -> 11902.086
B77: V. COSTOS INDIRECTOS
B79: Descripción | K79: Porcentaje | L79: Valor Total
B80: ADMINISTRACION | K80: 0.2 | L80: =N75*K80 -> 2380.4172
B81: IMPREVISTOS | K81: 0.05 | L81: =N75*K81 -> 595.10429
B82: UTILIDAD | K82: 0.05 | L82: =N75*K82 -> 595.10429
B83: SUBTOTAL $ | N83: =L80+L81+L82 -> 3570.6257
A85: PFinal01 | B85: Precio Unitario Total Aproximado al Peso $ | N85: =N75+N83 -> 15472.711
E90: Firma
E91: Nombre:
E92: Representante Legal del Contratista o su Apoderado
E93: Matricula No. :
B95: OBSERVACIONES INTERVENTORÍA:
B101: APROBACIÓN POR INTERVENTORÍA
B102: Nota 1: Cuando se trate de Análisis de precios unitarios correspondientes a ítems de la propuesta económica aprobada, el Interventor aprueba el desglose de los componentes manteniendo el mismo precio unitario de cada ítem, cumpliendo con las especificaciones de construcción vigentes para el proyecto.
B104: Nota 2: Cuando se trate de Análisis de precios unitarios de ítems no previstos, el Interventor aprueba el desglose y precio unitario de cada ítem no previsto, exigiendo la aplicación de los costos correspondientes a insumos y tarifas de la propuesta económica inicial cuando estén contemplados, cumpliendo con las especificaciones de construcción vigente para el proyecto.
E110: Firma
E111: Nombre:
E112: Representante Legal del Interventor o su Apoderado
E113: Matricula No. :
B115: Original: Archivo de Gestión del Contrato (Subdirección Administrativa).
B116: Copias: Unidad Ejecutora, Contratista, Interventor y Dirección Territorial.

Sheet 600.2.1
K1: CÓDIGO | L1: MINFRA-MN-IN-10-FR-1
C2: INSTITUTO NACIONAL DE VIAS
C3: PROCESO GESTIÓN DE LA INFRAESTRUCTURA VIAL | K3: VERSIÓN | L3: 1
C4: MANUAL DE INTERVENTORÍA OBRA PÚBLICA
C5: ANÁLISIS DE PRECIOS UNITARIOS | K5: PÁGINA | M5: DE
K8: FECHA
L9: (Día) | M9: (Mes) | N9: (Año)
B10: ITEMS DE LA PROPUESTA ECONÓMICA | F10: □ | I10: ITEMS NO PREVISTOS | K10: □
B11: UNIDAD EJECUTORA: | J11: DIRECCIÓN TERRITORIAL:
B14: CONTRATO No. | D14: DE
B15: OBJETO DEL CONTRATO:
B18: CARRETERA: | J18: SECTOR:
B20: CONTRATISTA:
B22: INTERVENTOR: | K22: CTO No.: | M22: DE
B24: FECHA CIERRE PROCESO DE SELECCIÓN CONTRATO DE OBRA:
F25: (Día) | I25: (Mes) | J25: (Año)
B27: DATOS ESPECÍFICOS
B29: ITEM | C29: DESCRIPCIÓN | K29: GRUPO DE AJUSTE | L29: UNIDAD | N29: CANTIDAD
B30: ITEM | C30: DESCRIPCIÓN | L30: UNIDAD | N30: CANTIDAD
A31: Unidad | B31: 600.2.1 | C31: Excavaciones Varias en Roca en Seco. | L31: m3
B33: I. EQUIPO
B35: DESCRIPCIÓN | I35: TIPO | K35: TARIFA/HORA | L35: RENDIMIENTO | N35: Vr. UNITARIO
A36: C0010270 | B36: =VLOOKUP(A36,EQUIPOS!A6:D154,3,FALSE) -> Compresor 120 HP, con martillo. | K36: =VLOOKUP(A36,EQUIPOS!A6:D163,4,FALSE) -> 75000 | M36: 2.5 | N36: =K36/M36 -> 30000
A37: C0010052 | B37: =VLOOKUP(A37,EQUIPOS!A7:D154,3,FALSE) -> Buldozer, Potencia al volante de 140 HP, motor de 2200 RPM, longitud de hoja 4,80m. | K37: =VLOOKUP(A37,EQUIPOS!A7:D164,4,FALSE) -> 196350 | M37: 100 | N37: =K37/M37 -> 1963.5
A38: C0010790 | B38: =VLOOKUP(A38,EQUIPOS!A8:D154,3,FALSE) -> Retroexcavadora sobre oruga, potencia 138 HP, balde de 1,5 m3. | K38: =VLOOKUP(A38,EQUIPOS!A8:D165,4,FALSE) -> 148800 | M38: 16 | N38: =K38/M38 -> 9300
B40: HERRAMIENTA MENOR (%) | M40: 0.01 | N40: =N76*M40 -> 21.324632
B42: SUBTOTAL $ | N42: =SUM(N36:N41) -> 41284.825
B44: II. MATERIALES
B46: DESCRIPCIÓN | J46: UNIDAD | K46: CANTIDAD | L46: PRECIO UNIT. | N46: Vr. UNITARIO
A47: B0013270 | B47: =VLOOKUP(A47,MATERIALES!A5:D373,3,FALSE) -> Anfo | J47: =VLOOKUP(A47,MATERIALES!A3:D639,2,FALSE) -> kg | K47: 0.3 | M47: =VLOOKUP(A47,MATERIALES!A5:D396,4,FALSE) -> 4857.0484 | N47: =K47*M47 -> 1457.1145
A48: B0013730 | B48: =VLOOKUP(A48,MATERIALES!A6:D373,3,FALSE) -> Cordón detonante | J48: =VLOOKUP(A48,MATERIALES!A4:D640,2,FALSE) -> m | K48: 3 | M48: =VLOOKUP(A48,MATERIALES!A6:D397,4,FALSE) -> 1267.8696 | N48: =K48*M48 -> 3803.6089
A49: B0013980 | B49: =VLOOKUP(A49,MATERIALES!A6:D373,3,FALSE) -> Explosivos 75% (INDUGEL) | J49: =VLOOKUP(A49,MATERIALES!A5:D641,2,FALSE) -> lb | K49: 0.25 | M49: =VLOOKUP(A49,MATERIALES!A6:D398,4,FALSE) -> 6350.6624 | N49: =K49*M49 -> 1587.6656
A50: B0014040 | B50: =VLOOKUP(A50,MATERIALES!A6:D373,3,FALSE) -> Fulminantes | J50: =VLOOKUP(A50,MATERIALES!A6:D642,2,FALSE) -> u | K50: 1 | M50: =VLOOKUP(A50,MATERIALES!A6:D399,4,FALSE) -> 694.1275 | N50: =K50*M50 -> 694.1275
A51: B0014420 | B51: =VLOOKUP(A51,MATERIALES!A7:D373,3,FALSE) -> Mecha Lenta | J51: =VLOOKUP(A51,MATERIALES!A6:D643,2,FALSE) -> m | K51: 1 | M51: =VLOOKUP(A51,MATERIALES!A7:D400,4,FALSE) -> 646.7999 | N51: =K51*M51 -> 646.7999
A52: B015012 | B52: =VLOOKUP(A52,MATERIALES!A8:D373,3,FALSE) -> Escolta y transporte (una tarifa por cada m3 escoltado y transportado) | J52: =VLOOKUP(A52,MATERIALES!A6:D644,2,FALSE) -> kg | K52: 0.458 | M52: =VLOOKUP(A52,MATERIALES!A8:D401,4,FALSE) -> 4755.8529 | N52: =K52*M52 -> 2178.1806
A53: B0013790 | B53: =VLOOKUP(A53,MATERIALES!A9:D373,3,FALSE) -> Derechos de explotación y/o disposición de materiales | J53: =VLOOKUP(A53,MATERIALES!A7:D645,2,FALSE) -> m3 | K53: 1.3 | M53: =VLOOKUP(A53,MATERIALES!A9:D402,4,FALSE) -> 2784.8823 | N53: =K53*M53 -> 3620.347
B54: SUBTOTAL $ | N54: =SUM(N47:N53) -> 13987.844
B56: III. TRANSPORTES
B58: MATERIAL | H58: UNIDAD | I58: CANTIDAD (1) | J58: DISTANCIA (2) | K58: (1) * (2) | L58: TARIFA | N58: Vr. UNITARIO
A59: T0010025 | B59: =VLOOKUP(A59,TRANSPORTE!A5:D117,3,FALSE) -> Transporte de material de excavación | H59: m3km | I59: 1.3 | J59: 1 | K59: =I59*J59 -> 1.3 | L59: =VLOOKUP(A59,TRANSPORTE!A5:D117,4,FALSE) -> 946.9697 | N59: =K59*L59 -> 1231.0606
B65: SUBTOTAL $ | N65: =N59+N60+N61+N62+N63 -> 1231.0606
B67: IV. MANO DE OBRA
B69: TRABAJADOR | I69: JORNAL | J69: PRESTACIONES (%) | K69: JORNAL TOTAL | L69: RENDIMIENTO | N69: Vr. UNITARIO
A70: A0030040 | B70: =VLOOKUP(A70,'MANO DE OBRA'!A8:D68,3,FALSE) -> Obrero (4) | I70: =K70/J70*100 -> 98362.267 | J70: 185 | K70: =VLOOKUP(A70,'MANO DE OBRA'!A8:D99,4,FALSE) -> 181970.19 | M70: 128 | N70: =K70/M70 -> 1421.6421
A71: A0040010 | B71: =VLOOKUP(A71,'MANO DE OBRA'!A8:D69,3,FALSE) -> Oficial | I71: =K71/J71*100 -> 49181.133 | J71: 185 | K71: =VLOOKUP(A71,'MANO DE OBRA'!A8:D100,4,FALSE) -> 90985.097 | M71: 128 | N71: =K71/M71 -> 710.82107
B76: SUBTOTAL $ | N76: =SUM(N70:N75) -> 2132.4632
B78: TOTAL COSTO DIRECTO $ | N78: =N42+N54+N65+N76 -> 58636.192
B80: V. COSTOS INDIRECTOS
B82: Descripción | K82: Porcentaje | L82: Valor Total
B83: ADMINISTRACION | K83: 0.2 | L83: =N78*K83 -> 11727.238
B84: IMPREVISTOS | K84: 0.05 | L84: =N78*K84 -> 2931.8096
B85: UTILIDAD | K85: 0.05 | L85: =N78*K85 -> 2931.8096
B86: SUBTOTAL $ | N86: =L83+L84+L85 -> 17590.858
A88: PFinal01 | B88: Precio Unitario Total Aproximado al Peso $ | N88: =N78+N86 -> 76227.05
E93: Firma
E94: Nombre:
E95: Representante Legal del Contratista o su Apoderado
E96: Matricula No. :
B98: OBSERVACIONES INTERVENTORÍA:
B104: APROBACIÓN POR INTERVENTORÍA
B105: Nota 1: Cuando se trate de Análisis de precios unitarios correspondientes a ítems de la propuesta económica aprobada, el Interventor aprueba el desglose de los componentes manteniendo el mismo precio unitario de cada ítem, cumpliendo con las especificaciones de construcción vigentes para el proyecto.
B107: Nota 2: Cuando se trate de Análisis de precios unitarios de ítems no previstos, el Interventor aprueba el desglose y precio unitario de cada ítem no previsto, exigiendo la aplicación de los costos correspondientes a insumos y tarifas de la propuesta económica inicial cuando estén contemplados, cumpliendo con las especificaciones de construcción vigente para el proyecto.
E113: Firma
E114: Nombre:
E115: Representante Legal del Interventor o su Apoderado
E116: Matricula No. :
B118: Original: Archivo de Gestión del Contrato (Subdirección Administrativa).
B119: Copias: Unidad Ejecutora, Contratista, Interventor y Dirección Territorial.

Sheet 600.2.2
K1: CÓDIGO | L1: MINFRA-MN-IN-10-FR-1
C2: INSTITUTO NACIONAL DE VIAS
C3: PROCESO GESTIÓN DE LA INFRAESTRUCTURA VIAL | K3: VERSIÓN | L3: 1
C4: MANUAL DE INTERVENTORÍA OBRA PÚBLICA
C5: ANÁLISIS DE PRECIOS UNITARIOS | K5: PÁGINA | M5: DE
K8: FECHA
L9: (Día) | M9: (Mes) | N9: (Año)
B10: ITEMS DE LA PROPUESTA ECONÓMICA | F10: □ | I10: ITEMS NO PREVISTOS | K10: □
B11: UNIDAD EJECUTORA: | J11: DIRECCIÓN TERRITORIAL:
B14: CONTRATO No. | D14: DE
B15: OBJETO DEL CONTRATO:
B18: CARRETERA: | J18: SECTOR:
B20: CONTRATISTA:
B22: INTERVENTOR: | K22: CTO No.: | M22: DE
B24: FECHA CIERRE PROCESO DE SELECCIÓN CONTRATO DE OBRA:
F25: (Día) | I25: (Mes) | J25: (Año)
B27: DATOS ESPECÍFICOS
B29: ITEM | C29: DESCRIPCIÓN | K29: GRUPO DE AJUSTE | L29: UNIDAD | N29: CANTIDAD
B30: ITEM | C30: DESCRIPCIÓN | L30: UNIDAD | N30: CANTIDAD
A31: Unidad | B31: 600.2.2 | C31: Excavaciones Varias en Roca Bajo Agua. | L31: m3
B33: I. EQUIPO
B35: DESCRIPCIÓN | I35: TIPO | K35: TARIFA/HORA | L35: RENDIMIENTO | N35: Vr. UNITARIO
A36: C0010270 | B36: =VLOOKUP(A36,EQUIPOS!A6:D154,3,FALSE) -> Compresor 120 HP, con martillo. | K36: =VLOOKUP(A36,EQUIPOS!A6:D163,4,FALSE) -> 75000 | M36: 2.5 | N36: =K36/M36 -> 30000
A37: C0010052 | B37: =VLOOKUP(A37,EQUIPOS!A7:D154,3,FALSE) -> Buldozer, Potencia al volante de 140 HP, motor de 2200 RPM, longitud de hoja 4,80m. | K37: =VLOOKUP(A37,EQUIPOS!A7:D164,4,FALSE) -> 196350 | M37: 100 | N37: =K37/M37 -> 1963.5
A38: C0010570 | B38: =VLOOKUP(A38,EQUIPOS!A8:D154,3,FALSE) -> Motobomba 3 PULGADAS (incluye operario) | K38: =VLOOKUP(A38,EQUIPOS!A8:D165,4,FALSE) -> 6312.4877 | M38: 8 | N38: =K38/M38 -> 789.06097
A39: C0010790 | B39: =VLOOKUP(A39,EQUIPOS!A9:D154,3,FALSE) -> Retroexcavadora sobre oruga, potencia 138 HP, balde de 1,5 m3. | K39: =VLOOKUP(A39,EQUIPOS!A9:D166,4,FALSE) -> 148800 | M39: 8 | N39: =K39/M39 -> 18600
B41: HERRAMIENTA MENOR (%) | M41: 0.01 | N41: =N78*M41 -> 181.97019
B43: SUBTOTAL $ | N43: =SUM(N36:N42) -> 51534.531
B45: II. MATERIALES
B47: DESCRIPCIÓN | J47: UNIDAD | K47: CANTIDAD | L47: PRECIO UNIT. | N47: Vr. UNITARIO
A48: B0013270 | B48: =VLOOKUP(A48,MATERIALES!A5:D373,3,FALSE) -> Anfo | J48: =VLOOKUP(A48,MATERIALES!A4:D640,2,FALSE) -> kg | K48: 0.3 | M48: =VLOOKUP(A48,MATERIALES!A5:D396,4,FALSE) -> 4857.0484 | N48: =K48*M48 -> 1457.1145
A49: B0013730 | B49: =VLOOKUP(A49,MATERIALES!A6:D373,3,FALSE) -> Cordón detonante | J49: =VLOOKUP(A49,MATERIALES!A5:D641,2,FALSE) -> m | K49: 3 | M49: =VLOOKUP(A49,MATERIALES!A6:D397,4,FALSE) -> 1267.8696 | N49: =K49*M49 -> 3803.6089
A50: B0013980 | B50: =VLOOKUP(A50,MATERIALES!A6:D373,3,FALSE) -> Explosivos 75% (INDUGEL) | J50: =VLOOKUP(A50,MATERIALES!A6:D642,2,FALSE) -> lb | K50: 0.25 | M50: =VLOOKUP(A50,MATERIALES!A6:D398,4,FALSE) -> 6350.6624 | N50: =K50*M50 -> 1587.6656
A51: B0014040 | B51: =VLOOKUP(A51,MATERIALES!A6:D373,3,FALSE) -> Fulminantes | J51: =VLOOKUP(A51,MATERIALES!A6:D643,2,FALSE) -> u | K51: 1 | M51: =VLOOKUP(A51,MATERIALES!A6:D399,4,FALSE) -> 694.1275 | N51: =K51*M51 -> 694.1275
A52: B0014420 | B52: =VLOOKUP(A52,MATERIALES!A7:D373,3,FALSE) -> Mecha Lenta | J52: =VLOOKUP(A52,MATERIALES!A6:D644,2,FALSE) -> m | K52: 1 | M52: =VLOOKUP(A52,MATERIALES!A7:D400,4,FALSE) -> 646.7999 | N52: =K52*M52 -> 646.7999
A53: B015012 | B53: =VLOOKUP(A53,MATERIALES!A7:D373,3,FALSE) -> Escolta y transporte (una tarifa por cada m3 escoltado y transportado) | J53: =VLOOKUP(A53,MATERIALES!A6:D644,2,FALSE) -> kg | K53: 0.458 | M53: =VLOOKUP(A53,MATERIALES!A7:D400,4,FALSE) -> 4755.8529 | N53: =K53*M53 -> 2178.1806
A54: B0013790 | B54: =VLOOKUP(A54,MATERIALES!A8:D373,3,FALSE) -> Derechos de explotación y/o disposición de materiales | J54: =VLOOKUP(A54,MATERIALES!A7:D645,2,FALSE) -> m3 | K54: 1.3 | M54: =VLOOKUP(A54,MATERIALES!A8:D401,4,FALSE) -> 2784.8823 | N54: =K54*M54 -> 3620.347
B56: SUBTOTAL $ | N56: =SUM(N48:N55) -> 13987.844
B58: III. TRANSPORTES
B60: MATERIAL | H60: UNIDAD | I60: CANTIDAD (1) | J60: DISTANCIA (2) | K60: (1) * (2) | L60: TARIFA | N60: Vr. UNITARIO
A61: T0010025 | B61: =VLOOKUP(A61,TRANSPORTE!A5:D117,3,FALSE) -> Transporte de material de excavación | H61: m3km | I61: 1.3 | J61: 1 | K61: =I61*J61 -> 1.3 | L61: =VLOOKUP(A61,TRANSPORTE!A5:D117,4,FALSE) -> 946.9697 | N61: =K61*L61 -> 1231.0606
B67: SUBTOTAL $ | N67: =N61+N62+N63+N64+N65 -> 1231.0606
B69: IV. MANO DE OBRA
B71: TRABAJADOR | I71: JORNAL | J71: PRESTACIONES (%) | K71: JORNAL TOTAL | L71: RENDIMIENTO | N71: Vr. UNITARIO
A72: A0030060 | B72: =VLOOKUP(A72,'MANO DE OBRA'!A8:D68,3,FALSE) -> Obrero (6) | I72: =K72/J72*100 -> 147543.4 | J72: 185 | K72: =VLOOKUP(A72,'MANO DE OBRA'!A8:D99,4,FALSE) -> 272955.29 | M72: 20 | N72: =K72/M72 -> 13647.764
A73: A0040010 | B73: =VLOOKUP(A73,'MANO DE OBRA'!A8:D69,3,FALSE) -> Oficial | I73: =K73/J73*100 -> 49181.133 | J73: 185 | K73: =VLOOKUP(A73,'MANO DE OBRA'!A8:D100,4,FALSE) -> 90985.097 | M73: 20 | N73: =K73/M73 -> 4549.2548
B78: SUBTOTAL $ | N78: =SUM(N72:N77) -> 18197.019
B80: TOTAL COSTO DIRECTO $ | N80: =N43+N56+N67+N78 -> 84950.455
B82: V. COSTOS INDIRECTOS
B84: Descripción | K84: Porcentaje | L84: Valor Total
B85: ADMINISTRACION | K85: 0.2 | L85: =N80*K85 -> 16990.091
B86: IMPREVISTOS | K86: 0.05 | L86: =N80*K86 -> 4247.5228
B87: UTILIDAD | K87: 0.05 | L87: =N80*K87 -> 4247.5228
B88: SUBTOTAL $ | N88: =L85+L86+L87 -> 25485.137
A90: PFinal01 | B90: Precio Unitario Total Aproximado al Peso $ | N90: =N80+N88 -> 110435.59
E95: Firma
E96: Nombre:
E97: Representante Legal del Contratista o su Apoderado
E98: Matricula No. :
B100: OBSERVACIONES INTERVENTORÍA:
B106: APROBACIÓN POR INTERVENTORÍA
B107: Nota 1: Cuando se trate de Análisis de precios unitarios correspondientes a ítems de la propuesta económica aprobada, el Interventor aprueba el desglose de los componentes manteniendo el mismo precio unitario de cada ítem, cumpliendo con las especificaciones de construcción vigentes para el proyecto.
B109: Nota 2: Cuando se trate de Análisis de precios unitarios de ítems no previstos, el Interventor aprueba el desglose y precio unitario de cada ítem no previsto, exigiendo la aplicación de los costos correspondientes a insumos y tarifas de la propuesta económica inicial cuando estén contemplados, cumpliendo con las especificaciones de construcción vigente para el proyecto.
E115: Firma
E116: Nombre:
E117: Representante Legal del Interventor o su Apoderado
E118: Matricula No. :
B120: Original: Archivo de Gestión del Contrato (Subdirección Administrativa).
B121: Copias: Unidad Ejecutora, Contratista, Interventor y Dirección Territorial.

Sheet 610.2
K1: CÓDIGO | L1: MINFRA-MN-IN-10-FR-1
C2: INSTITUTO NACIONAL DE VIAS
C3: PROCESO GESTIÓN DE LA INFRAESTRUCTURA VIAL | K3: VERSIÓN | L3: 1
C4: MANUAL DE INTERVENTORÍA OBRA PÚBLICA
C5: ANÁLISIS DE PRECIOS UNITARIOS | K5: PÁGINA | M5: DE
K8: FECHA
L9: (Día) | M9: (Mes) | N9: (Año)
B10: ITEMS DE LA PROPUESTA ECONÓMICA | F10: □ | I10: ITEMS NO PREVISTOS | K10: □
B11: UNIDAD EJECUTORA: | J11: DIRECCIÓN TERRITORIAL:
B14: CONTRATO No. | D14: DE
B15: OBJETO DEL CONTRATO:
B18: CARRETERA: | J18: SECTOR:
B20: CONTRATISTA:
B22: INTERVENTOR: | K22: CTO No.: | M22: DE
B24: FECHA CIERRE PROCESO DE SELECCIÓN CONTRATO DE OBRA:
F25: (Día) | I25: (Mes) | J25: (Año)
B27: DATOS ESPECÍFICOS
B29: ITEM | C29: DESCRIPCIÓN | K29: GRUPO DE AJUSTE | L29: UNIDAD | N29: CANTIDAD
B30: ITEM | C30: DESCRIPCIÓN | L30: UNIDAD | N30: CANTIDAD
A31: Unidad | B31: 610.2 | C31: Rellenos Para Estructuras con Recebo. | L31: m3
B33: I. EQUIPO
B35: DESCRIPCIÓN | I35: TIPO | K35: TARIFA/HORA | L35: RENDIMIENTO | N35: Vr. UNITARIO
A36: C0010200 | B36: =VLOOKUP(A36,EQUIPOS!A6:D154,3,FALSE) -> Compactador manual (SALTARIN) Peso de operación (Kg.) 52, Fuerza de impacto por golpe (KN) 12. | K36: =VLOOKUP(A36,EQUIPOS!A6:D163,4,FALSE) -> 7500 | M36: 2.5 | N36: =K36/M36 -> 3000
B41: HERRAMIENTA MENOR (%) | M41: 0.05 | N41: =N77*M41 -> 341.19411
B43: SUBTOTAL $ | N43: =SUM(N36:N42) -> 3341.1941
B45: II. MATERIALES
B47: DESCRIPCIÓN | J47: UNIDAD | K47: CANTIDAD | L47: PRECIO UNIT. | N47: Vr. UNITARIO
A48: B0014373 | B48: =VLOOKUP(A48,MATERIALES!A5:D373,3,FALSE) -> Material de Recebo Para Relleno | J48: =VLOOKUP(A48,MATERIALES!A4:D640,2,FALSE) -> m3 | K48: 1.3 | M48: =VLOOKUP(A48,MATERIALES!A5:D396,4,FALSE) -> 20157.991 | N48: =K48*M48 -> 26205.389
A49: B0063200 | B49: =VLOOKUP(A49,MATERIALES!A6:D373,3,FALSE) -> Agua | J49: =VLOOKUP(A49,MATERIALES!A5:D641,2,FALSE) -> lt | K49: 30 | M49: =VLOOKUP(A49,MATERIALES!A6:D397,4,FALSE) -> 35.65649 | N49: =K49*M49 -> 1069.6947
B55: SUBTOTAL $ | N55: =SUM(N48:N54) -> 27275.083
B57: III. TRANSPORTES
B59: MATERIAL | H59: UNIDAD | I59: CANTIDAD (1) | J59: DISTANCIA (2) | K59: (1) * (2) | L59: TARIFA | N59: Vr. UNITARIO
A60: T0010062 | B60: =VLOOKUP(A60,TRANSPORTE!A5:D117,3,FALSE) -> Transporte de material seleccionado para relleno | H60: m3km | I60: 1.3 | J60: 1 | K60: =I60*J60 -> 1.3 | L60: =VLOOKUP(A60,TRANSPORTE!A5:D117,4,FALSE) -> 946.9697 | N60: =K60*L60 -> 1231.0606
B66: SUBTOTAL $ | N66: =N60+N61+N62+N63+N64 -> 1231.0606
B68: IV. MANO DE OBRA
B70: TRABAJADOR | I70: JORNAL | J70: PRESTACIONES (%) | K70: JORNAL TOTAL | L70: RENDIMIENTO | N70: Vr. UNITARIO
A71: A0030030 | B71: =VLOOKUP(A71,'MANO DE OBRA'!A8:D68,3,FALSE) -> Obrero (3) | I71: =K71/J71*100 -> 73771.7 | J71: 185 | K71: =VLOOKUP(A71,'MANO DE OBRA'!A8:D99,4,FALSE) -> 136477.64 | M71: 20 | N71: =K71/M71 -> 6823.8822
B77: SUBTOTAL $ | N77: =SUM(N71:N76) -> 6823.8822
B79: TOTAL COSTO DIRECTO $ | N79: =N43+N55+N66+N77 -> 38671.22
B81: V. COSTOS INDIRECTOS
B83: Descripción | K83: Porcentaje | L83: Valor Total
B84: ADMINISTRACION | K84: 0.2 | L84: =N79*K84 -> 7734.2441
B85: IMPREVISTOS | K85: 0.05 | L85: =N79*K85 -> 1933.561
B86: UTILIDAD | K86: 0.05 | L86: =N79*K86 -> 1933.561
B87: SUBTOTAL $ | N87: =L84+L85+L86 -> 11601.366
A89: PFinal01 | B89: Precio Unitario Total Aproximado al Peso $ | N89: =N79+N87 -> 50272.586
E94: Firma
E95: Nombre:
E96: Representante Legal del Contratista o su Apoderado
E97: Matricula No. :
B99: OBSERVACIONES INTERVENTORÍA:
B105: APROBACIÓN POR INTERVENTORÍA
B106: Nota 1: Cuando se trate de Análisis de precios unitarios correspondientes a ítems de la propuesta económica aprobada, el Interventor aprueba el desglose de los componentes manteniendo el mismo precio unitario de cada ítem, cumpliendo con las especificaciones de construcción vigentes para el proyecto.
B108: Nota 2: Cuando se trate de Análisis de precios unitarios de ítems no previstos, el Interventor aprueba el desglose y precio unitario de cada ítem no previsto, exigiendo la aplicación de los costos correspondientes a insumos y tarifas de la propuesta económica inicial cuando estén contemplados, cumpliendo con las especificaciones de construcción vigente para el proyecto.
E114: Firma
E115: Nombre:
E116: Representante Legal del Interventor o su Apoderado
E117: Matricula No. :
B119: Original: Archivo de Gestión del Contrato (Subdirección Administrativa).
B120: Copias: Unidad Ejecutora, Contratista, Interventor y Dirección Territorial.

Sheet 610.5
K1: CÓDIGO | L1: MINFRA-MN-IN-10-FR-1
C2: INSTITUTO NACIONAL DE VIAS
C3: PROCESO GESTIÓN DE LA INFRAESTRUCTURA VIAL | K3: VERSIÓN | L3: 1
C4: MANUAL DE INTERVENTORÍA OBRA PÚBLICA
C5: ANÁLISIS DE PRECIOS UNITARIOS | K5: PÁGINA | M5: DE
K8: FECHA
L9: (Día) | M9: (Mes) | N9: (Año)
B10: ITEMS DE LA PROPUESTA ECONÓMICA | F10: □ | I10: ITEMS NO PREVISTOS | K10: □
B11: UNIDAD EJECUTORA: | J11: DIRECCIÓN TERRITORIAL:
B14: CONTRATO No. | D14: DE
B15: OBJETO DEL CONTRATO:
B18: CARRETERA: | J18: SECTOR:
B20: CONTRATISTA:
B22: INTERVENTOR: | K22: CTO No.: | M22: DE
B24: FECHA CIERRE PROCESO DE SELECCIÓN CONTRATO DE OBRA:
F25: (Día) | I25: (Mes) | J25: (Año)
B27: DATOS ESPECÍFICOS
B29: ITEM | C29: DESCRIPCIÓN | K29: GRUPO DE AJUSTE | L29: UNIDAD | N29: CANTIDAD
B30: ITEM | C30: DESCRIPCIÓN | L30: UNIDAD | N30: CANTIDAD
A31: Unidad | B31: 610.5 | C31: Rellenos con Material Filtrante | L31: m3
B33: I. EQUIPO
B35: DESCRIPCIÓN | I35: TIPO | K35: TARIFA/HORA | L35: RENDIMIENTO | N35: Vr. UNITARIO
B41: HERRAMIENTA MENOR (%) | M41: 0.05 | N41: =N77*M41 -> 341.19411
B43: SUBTOTAL $ | N43: =SUM(N36:N42) -> 341.19411
B45: II. MATERIALES
B47: DESCRIPCIÓN | J47: UNIDAD | K47: CANTIDAD | L47: PRECIO UNIT. | N47: Vr. UNITARIO
A48: B0014390 | B48: =VLOOKUP(A48,MATERIALES!A5:D373,3,FALSE) -> Material filtrante (6´´) | J48: =VLOOKUP(A48,MATERIALES!A4:D640,2,FALSE) -> m3 | K48: 1.3 | M48: =VLOOKUP(A48,MATERIALES!A5:D396,4,FALSE) -> 44549.602 | N48: =K48*M48 -> 57914.483
B55: SUBTOTAL $ | N55: =SUM(N48:N54) -> 57914.483
B57: III. TRANSPORTES
B59: MATERIAL | H59: UNIDAD | I59: CANTIDAD (1) | J59: DISTANCIA (2) | K59: (1) * (2) | L59: TARIFA | N59: Vr. UNITARIO
A60: T0010062 | B60: =VLOOKUP(A60,TRANSPORTE!A5:D117,3,FALSE) -> Transporte de material seleccionado para relleno | H60: m3km | I60: 1.3 | J60: 1 | K60: =I60*J60 -> 1.3 | L60: =VLOOKUP(A60,TRANSPORTE!A5:D117,4,FALSE) -> 946.9697 | N60: =K60*L60 -> 1231.0606
B66: SUBTOTAL $ | N66: =N60+N61+N62+N63+N64 -> 1231.0606
B68: IV. MANO DE OBRA
B70: TRABAJADOR | I70: JORNAL | J70: PRESTACIONES (%) | K70: JORNAL TOTAL | L70: RENDIMIENTO | N70: Vr. UNITARIO
A71: A0030030 | B71: =VLOOKUP(A71,'MANO DE OBRA'!A8:D68,3,FALSE) -> Obrero (3) | I71: =K71/J71*100 -> 73771.7 | J71: 185 | K71: =VLOOKUP(A71,'MANO DE OBRA'!A8:D99,4,FALSE) -> 136477.64 | M71: 20 | N71: =K71/M71 -> 6823.8822
B77: SUBTOTAL $ | N77: =SUM(N71:N76) -> 6823.8822
B79: TOTAL COSTO DIRECTO $ | N79: =N43+N55+N66+N77 -> 66310.62
B81: V. COSTOS INDIRECTOS
B83: Descripción | K83: Porcentaje | L83: Valor Total
B84: ADMINISTRACION | K84: 0.2 | L84: =N79*K84 -> 13262.124
B85: IMPREVISTOS | K85: 0.05 | L85: =N79*K85 -> 3315.531
B86: UTILIDAD | K86: 0.05 | L86: =N79*K86 -> 3315.531
B87: SUBTOTAL $ | N87: =L84+L85+L86 -> 19893.186
A89: PFinal01 | B89: Precio Unitario Total Aproximado al Peso $ | N89: =N79+N87 -> 86203.806
E94: Firma
E95: Nombre:
E96: Representante Legal del Contratista o su Apoderado
E97: Matricula No. :
B99: OBSERVACIONES INTERVENTORÍA:
B105: APROBACIÓN POR INTERVENTORÍA
B106: Nota 1: Cuando se trate de Análisis de precios unitarios correspondientes a ítems de la propuesta económica aprobada, el Interventor aprueba el desglose de los componentes manteniendo el mismo precio unitario de cada ítem, cumpliendo con las especificaciones de construcción vigentes para el proyecto.
B108: Nota 2: Cuando se trate de Análisis de precios unitarios de ítems no previstos, el Interventor aprueba el desglose y precio unitario de cada ítem no previsto, exigiendo la aplicación de los costos correspondientes a insumos y tarifas de la propuesta económica inicial cuando estén contemplados, cumpliendo con las especificaciones de construcción vigente para el proyecto.
E114: Firma
E115: Nombre:
E116: Representante Legal del Interventor o su Apoderado
E117: Matricula No. :
B119: Original: Archivo de Gestión del Contrato (Subdirección Administrativa).
B120: Copias: Unidad Ejecutora, Contratista, Interventor y Dirección Territorial.

Sheet 621.1.2
K1: CÓDIGO | L1: MINFRA-MN-IN-10-FR-1
C2: INSTITUTO NACIONAL DE VIAS
C3: PROCESO GESTIÓN DE LA INFRAESTRUCTURA VIAL | K3: VERSIÓN | L3: 1
C4: MANUAL DE INTERVENTORÍA OBRA PÚBLICA
C5: ANÁLISIS DE PRECIOS UNITARIOS | K5: PÁGINA | M5: DE
K8: FECHA
L9: (Día) | M9: (Mes) | N9: (Año)
B10: ITEMS DE LA PROPUESTA ECONÓMICA | F10: □ | I10: ITEMS NO PREVISTOS | K10: □
B11: UNIDAD EJECUTORA: | J11: DIRECCIÓN TERRITORIAL:
B14: CONTRATO No. | D14: DE
B15: OBJETO DEL CONTRATO:
B18: CARRETERA: | J18: SECTOR:
B20: CONTRATISTA:
B22: INTERVENTOR: | K22: CTO No.: | M22: DE
B24: FECHA CIERRE PROCESO DE SELECCIÓN CONTRATO DE OBRA:
F25: (Día) | I25: (Mes) | J25: (Año)
B27: DATOS ESPECÍFICOS
B29: ITEM | C29: DESCRIPCIÓN | K29: GRUPO DE AJUSTE | L29: UNIDAD | N29: CANTIDAD
B30: ITEM | C30: DESCRIPCIÓN | L30: UNIDAD | N30: CANTIDAD
A31: Unidad | B31: 621.1.2 | C31: Pilote de Concreto Vaciado In Situ, de diámetro 1,2 m, incluye excavación en roca, bajo agua | L31: m
B33: I. EQUIPO
B35: DESCRIPCIÓN | I35: TIPO | K35: TARIFA/HORA | L35: RENDIMIENTO | N35: Vr. UNITARIO
A36: C0010280 | B36: =VLOOKUP(A36,EQUIPOS!A6:D154,3,FALSE) -> Compresor para penetrar roca | K36: =VLOOKUP(A36,EQUIPOS!A6:D163,4,FALSE) -> 85000 | M36: 0.125 | N36: =K36/M36 -> 680000
A37: C0010491 | B37: =VLOOKUP(A37,EQUIPOS!A7:D154,3,FALSE) -> Grúa con torre capacidad 1 ton en la punta. | K37: =VLOOKUP(A37,EQUIPOS!A7:D164,4,FALSE) -> 183476.25 | M37: 2.5 | N37: =K37/M37 -> 73390.5
A38: C0010600 | B38: =VLOOKUP(A38,EQUIPOS!A8:D154,3,FALSE) -> Motobomba de concreto | K38: =VLOOKUP(A38,EQUIPOS!A8:D165,4,FALSE) -> 51694.267 | M38: 0.65 | N38: =K38/M38 -> 79529.642
A39: C0010780 | B39: =VLOOKUP(A39,EQUIPOS!A9:D154,3,FALSE) -> Retroexcavadora A25C | K39: =VLOOKUP(A39,EQUIPOS!A9:D166,4,FALSE) -> 110088.76 | M39: 0.65 | N39: =K39/M39 -> 169367.32
B45: HERRAMIENTA MENOR (%) | M45: 0.1 | N45: =N87*M45 -> 39426.875
B47: SUBTOTAL $ | N47: =SUM(N36:N46) -> 1041714.3
B49: II. MATERIALES
B51: DESCRIPCIÓN | J51: UNIDAD | K51: CANTIDAD | L51: PRECIO UNIT. | N51: Vr. UNITARIO
A52: B0020003 | B52: =VLOOKUP(A52,MATERIALES!A5:D373,3,FALSE) -> Acero PDR-60 | J52: =VLOOKUP(A52,MATERIALES!A6:D644,2,FALSE) -> kg | K52: 178.1283 | M52: =VLOOKUP(A52,MATERIALES!A5:D396,4,FALSE) -> 2856 | N52: =K52*M52 -> 508734.43
A53: B0123620 | B53: =VLOOKUP(A53,MATERIALES!A6:D373,3,FALSE) -> Concreto Resistencia 28 (Mpa) | J53: =VLOOKUP(A53,MATERIALES!A7:D645,2,FALSE) -> m3 | K53: 1.187522 | M53: =VLOOKUP(A53,MATERIALES!A6:D397,4,FALSE) -> 443156 | N53: =K53*M53 -> 526257.51
A54: B0013270 | B54: =VLOOKUP(A54,MATERIALES!A6:D373,3,FALSE) -> Anfo | J54: kg | K54: 0.3 | M54: =VLOOKUP(A54,MATERIALES!A6:D398,4,FALSE) -> 4857.0484 | N54: =K54*M54 -> 1457.1145
A55: B0013730 | B55: =VLOOKUP(A55,MATERIALES!A6:D373,3,FALSE) -> Cordón detonante | J55: =VLOOKUP(A55,MATERIALES!A9:D647,2,FALSE) -> m | K55: 3 | M55: =VLOOKUP(A55,MATERIALES!A6:D399,4,FALSE) -> 1267.8696 | N55: =K55*M55 -> 3803.6089
A56: B0013980 | B56: =VLOOKUP(A56,MATERIALES!A7:D373,3,FALSE) -> Explosivos 75% (INDUGEL) | J56: =VLOOKUP(A56,MATERIALES!A10:D648,2,FALSE) -> lb | K56: 0.25 | M56: =VLOOKUP(A56,MATERIALES!A7:D400,4,FALSE) -> 6350.6624 | N56: =K56*M56 -> 1587.6656
A57: B0014040 | B57: =VLOOKUP(A57,MATERIALES!A8:D373,3,FALSE) -> Fulminantes | J57: =VLOOKUP(A57,MATERIALES!A11:D649,2,FALSE) -> u | K57: 1 | M57: =VLOOKUP(A57,MATERIALES!A8:D401,4,FALSE) -> 694.1275 | N57: =K57*M57 -> 694.1275
A58: B0014420 | B58: =VLOOKUP(A58,MATERIALES!A9:D373,3,FALSE) -> Mecha Lenta | J58: =VLOOKUP(A58,MATERIALES!A11:D650,2,FALSE) -> m | K58: 1 | M58: =VLOOKUP(A58,MATERIALES!A9:D402,4,FALSE) -> 646.7999 | N58: =K58*M58 -> 646.7999
A59: B015012 | B59: =VLOOKUP(A59,MATERIALES!A10:D373,3,FALSE) -> Escolta y transporte (una tarifa por cada m3 escoltado y transportado) | J59: =VLOOKUP(A59,MATERIALES!A12:D651,2,FALSE) -> kg | K59: 0.458 | M59: =VLOOKUP(A59,MATERIALES!A10:D403,4,FALSE) -> 4755.8529 | N59: =K59*M59 -> 2178.1806
B63: SUBTOTAL $ | N63: =SUM(N52:N62) -> 1045359.4
B65: III. TRANSPORTES
B67: MATERIAL | H67: UNIDAD | I67: CANTIDAD (1) | J67: DISTANCIA (2) | K67: (1) * (2) | L67: TARIFA | N67: Vr. UNITARIO
A68: T0010025 | B68: =VLOOKUP(A68,TRANSPORTE!A5:D117,3,FALSE) -> Transporte de material de excavación | H68: m3km | I68: 1.3 | J68: 1 | K68: =I68*J68 -> 1.3 | L68: =VLOOKUP(A68,TRANSPORTE!A5:D117,4,FALSE) -> 946.9697 | N68: =K68*L68 -> 1231.0606
A69: T0015012 | B69: =VLOOKUP(A69,TRANSPORTE!A6:D117,3,FALSE) -> Equipo de Transporte (Camiones Grúas | H69: m3km | I69: 0.05 | J69: 1 | K69: =I69*J69 -> 0.05 | L69: =VLOOKUP(A69,TRANSPORTE!A6:D117,4,FALSE) -> 54.73806 | N69: =K69*L69 -> 2.736903
B74: SUBTOTAL $ | N74: =N68+N69+N70+N71+N72 -> 1233.7975
B76: IV. MANO DE OBRA
B78: TRABAJADOR | I78: JORNAL | J78: PRESTACIONES (%) | K78: JORNAL TOTAL | L78: RENDIMIENTO | N78: Vr. UNITARIO
B79: Excavación
A80: A0030060 | B80: =VLOOKUP(A80,'MANO DE OBRA'!A8:D68,3,FALSE) -> Obrero (6) | I80: =K80/J80*100 -> 147543.4 | J80: 185 | K80: =VLOOKUP(A80,'MANO DE OBRA'!A8:D99,4,FALSE) -> 272955.29 | M80: 1 | N80: =K80/M80 -> 272955.29
A81: A0040010 | B81: =VLOOKUP(A81,'MANO DE OBRA'!A8:D69,3,FALSE) -> Oficial | I81: =K81/J81*100 -> 49181.133 | J81: 185 | K81: =VLOOKUP(A81,'MANO DE OBRA'!A8:D100,4,FALSE) -> 90985.097 | M81: 1 | N81: =K81/M81 -> 90985.097
B82: colocación de concreto
A83: A0030060 | B83: =VLOOKUP(A83,'MANO DE OBRA'!A9:D70,3,FALSE) -> Obrero (6) | I83: =K83/J83*100 -> 147543.4 | J83: 185 | K83: =VLOOKUP(A83,'MANO DE OBRA'!A9:D101,4,FALSE) -> 272955.29 | M83: 12 | N83: =K83/M83 -> 22746.274
A84: A0040010 | B84: =VLOOKUP(A84,'MANO DE OBRA'!A10:D71,3,FALSE) -> Oficial | I84: =K84/J84*100 -> 49181.133 | J84: 185 | K84: =VLOOKUP(A84,'MANO DE OBRA'!A10:D102,4,FALSE) -> 90985.097 | M84: 12 | N84: =K84/M84 -> 7582.0914
B87: SUBTOTAL $ | N87: =SUM(N80:N86) -> 394268.75
B89: TOTAL COSTO DIRECTO $ | N89: =N47+N63+N74+N87 -> 2482576.3
B91: V. COSTOS INDIRECTOS
B93: Descripción | K93: Porcentaje | L93: Valor Total
B94: ADMINISTRACION | K94: 0.2 | L94: =N89*K94 -> 496515.27
B95: IMPREVISTOS | K95: 0.05 | L95: =N89*K95 -> 124128.82
B96: UTILIDAD | K96: 0.05 | L96: =N89*K96 -> 124128.82
B97: SUBTOTAL $ | N97: =L94+L95+L96 -> 744772.9
A99: PFinal01 | B99: Precio Unitario Total Aproximado al Peso $ | N99: =N89+N97 -> 3227349.2
E104: Firma
E105: Nombre:
E106: Representante Legal del Contratista o su Apoderado
E107: Matricula No. :
B109: OBSERVACIONES INTERVENTORÍA:
B115: APROBACIÓN POR INTERVENTORÍA
B116: Nota 1: Cuando se trate de Análisis de precios unitarios correspondientes a ítems de la propuesta económica aprobada, el Interventor aprueba el desglose de los componentes manteniendo el mismo precio unitario de cada ítem, cumpliendo con las especificaciones de construcción vigentes para el proyecto.
B118: Nota 2: Cuando se trate de Análisis de precios unitarios de ítems no previstos, el Interventor aprueba el desglose y precio unitario de cada ítem no previsto, exigiendo la aplicación de los costos correspondientes a insumos y tarifas de la propuesta económica inicial cuando estén contemplados, cumpliendo con las especificaciones de construcción vigente para el proyecto.
E124: Firma
E125: Nombre:
E126: Representante Legal del Interventor o su Apoderado
E127: Matricula No. :
B129: Original: Archivo de Gestión del Contrato (Subdirección Administrativa).
B130: Copias: Unidad Ejecutora, Contratista, Interventor y Dirección Territorial.

Sheet 621.5.1
K1: CÓDIGO | L1: MINFRA-MN-IN-10-FR-1
C2: INSTITUTO NACIONAL DE VIAS
C3: PROCESO GESTIÓN DE LA INFRAESTRUCTURA VIAL | K3: VERSIÓN | L3: 1
C4: MANUAL DE INTERVENTORÍA OBRA PÚBLICA
C5: ANÁLISIS DE PRECIOS UNITARIOS | K5: PÁGINA | M5: DE
K8: FECHA
L9: (Día) | M9: (Mes) | N9: (Año)
B10: ITEMS DE LA PROPUESTA ECONÓMICA | F10: □ | I10: ITEMS NO PREVISTOS | K10: □
B11: UNIDAD EJECUTORA: | J11: DIRECCIÓN TERRITORIAL:
B14: CONTRATO No. | D14: DE
B15: OBJETO DEL CONTRATO:
B18: CARRETERA: | J18: SECTOR:
B20: CONTRATISTA:
B22: INTERVENTOR: | K22: CTO No.: | M22: DE
B24: FECHA CIERRE PROCESO DE SELECCIÓN CONTRATO DE OBRA:
F25: (Día) | I25: (Mes) | J25: (Año)
B27: DATOS ESPECÍFICOS
B29: ITEM | C29: DESCRIPCIÓN | K29: GRUPO DE AJUSTE | L29: UNIDAD | N29: CANTIDAD
B30: ITEM | C30: DESCRIPCIÓN | L30: UNIDAD | N30: CANTIDAD
A31: Unidad | B31: 621.5.1 | C31: Camisa Permanente de diámetro exterior 1,50 m, en Concreto | L31: m
B33: I. EQUIPO
B35: DESCRIPCIÓN | I35: TIPO | K35: TARIFA/HORA | L35: RENDIMIENTO | N35: Vr. UNITARIO
A36: C0010600 | B36: =VLOOKUP(A36,EQUIPOS!A6:D154,3,FALSE) -> Motobomba de concreto | K36: =VLOOKUP(A36,EQUIPOS!A6:D163,4,FALSE) -> 51694.267 | M36: 2.5 | N36: =K36/M36 -> 20677.707
B43: SUBTOTAL $ | N43: =SUM(N36:N42) -> 20677.707
B45: II. MATERIALES
B47: DESCRIPCIÓN | J47: UNIDAD | K47: CANTIDAD | L47: PRECIO UNIT. | N47: Vr. UNITARIO
A48: B0020003 | B48: =VLOOKUP(A48,MATERIALES!A5:D373,3,FALSE) -> Acero PDR-60 | J48: =VLOOKUP(A48,MATERIALES!A4:D640,2,FALSE) -> kg | K48: 46.75868 | M48: =VLOOKUP(A48,MATERIALES!A5:D396,4,FALSE) -> 2856 | N48: =K48*M48 -> 133542.79
A49: B0123650 | B49: =VLOOKUP(A49,MATERIALES!A6:D373,3,FALSE) -> Concreto Resistencia 21 (Mpa) | J49: =VLOOKUP(A49,MATERIALES!A5:D641,2,FALSE) -> m3 | K49: 0.66798114 | M49: =VLOOKUP(A49,MATERIALES!A6:D397,4,FALSE) -> 412097 | N49: =K49*M49 -> 275273.02
B55: SUBTOTAL $ | N55: =SUM(N48:N54) -> 408815.81
B57: III. TRANSPORTES
B59: MATERIAL | H59: UNIDAD | I59: CANTIDAD (1) | J59: DISTANCIA (2) | K59: (1) * (2) | L59: TARIFA | N59: Vr. UNITARIO
A60: T0010025 | B60: =VLOOKUP(A60,TRANSPORTE!A2:D117,3,FALSE) -> Transporte de material de excavación | H60: m3k | I60: 0.86837548 | J60: 1 | K60: =I60*J60 -> 0.86837548 | L60: =VLOOKUP(A60,TRANSPORTE!A2:D117,4,FALSE) -> 946.9697 | N60: =K60*L60 -> 822.32526
B66: SUBTOTAL $ | N66: =N60+N61+N62+N63+N64 -> 822.32526
B68: IV. MANO DE OBRA
B70: TRABAJADOR | I70: JORNAL | J70: PRESTACIONES (%) | K70: JORNAL TOTAL | L70: RENDIMIENTO | N70: Vr. UNITARIO
B77: SUBTOTAL $
B79: TOTAL COSTO DIRECTO $ | N79: =N43+N55+N66+N77 -> 430315.84
B81: V. COSTOS INDIRECTOS
B83: Descripción | K83: Porcentaje | L83: Valor Total
B84: ADMINISTRACION | K84: 0.2 | L84: =N79*K84 -> 86063.169
B85: IMPREVISTOS | K85: 0.05 | L85: =N79*K85 -> 21515.792
B86: UTILIDAD | K86: 0.05 | L86: =N79*K86 -> 21515.792
B87: SUBTOTAL $ | N87: =L84+L85+L86 -> 129094.75
A89: PFinal01 | B89: Precio Unitario Total Aproximado al Peso $ | N89: =N79+N87 -> 559410.6
E94: Firma
E95: Nombre:
E96: Representante Legal del Contratista o su Apoderado
E97: Matricula No. :
B99: OBSERVACIONES INTERVENTORÍA:
B105: APROBACIÓN POR INTERVENTORÍA
B106: Nota 1: Cuando se trate de Análisis de precios unitarios correspondientes a ítems de la propuesta económica aprobada, el Interventor aprueba el desglose de los componentes manteniendo el mismo precio unitario de cada ítem, cumpliendo con las especificaciones de construcción vigentes para el proyecto.
B108: Nota 2: Cuando se trate de Análisis de precios unitarios de ítems no previstos, el Interventor aprueba el desglose y precio unitario de cada ítem no previsto, exigiendo la aplicación de los costos correspondientes a insumos y tarifas de la propuesta económica inicial cuando estén contemplados, cumpliendo con las especificaciones de construcción vigente para el proyecto.
E114: Firma
E115: Nombre:
E116: Representante Legal del Interventor o su Apoderado
E117: Matricula No. :
B119: Original: Archivo de Gestión del Contrato (Subdirección Administrativa).
B120: Copias: Unidad Ejecutora, Contratista, Interventor y Dirección Territorial.

Sheet 630.3
K1: CÓDIGO | L1: MINFRA-MN-IN-10-FR-1
C2: INSTITUTO NACIONAL DE VIAS
C3: PROCESO GESTIÓN DE LA INFRAESTRUCTURA VIAL | K3: VERSIÓN | L3: 1
C4: MANUAL DE INTERVENTORÍA OBRA PÚBLICA
C5: ANÁLISIS DE PRECIOS UNITARIOS | K5: PÁGINA | M5: DE
K8: FECHA
L9: (Día) | M9: (Mes) | N9: (Año)
B10: ITEMS DE LA PROPUESTA ECONÓMICA | F10: □ | I10: ITEMS NO PREVISTOS | K10: □
B11: UNIDAD EJECUTORA: | J11: DIRECCIÓN TERRITORIAL:
B14: CONTRATO No. | D14: DE
B15: OBJETO DEL CONTRATO:
B18: CARRETERA: | J18: SECTOR:
B20: CONTRATISTA:
B22: INTERVENTOR: | K22: CTO No.: | M22: DE
B24: FECHA CIERRE PROCESO DE SELECCIÓN CONTRATO DE OBRA:
F25: (Día) | I25: (Mes) | J25: (Año)
B27: DATOS ESPECÍFICOS
B29: ITEM | C29: DESCRIPCIÓN | K29: GRUPO DE AJUSTE | L29: UNIDAD | N29: CANTIDAD
B30: ITEM | C30: DESCRIPCIÓN | L30: UNIDAD | N30: CANTIDAD
A31: Unidad | B31: 630.3 | C31: Concreto Resistencia 28MPa (C ) | L31: m3
B33: I. EQUIPO
B35: DESCRIPCIÓN | I35: TIPO | K35: TARIFA/HORA | L35: RENDIMIENTO | N35: Vr. UNITARIO
A36: C0010010 | B36: =VLOOKUP(A36,EQUIPOS!A6:D154,3,FALSE) -> Aspersor manual | K36: =VLOOKUP(A36,EQUIPOS!A6:D163,4,FALSE) -> 1852.7263 | M36: 2 | N36: =K36/M36 -> 926.36315
A37: C0010922 | B37: =VLOOKUP(A37,EQUIPOS!A7:D154,3,FALSE) -> Vibrador de concreto, Motor de 3 hp a 18.000 rpm Mangueras de 4 mt | K37: =VLOOKUP(A37,EQUIPOS!A7:D164,4,FALSE) -> 4930.1736 | M37: 2 | N37: =K37/M37 -> 2465.0868
B41: HERRAMIENTA MENOR (%) | M41: 0.05 | N41: =N77*M41 -> 1137.3137
B43: SUBTOTAL $ | N43: =SUM(N36:N42) -> 4528.7637
B45: II. MATERIALES
B47: DESCRIPCIÓN | J47: UNIDAD | K47: CANTIDAD | L47: PRECIO UNIT. | N47: Vr. UNITARIO
A48: B0123620 | B48: =VLOOKUP(A48,MATERIALES!A5:D373,3,FALSE) -> Concreto Resistencia 28 (Mpa) | J48: =VLOOKUP(A48,MATERIALES!A4:D640,2,FALSE) -> m3 | K48: 1 | M48: =VLOOKUP(A48,MATERIALES!A5:D396,4,FALSE) -> 443156 | N48: =K48*M48 -> 443156
A49: B0063290 | B49: =VLOOKUP(A49,MATERIALES!A6:D373,3,FALSE) -> Antisol blanco (presentación 20 kg) | J49: =VLOOKUP(A49,MATERIALES!A5:D641,2,FALSE) -> kg | K49: 1 | M49: =VLOOKUP(A49,MATERIALES!A6:D397,4,FALSE) -> 5550 | N49: =K49*M49 -> 5550
A50: B021007 | B50: =VLOOKUP(A50,MATERIALES!A6:D373,3,FALSE) -> FORMALETA (Depende para que sea el Concreto) | J50: =VLOOKUP(A50,MATERIALES!A6:D642,2,FALSE) -> m2 | K50: 4.6 | M50: =VLOOKUP(A50,MATERIALES!A6:D398,4,FALSE) -> 9806.0105 | N50: =K50*M50 -> 45107.648
B55: SUBTOTAL $ | N55: =SUM(N48:N54) -> 493813.65
B57: III. TRANSPORTES
B59: MATERIAL | H59: UNIDAD | I59: CANTIDAD (1) | J59: DISTANCIA (2) | K59: (1) * (2) | L59: TARIFA | N59: Vr. UNITARIO
A60: T0010009 | B60: =VLOOKUP(A60,TRANSPORTE!A2:D117,3,FALSE) -> Transporte de concreto | H60: m3k | I60: 1 | J60: 1 | K60: =I60*J60 -> 1 | L60: =VLOOKUP(A60,TRANSPORTE!A2:D117,4,FALSE) -> 946.9697 | N60: =K60*L60 -> 946.9697
B66: SUBTOTAL $ | N66: =N60+N61+N62+N63+N64 -> 946.9697
B68: IV. MANO DE OBRA
B70: TRABAJADOR | I70: JORNAL | J70: PRESTACIONES (%) | K70: JORNAL TOTAL | L70: RENDIMIENTO | N70: Vr. UNITARIO
A71: A0030060 | B71: =VLOOKUP(A71,'MANO DE OBRA'!A8:D68,3,FALSE) -> Obrero (6) | I71: =K71/J71*100 -> 147543.4 | J71: 185 | K71: =VLOOKUP(A71,'MANO DE OBRA'!A8:D99,4,FALSE) -> 272955.29 | M71: 16 | N71: =K71/M71 -> 17059.706
A72: A0040010 | B72: =VLOOKUP(A72,'MANO DE OBRA'!A8:D69,3,FALSE) -> Oficial | I72: =K72/J72*100 -> 49181.133 | J72: 185 | K72: =VLOOKUP(A72,'MANO DE OBRA'!A8:D100,4,FALSE) -> 90985.097 | M72: 16 | N72: =K72/M72 -> 5686.5685
B77: SUBTOTAL $ | N77: =SUM(N71:N76) -> 22746.274
B79: TOTAL COSTO DIRECTO $ | N79: =N43+N55+N66+N77 -> 522035.66
B81: V. COSTOS INDIRECTOS
B83: Descripción | K83: Porcentaje | L83: Valor Total
B84: ADMINISTRACION | K84: 0.2 | L84: =N79*K84 -> 104407.13
B85: IMPREVISTOS | K85: 0.05 | L85: =N79*K85 -> 26101.783
B86: UTILIDAD | K86: 0.05 | L86: =N79*K86 -> 26101.783
B87: SUBTOTAL $ | N87: =L84+L85+L86 -> 156610.7
A89: PFinal01 | B89: Precio Unitario Total Aproximado al Peso $ | N89: =N79+N87 -> 678646.35
E94: Firma
E95: Nombre:
E96: Representante Legal del Contratista o su Apoderado
E97: Matricula No. :
B99: OBSERVACIONES INTERVENTORÍA:
B105: APROBACIÓN POR INTERVENTORÍA
B106: Nota 1: Cuando se trate de Análisis de precios unitarios correspondientes a ítems de la propuesta económica aprobada, el Interventor aprueba el desglose de los componentes manteniendo el mismo precio unitario de cada ítem, cumpliendo con las especificaciones de construcción vigentes para el proyecto.
B108: Nota 2: Cuando se trate de Análisis de precios unitarios de ítems no previstos, el Interventor aprueba el desglose y precio unitario de cada ítem no previsto, exigiendo la aplicación de los costos correspondientes a insumos y tarifas de la propuesta económica inicial cuando estén contemplados, cumpliendo con las especificaciones de construcción vigente para el proyecto.
E114: Firma
E115: Nombre:
E116: Representante Legal del Interventor o su Apoderado
E117: Matricula No. :
B119: Original: Archivo de Gestión del Contrato (Subdirección Administrativa).
B120: Copias: Unidad Ejecutora, Contratista, Interventor y Dirección Territorial.

Sheet 630.4
K1: CÓDIGO | L1: MINFRA-MN-IN-10-FR-1
C2: INSTITUTO NACIONAL DE VIAS
C3: PROCESO GESTIÓN DE LA INFRAESTRUCTURA VIAL | K3: VERSIÓN | L3: 1
C4: MANUAL DE INTERVENTORÍA OBRA PÚBLICA
C5: ANÁLISIS DE PRECIOS UNITARIOS | K5: PÁGINA | M5: DE
K8: FECHA
L9: (Día) | M9: (Mes) | N9: (Año)
B10: ITEMS DE LA PROPUESTA ECONÓMICA | F10: □ | I10: ITEMS NO PREVISTOS | K10: □
B11: UNIDAD EJECUTORA: | J11: DIRECCIÓN TERRITORIAL:
B14: CONTRATO No. | D14: DE
B15: OBJETO DEL CONTRATO:
B18: CARRETERA: | J18: SECTOR:
B20: CONTRATISTA:
B22: INTERVENTOR: | K22: CTO No.: | M22: DE
B24: FECHA CIERRE PROCESO DE SELECCIÓN CONTRATO DE OBRA:
F25: (Día) | I25: (Mes) | J25: (Año)
B27: DATOS ESPECÍFICOS
B29: ITEM | C29: DESCRIPCIÓN | K29: GRUPO DE AJUSTE | L29: UNIDAD | N29: CANTIDAD
B30: ITEM | C30: DESCRIPCIÓN | L30: UNIDAD | N30: CANTIDAD
A31: Unidad | B31: 630.4 | C31: Concreto Resistencia 21MPa (D) | L31: m3
B33: I. EQUIPO
B35: DESCRIPCIÓN | I35: TIPO | K35: TARIFA/HORA | L35: RENDIMIENTO | N35: Vr. UNITARIO
A36: C0010010 | B36: =VLOOKUP(A36,EQUIPOS!A6:D154,3,FALSE) -> Aspersor manual | K36: =VLOOKUP(A36,EQUIPOS!A6:D163,4,FALSE) -> 1852.7263 | M36: 2 | N36: =K36/M36 -> 926.36315
A37: C0010922 | B37: =VLOOKUP(A37,EQUIPOS!A7:D154,3,FALSE) -> Vibrador de concreto, Motor de 3 hp a 18.000 rpm Mangueras de 4 mt | K37: =VLOOKUP(A37,EQUIPOS!A7:D164,4,FALSE) -> 4930.1736 | M37: 2 | N37: =K37/M37 -> 2465.0868
B41: HERRAMIENTA MENOR (%) | M41: 0.05 | N41: =N77*M41 -> 1137.3137
B43: SUBTOTAL $ | N43: =SUM(N36:N42) -> 4528.7637
B45: II. MATERIALES
B47: DESCRIPCIÓN | J47: UNIDAD | K47: CANTIDAD | L47: PRECIO UNIT. | N47: Vr. UNITARIO
A48: B0123650 | B48: =VLOOKUP(A48,MATERIALES!A5:D373,3,FALSE) -> Concreto Resistencia 21 (Mpa) | J48: =VLOOKUP(A48,MATERIALES!A4:D640,2,FALSE) -> m3 | K48: 1 | M48: =VLOOKUP(A48,MATERIALES!A5:D396,4,FALSE) -> 412097 | N48: =K48*M48 -> 412097
A49: B0063290 | B49: =VLOOKUP(A49,MATERIALES!A6:D373,3,FALSE) -> Antisol blanco (presentación 20 kg) | J49: =VLOOKUP(A49,MATERIALES!A5:D641,2,FALSE) -> kg | K49: 1 | M49: =VLOOKUP(A49,MATERIALES!A6:D397,4,FALSE) -> 5550 | N49: =K49*M49 -> 5550
A50: B021001 | B50: =VLOOKUP(A50,MATERIALES!A6:D373,3,FALSE) -> Formaleta (gaviones, juntas de bordillos, juntas de cunetas, muros, concretos clase D,E, F y G) | J50: =VLOOKUP(A50,MATERIALES!A6:D642,2,FALSE) -> m2 | K50: 4.6 | M50: =VLOOKUP(A50,MATERIALES!A6:D398,4,FALSE) -> 4267.0158 | N50: =K50*M50 -> 19628.273
B55: SUBTOTAL $ | N55: =SUM(N48:N54) -> 437275.27
B57: III. TRANSPORTES
B59: MATERIAL | H59: UNIDAD | I59: CANTIDAD (1) | J59: DISTANCIA (2) | K59: (1) * (2) | L59: TARIFA | N59: Vr. UNITARIO
A60: T0010009 | B60: =VLOOKUP(A60,TRANSPORTE!A2:D117,3,FALSE) -> Transporte de concreto | H60: m3k | I60: 1 | J60: 1 | K60: =I60*J60 -> 1 | L60: =VLOOKUP(A60,TRANSPORTE!A2:D117,4,FALSE) -> 946.9697 | N60: =K60*L60 -> 946.9697
B66: SUBTOTAL $ | N66: =N60+N61+N62+N63+N64 -> 946.9697
B68: IV. MANO DE OBRA
B70: TRABAJADOR | I70: JORNAL | J70: PRESTACIONES (%) | K70: JORNAL TOTAL | L70: RENDIMIENTO | N70: Vr. UNITARIO
A71: A0030060 | B71: =VLOOKUP(A71,'MANO DE OBRA'!A8:D68,3,FALSE) -> Obrero (6) | I71: =K71/J71*100 -> 147543.4 | J71: 185 | K71: =VLOOKUP(A71,'MANO DE OBRA'!A8:D99,4,FALSE) -> 272955.29 | M71: 16 | N71: =K71/M71 -> 17059.706
A72: A0040010 | B72: =VLOOKUP(A72,'MANO DE OBRA'!A8:D69,3,FALSE) -> Oficial | I72: =K72/J72*100 -> 49181.133 | J72: 185 | K72: =VLOOKUP(A72,'MANO DE OBRA'!A8:D100,4,FALSE) -> 90985.097 | M72: 16 | N72: =K72/M72 -> 5686.5685
B77: SUBTOTAL $ | N77: =SUM(N71:N76) -> 22746.274
B79: TOTAL COSTO DIRECTO $ | N79: =N43+N55+N66+N77 -> 465497.28
B81: V. COSTOS INDIRECTOS
B83: Descripción | K83: Porcentaje | L83: Valor Total
B84: ADMINISTRACION | K84: 0.2 | L84: =N79*K84 -> 93099.456
B85: IMPREVISTOS | K85: 0.05 | L85: =N79*K85 -> 23274.864
B86: UTILIDAD | K86: 0.05 | L86: =N79*K86 -> 23274.864
B87: SUBTOTAL $ | N87: =L84+L85+L86 -> 139649.18
A89: PFinal01 | B89: Precio Unitario Total Aproximado al Peso $ | N89: =N79+N87 -> 605146.46
E94: Firma
E95: Nombre:
E96: Representante Legal del Contratista o su Apoderado
E97: Matricula No. :
B99: OBSERVACIONES INTERVENTORÍA:
B105: APROBACIÓN POR INTERVENTORÍA
B106: Nota 1: Cuando se trate de Análisis de precios unitarios correspondientes a ítems de la propuesta económica aprobada, el Interventor aprueba el desglose de los componentes manteniendo el mismo precio unitario de cada ítem, cumpliendo con las especificaciones de construcción vigentes para el proyecto.
B108: Nota 2: Cuando se trate de Análisis de precios unitarios de ítems no previstos, el Interventor aprueba el desglose y precio unitario de cada ítem no previsto, exigiendo la aplicación de los costos correspondientes a insumos y tarifas de la propuesta económica inicial cuando estén contemplados, cumpliendo con las especificaciones de construcción vigente para el proyecto.
E114: Firma
E115: Nombre:
E116: Representante Legal del Interventor o su Apoderado
E117: Matricula No. :
B119: Original: Archivo de Gestión del Contrato (Subdirección Administrativa).
B120: Copias: Unidad Ejecutora, Contratista, Interventor y Dirección Territorial.

Sheet 630.5
K1: CÓDIGO | L1: MINFRA-MN-IN-10-FR-1
C2: INSTITUTO NACIONAL DE VIAS
C3: PROCESO GESTIÓN DE LA INFRAESTRUCTURA VIAL | K3: VERSIÓN | L3: 1
C4: MANUAL DE INTERVENTORÍA OBRA PÚBLICA
C5: ANÁLISIS DE PRECIOS UNITARIOS | K5: PÁGINA | M5: DE
K8: FECHA
L9: (Día) | M9: (Mes) | N9: (Año)
B10: ITEMS DE LA PROPUESTA ECONÓMICA | F10: □ | I10: ITEMS NO PREVISTOS | K10: □
B11: UNIDAD EJECUTORA: | J11: DIRECCIÓN TERRITORIAL:
B14: CONTRATO No. | D14: DE
B15: OBJETO DEL CONTRATO:
B18: CARRETERA: | J18: SECTOR:
B20: CONTRATISTA:
B22: INTERVENTOR: | K22: CTO No.: | M22: DE
B24: FECHA CIERRE PROCESO DE SELECCIÓN CONTRATO DE OBRA:
F25: (Día) | I25: (Mes) | J25: (Año)
B27: DATOS ESPECÍFICOS
B29: ITEM | C29: DESCRIPCIÓN | K29: GRUPO DE AJUSTE | L29: UNIDAD | N29: CANTIDAD
B30: ITEM | C30: DESCRIPCIÓN | L30: UNIDAD | N30: CANTIDAD
A31: Unidad | B31: 630.5 | C31: Concreto Resistencia 17.5MPa (E ) | L31: m3
B33: I. EQUIPO
B35: DESCRIPCIÓN | I35: TIPO | K35: TARIFA/HORA | L35: RENDIMIENTO | N35: Vr. UNITARIO
A36: C0010550 | B36: =VLOOKUP(A36,EQUIPOS!A6:D154,3,FALSE) -> Mezcladora de concreto 1 bulto | K36: =VLOOKUP(A36,EQUIPOS!A6:D163,4,FALSE) -> 5625 | M36: 1 | N36: =K36/M36 -> 5625
A37: C0010922 | B37: =VLOOKUP(A37,EQUIPOS!A7:D154,3,FALSE) -> Vibrador de concreto, Motor de 3 hp a 18.000 rpm Mangueras de 4 mt | K37: =VLOOKUP(A37,EQUIPOS!A7:D164,4,FALSE) -> 4930.1736 | M37: 1 | N37: =K37/M37 -> 4930.1736
B41: HERRAMIENTA MENOR (%) | M41: 0.05 | N41: =N81*M41 -> 2843.2843
B43: SUBTOTAL $ | N43: =SUM(N36:N42) -> 13398.458
B45: II. MATERIALES
B47: DESCRIPCIÓN | J47: UNIDAD | K47: CANTIDAD | L47: PRECIO UNIT. | N47: Vr. UNITARIO
A48: B0053100 | B48: =VLOOKUP(A48,MATERIALES!A5:D373,3,FALSE) -> Agregado para concreto hidráulico | J48: =VLOOKUP(A48,MATERIALES!A4:D640,2,FALSE) -> m3 | K48: 0.95 | M48: =VLOOKUP(A48,MATERIALES!A5:D396,4,FALSE) -> 55110.85 | N48: =K48*M48 -> 52355.308
A49: B0063200 | B49: =VLOOKUP(A49,MATERIALES!A6:D373,3,FALSE) -> Agua | J49: =VLOOKUP(A49,MATERIALES!A5:D641,2,FALSE) -> lt | K49: 170 | M49: =VLOOKUP(A49,MATERIALES!A6:D397,4,FALSE) -> 35.65649 | N49: =K49*M49 -> 6061.6033
A50: B0093350 | B50: =VLOOKUP(A50,MATERIALES!A6:D373,3,FALSE) -> Arena lavada | J50: =VLOOKUP(A50,MATERIALES!A6:D642,2,FALSE) -> m3 | K50: 0.55 | M50: =VLOOKUP(A50,MATERIALES!A6:D398,4,FALSE) -> 50000 | N50: =K50*M50 -> 27500
A51: B0100001 | B51: =VLOOKUP(A51,MATERIALES!A6:D373,3,FALSE) -> Cemento gris | J51: =VLOOKUP(A51,MATERIALES!A6:D643,2,FALSE) -> kg | K51: 300 | M51: =VLOOKUP(A51,MATERIALES!A6:D399,4,FALSE) -> 470 | N51: =K51*M51 -> 141000
A52: B021001 | B52: =VLOOKUP(A52,MATERIALES!A7:D373,3,FALSE) -> Formaleta (gaviones, juntas de bordillos, juntas de cunetas, muros, concretos clase D,E, F y G) | J52: =VLOOKUP(A52,MATERIALES!A6:D644,2,FALSE) -> m2 | K52: 3.1 | M52: =VLOOKUP(A52,MATERIALES!A7:D400,4,FALSE) -> 4267.0158 | N52: =K52*M52 -> 13227.749
B59: SUBTOTAL $ | N59: =SUM(N48:N58) -> 240144.66
B61: III. TRANSPORTES
B63: MATERIAL | H63: UNIDAD | I63: CANTIDAD (1) | J63: DISTANCIA (2) | K63: (1) * (2) | L63: TARIFA | N63: Vr. UNITARIO
A64: T0010004 | B64: =VLOOKUP(A64,TRANSPORTE!A2:D117,3,FALSE) -> Transporte de arena | H64: m3k | I64: 0.55 | J64: 1 | K64: =I64*J64 -> 0.55 | L64: =VLOOKUP(A64,TRANSPORTE!A2:D117,4,FALSE) -> 946.9697 | N64: =K64*L64 -> 520.83333
A65: T0010042 | B65: =VLOOKUP(A65,TRANSPORTE!A3:D117,3,FALSE) -> Transporte de material triturado | H65: m3k | I65: 0.95 | J65: 1 | K65: =I65*J65 -> 0.95 | L65: =VLOOKUP(A65,TRANSPORTE!A3:D117,4,FALSE) -> 946.9697 | N65: =K65*L65 -> 899.62121
B70: SUBTOTAL $ | N70: =N64+N65+N66+N67+N68 -> 1420.4545
B72: IV. MANO DE OBRA
B74: TRABAJADOR | I74: JORNAL | J74: PRESTACIONES (%) | K74: JORNAL TOTAL | L74: RENDIMIENTO | N74: Vr. UNITARIO
A75: A0030080 | B75: =VLOOKUP(A75,'MANO DE OBRA'!A8:D68,3,FALSE) -> Obrero (8) | I75: =K75/J75*100 -> 196724.53 | J75: 185 | K75: =VLOOKUP(A75,'MANO DE OBRA'!A8:D99,4,FALSE) -> 363940.39 | M75: 8 | N75: =K75/M75 -> 45492.548
A76: A0040010 | B76: =VLOOKUP(A76,'MANO DE OBRA'!A8:D69,3,FALSE) -> Oficial | I76: =K76/J76*100 -> 49181.133 | J76: 185 | K76: =VLOOKUP(A76,'MANO DE OBRA'!A8:D100,4,FALSE) -> 90985.097 | M76: 8 | N76: =K76/M76 -> 11373.137
B81: SUBTOTAL $ | N81: =SUM(N75:N80) -> 56865.685
B83: TOTAL COSTO DIRECTO $ | N83: =N43+N59+N70+N81 -> 311829.26
B85: V. COSTOS INDIRECTOS
B87: Descripción | K87: Porcentaje | L87: Valor Total
B88: ADMINISTRACION | K88: 0.2 | L88: =N83*K88 -> 62365.852
B89: IMPREVISTOS | K89: 0.05 | L89: =N83*K89 -> 15591.463
B90: UTILIDAD | K90: 0.05 | L90: =N83*K90 -> 15591.463
B91: SUBTOTAL $ | N91: =L88+L89+L90 -> 93548.777
A93: PFinal01 | B93: Precio Unitario Total Aproximado al Peso $ | N93: =N83+N91 -> 405378.03
E98: Firma
E99: Nombre:
E100: Representante Legal del Contratista o su Apoderado
E101: Matricula No. :
B103: OBSERVACIONES INTERVENTORÍA:
B109: APROBACIÓN POR INTERVENTORÍA
B110: Nota 1: Cuando se trate de Análisis de precios unitarios correspondientes a ítems de la propuesta económica aprobada, el Interventor aprueba el desglose de los componentes manteniendo el mismo precio unitario de cada ítem, cumpliendo con las especificaciones de construcción vigentes para el proyecto.
B112: Nota 2: Cuando se trate de Análisis de precios unitarios de ítems no previstos, el Interventor aprueba el desglose y precio unitario de cada ítem no previsto, exigiendo la aplicación de los costos correspondientes a insumos y tarifas de la propuesta económica inicial cuando estén contemplados, cumpliendo con las especificaciones de construcción vigente para el proyecto.
E118: Firma
E119: Nombre:
E120: Representante Legal del Interventor o su Apoderado
E121: Matricula No. :
B123: Original: Archivo de Gestión del Contrato (Subdirección Administrativa).
B124: Copias: Unidad Ejecutora, Contratista, Interventor y Dirección Territorial.

Sheet 630.7
K1: CÓDIGO | L1: MINFRA-MN-IN-10-FR-1
C2: INSTITUTO NACIONAL DE VIAS
C3: PROCESO GESTIÓN DE LA INFRAESTRUCTURA VIAL | K3: VERSIÓN | L3: 1
C4: MANUAL DE INTERVENTORÍA OBRA PÚBLICA
C5: ANÁLISIS DE PRECIOS UNITARIOS | K5: PÁGINA | M5: DE
K8: FECHA
L9: (Día) | M9: (Mes) | N9: (Año)
B10: ITEMS DE LA PROPUESTA ECONÓMICA | F10: □ | I10: ITEMS NO PREVISTOS | K10: □
B11: UNIDAD EJECUTORA: | J11: DIRECCIÓN TERRITORIAL:
B14: CONTRATO No. | D14: DE
B15: OBJETO DEL CONTRATO:
B18: CARRETERA: | J18: SECTOR:
B20: CONTRATISTA:
B22: INTERVENTOR: | K22: CTO No.: | M22: DE
B24: FECHA CIERRE PROCESO DE SELECCIÓN CONTRATO DE OBRA:
F25: (Día) | I25: (Mes) | J25: (Año)
B27: DATOS ESPECÍFICOS
B29: ITEM | C29: DESCRIPCIÓN | K29: GRUPO DE AJUSTE | L29: UNIDAD | N29: CANTIDAD
B30: ITEM | C30: DESCRIPCIÓN | L30: UNIDAD | N30: CANTIDAD
A31: Unidad | B31: 630.7 | C31: Concreto Resistencia 14MPa (G) (Ciclopeo) | L31: m3
B33: I. EQUIPO
B35: DESCRIPCIÓN | I35: TIPO | K35: TARIFA/HORA | L35: RENDIMIENTO | N35: Vr. UNITARIO
A36: C0010550 | B36: =VLOOKUP(A36,EQUIPOS!A6:D154,3,FALSE) -> Mezcladora de concreto 1 bulto | K36: =VLOOKUP(A36,EQUIPOS!A6:D163,4,FALSE) -> 5625 | M36: 1 | N36: =K36/M36 -> 5625
B41: HERRAMIENTA MENOR (%) | M41: 0.05 | N41: =N81*M41 -> 2274.6274
B43: SUBTOTAL $ | N43: =SUM(N36:N42) -> 7899.6274
B45: II. MATERIALES
B47: DESCRIPCIÓN | J47: UNIDAD | K47: CANTIDAD | L47: PRECIO UNIT. | N47: Vr. UNITARIO
A48: B0053100 | B48: =VLOOKUP(A48,MATERIALES!A5:D373,3,FALSE) -> Agregado para concreto hidráulico | J48: =VLOOKUP(A48,MATERIALES!A4:D640,2,FALSE) -> m3 | K48: 0.504 | M48: =VLOOKUP(A48,MATERIALES!A5:D396,4,FALSE) -> 55110.85 | N48: =K48*M48 -> 27775.868
A49: B0063200 | B49: =VLOOKUP(A49,MATERIALES!A6:D373,3,FALSE) -> Agua | J49: =VLOOKUP(A49,MATERIALES!A5:D641,2,FALSE) -> lt | K49: 111 | M49: =VLOOKUP(A49,MATERIALES!A6:D397,4,FALSE) -> 35.65649 | N49: =K49*M49 -> 3957.8704
A50: B0014700 | B50: =VLOOKUP(A50,MATERIALES!A6:D373,3,FALSE) -> Piedra para concreto ciclópeo (rajón o canto rodado) | J50: =VLOOKUP(A50,MATERIALES!A6:D642,2,FALSE) -> m3 | K50: 0.4 | M50: =VLOOKUP(A50,MATERIALES!A6:D398,4,FALSE) -> 45000 | N50: =K50*M50 -> 18000
A51: B0093350 | B51: =VLOOKUP(A51,MATERIALES!A6:D373,3,FALSE) -> Arena lavada | J51: =VLOOKUP(A51,MATERIALES!A6:D643,2,FALSE) -> m3 | K51: 0.378 | M51: =VLOOKUP(A51,MATERIALES!A6:D399,4,FALSE) -> 50000 | N51: =K51*M51 -> 18900
A52: B0100001 | B52: =VLOOKUP(A52,MATERIALES!A7:D373,3,FALSE) -> Cemento gris | J52: =VLOOKUP(A52,MATERIALES!A6:D644,2,FALSE) -> kg | K52: 156 | M52: =VLOOKUP(A52,MATERIALES!A7:D400,4,FALSE) -> 470 | N52: =K52*M52 -> 73320
B59: SUBTOTAL $ | N59: =SUM(N48:N58) -> 141953.74
B61: III. TRANSPORTES
B63: MATERIAL | H63: UNIDAD | I63: CANTIDAD (1) | J63: DISTANCIA (2) | K63: (1) * (2) | L63: TARIFA | N63: Vr. UNITARIO
A64: T0010004 | B64: =VLOOKUP(A64,TRANSPORTE!A2:D117,3,FALSE) -> Transporte de arena | H64: m3k | I64: 0.378 | J64: 1 | K64: =I64*J64 -> 0.378 | L64: =VLOOKUP(A64,TRANSPORTE!A2:D117,4,FALSE) -> 946.9697 | N64: =K64*L64 -> 357.95455
A65: T0010042 | B65: =VLOOKUP(A65,TRANSPORTE!A3:D117,3,FALSE) -> Transporte de material triturado | H65: m3k | I65: 0.504 | J65: 1 | K65: =I65*J65 -> 0.504 | L65: =VLOOKUP(A65,TRANSPORTE!A3:D117,4,FALSE) -> 946.9697 | N65: =K65*L65 -> 477.27273
A66: T0010091 | B66: =VLOOKUP(A66,TRANSPORTE!A3:D117,3,FALSE) -> Transporte de piedra para Ciclópeo | H66: m3k | I66: 0.4 | J66: 1 | K66: =I66*J66 -> 0.4 | L66: =VLOOKUP(A66,TRANSPORTE!A3:D117,4,FALSE) -> 946.9697 | N66: =K66*L66 -> 378.78788
B70: SUBTOTAL $ | N70: =N64+N65+N66+N67+N68 -> 1214.0152
B72: IV. MANO DE OBRA
B74: TRABAJADOR | I74: JORNAL | J74: PRESTACIONES (%) | K74: JORNAL TOTAL | L74: RENDIMIENTO | N74: Vr. UNITARIO
A75: A0030080 | B75: =VLOOKUP(A75,'MANO DE OBRA'!A8:D68,3,FALSE) -> Obrero (8) | I75: =K75/J75*100 -> 196724.53 | J75: 185 | K75: =VLOOKUP(A75,'MANO DE OBRA'!A8:D99,4,FALSE) -> 363940.39 | M75: 10 | N75: =K75/M75 -> 36394.039
A76: A0040010 | B76: =VLOOKUP(A76,'MANO DE OBRA'!A8:D69,3,FALSE) -> Oficial | I76: =K76/J76*100 -> 49181.133 | J76: 185 | K76: =VLOOKUP(A76,'MANO DE OBRA'!A8:D100,4,FALSE) -> 90985.097 | M76: 10 | N76: =K76/M76 -> 9098.5097
B81: SUBTOTAL $ | N81: =SUM(N75:N80) -> 45492.548
B83: TOTAL COSTO DIRECTO $ | N83: =N43+N59+N70+N81 -> 196559.93
B85: V. COSTOS INDIRECTOS
B87: Descripción | K87: Porcentaje | L87: Valor Total
B88: ADMINISTRACION | K88: 0.2 | L88: =N83*K88 -> 39311.986
B89: IMPREVISTOS | K89: 0.05 | L89: =N83*K89 -> 9827.9965
B90: UTILIDAD | K90: 0.05 | L90: =N83*K90 -> 9827.9965
B91: SUBTOTAL $ | N91: =L88+L89+L90 -> 58967.979
A93: PFinal01 | B93: Precio Unitario Total Aproximado al Peso $ | N93: =N83+N91 -> 255527.91
E98: Firma
E99: Nombre:
E100: Representante Legal del Contratista o su Apoderado
E101: Matricula No. :
B103: OBSERVACIONES INTERVENTORÍA:
B109: APROBACIÓN POR INTERVENTORÍA
B110: Nota 1: Cuando se trate de Análisis de precios unitarios correspondientes a ítems de la propuesta económica aprobada, el Interventor aprueba el desglose de los componentes manteniendo el mismo precio unitario de cada ítem, cumpliendo con las especificaciones de construcción vigentes para el proyecto.
B112: Nota 2: Cuando se trate de Análisis de precios unitarios de ítems no previstos, el Interventor aprueba el desglose y precio unitario de cada ítem no previsto, exigiendo la aplicación de los costos correspondientes a insumos y tarifas de la propuesta económica inicial cuando estén contemplados, cumpliendo con las especificaciones de construcción vigente para el proyecto.
E118: Firma
E119: Nombre:
E120: Representante Legal del Interventor o su Apoderado
E121: Matricula No. :
B123: Original: Archivo de Gestión del Contrato (Subdirección Administrativa).
B124: Copias: Unidad Ejecutora, Contratista, Interventor y Dirección Territorial.

Sheet 640.1
K1: CÓDIGO | L1: MINFRA-MN-IN-10-FR-1
C2: INSTITUTO NACIONAL DE VIAS
C3: PROCESO GESTIÓN DE LA INFRAESTRUCTURA VIAL | K3: VERSIÓN | L3: 1
C4: MANUAL DE INTERVENTORÍA OBRA PÚBLICA
C5: ANÁLISIS DE PRECIOS UNITARIOS | K5: PÁGINA | M5: DE
K8: FECHA
L9: (Día) | M9: (Mes) | N9: (Año)
B10: ITEMS DE LA PROPUESTA ECONÓMICA | F10: □ | I10: ITEMS NO PREVISTOS | K10: □
B11: UNIDAD EJECUTORA: | J11: DIRECCIÓN TERRITORIAL:
B14: CONTRATO No. | D14: DE
B15: OBJETO DEL CONTRATO:
B18: CARRETERA: | J18: SECTOR:
B20: CONTRATISTA:
B22: INTERVENTOR: | K22: CTO No.: | M22: DE
B24: FECHA CIERRE PROCESO DE SELECCIÓN CONTRATO DE OBRA:
F25: (Día) | I25: (Mes) | J25: (Año)
B27: DATOS ESPECÍFICOS
B29: ITEM | C29: DESCRIPCIÓN | K29: GRUPO DE AJUSTE | L29: UNIDAD | N29: CANTIDAD
B30: ITEM | C30: DESCRIPCIÓN | L30: UNIDAD | N30: CANTIDAD
A31: Unidad | B31: 640.1 | C31: Acero de Refuerzo Fy 4200 MPa. | L31: kg
B33: I. EQUIPO
B35: DESCRIPCIÓN | I35: TIPO | K35: TARIFA/HORA | L35: RENDIMIENTO | N35: Vr. UNITARIO
A36: C0010170 | B36: =VLOOKUP(A36,EQUIPOS!A6:D154,3,FALSE) -> Cizalla manual de 90 cm. | K36: =VLOOKUP(A36,EQUIPOS!A6:D163,4,FALSE) -> 1015.2 | M36: 37.5 | N36: =K36/M36 -> 27.072
B41: HERRAMIENTA MENOR (%) | M41: 0.02 | N41: =N78*M41 -> 13.647764
B43: SUBTOTAL $ | N43: =SUM(N36:N42) -> 40.719765
B45: II. MATERIALES
B47: DESCRIPCIÓN | J47: UNIDAD | K47: CANTIDAD | L47: PRECIO UNIT. | N47: Vr. UNITARIO
A48: B0020003 | B48: =VLOOKUP(A48,MATERIALES!A5:D373,3,FALSE) -> Acero PDR-60 | J48: =VLOOKUP(A48,MATERIALES!A4:D640,2,FALSE) -> kg | K48: 1.05 | M48: =VLOOKUP(A48,MATERIALES!A5:D396,4,FALSE) -> 2856 | N48: =K48*M48 -> 2998.8
A49: B026012 | B49: =VLOOKUP(A49,MATERIALES!A6:D373,3,FALSE) -> Alambre Negro Para Amarre | J49: =VLOOKUP(A49,MATERIALES!A5:D641,2,FALSE) -> kg | K49: 0.03 | M49: =VLOOKUP(A49,MATERIALES!A6:D397,4,FALSE) -> 3800 | N49: =K49*M49 -> 114
B56: SUBTOTAL $ | N56: =SUM(N48:N55) -> 3112.8
B58: III. TRANSPORTES
B60: MATERIAL | H60: UNIDAD | I60: CANTIDAD (1) | J60: DISTANCIA (2) | K60: (1) * (2) | L60: TARIFA | N60: Vr. UNITARIO
A61: T0010001 | B61: =VLOOKUP(A61,TRANSPORTE!A3:D117,3,FALSE) -> Transporte de acero | H61: kg/km | I61: 1.05 | J61: 1 | K61: =I61*J61 -> 1.05 | L61: =VLOOKUP(A61,TRANSPORTE!A3:D117,4,FALSE) -> 0.29694158 | N61: =K61*L61 -> 0.31178866
B67: SUBTOTAL $ | N67: =N61+N62+N63+N64+N65 -> 0.31178866
B69: IV. MANO DE OBRA
B71: TRABAJADOR | I71: JORNAL | J71: PRESTACIONES (%) | K71: JORNAL TOTAL | L71: RENDIMIENTO | N71: Vr. UNITARIO
A72: A0030010 | B72: =VLOOKUP(A72,'MANO DE OBRA'!A8:D68,3,FALSE) -> Obrero | I72: =K72/J72*100 -> 24590.567 | J72: 185 | K72: =VLOOKUP(A72,'MANO DE OBRA'!A8:D99,4,FALSE) -> 45492.548 | M72: 200 | N72: =K72/M72 -> 227.46274
A73: A0040010 | B73: =VLOOKUP(A73,'MANO DE OBRA'!A8:D69,3,FALSE) -> Oficial | I73: =K73/J73*100 -> 49181.133 | J73: 185 | K73: =VLOOKUP(A73,'MANO DE OBRA'!A8:D100,4,FALSE) -> 90985.097 | M73: 200 | N73: =K73/M73 -> 454.92548
B78: SUBTOTAL $ | N78: =SUM(N72:N77) -> 682.38822
B80: TOTAL COSTO DIRECTO $ | N80: =N43+N56+N67+N78 -> 3836.2198
B82: V. COSTOS INDIRECTOS
B84: Descripción | K84: Porcentaje | L84: Valor Total
B85: ADMINISTRACION | K85: 0.2 | L85: =N80*K85 -> 767.24396
B86: IMPREVISTOS | K86: 0.05 | L86: =N80*K86 -> 191.81099
B87: UTILIDAD | K87: 0.05 | L87: =N80*K87 -> 191.81099
B88: SUBTOTAL $ | N88: =L85+L86+L87 -> 1150.8659
A90: PFinal01 | B90: Precio Unitario Total Aproximado al Peso $ | N90: =N80+N88 -> 4987.0857
E95: Firma
E96: Nombre:
E97: Representante Legal del Contratista o su Apoderado
E98: Matricula No. :
B100: OBSERVACIONES INTERVENTORÍA:
B106: APROBACIÓN POR INTERVENTORÍA
B107: Nota 1: Cuando se trate de Análisis de precios unitarios correspondientes a ítems de la propuesta económica aprobada, el Interventor aprueba el desglose de los componentes manteniendo el mismo precio unitario de cada ítem, cumpliendo con las especificaciones de construcción vigentes para el proyecto.
B109: Nota 2: Cuando se trate de Análisis de precios unitarios de ítems no previstos, el Interventor aprueba el desglose y precio unitario de cada ítem no previsto, exigiendo la aplicación de los costos correspondientes a insumos y tarifas de la propuesta económica inicial cuando estén contemplados, cumpliendo con las especificaciones de construcción vigente para el proyecto.
E115: Firma
E116: Nombre:
E117: Representante Legal del Interventor o su Apoderado
E118: Matricula No. :
B120: Original: Archivo de Gestión del Contrato (Subdirección Administrativa).
B121: Copias: Unidad Ejecutora, Contratista, Interventor y Dirección Territorial.

Sheet 670.5
K1: CÓDIGO | L1: MINFRA-MN-IN-10-FR-1
C2: INSTITUTO NACIONAL DE VIAS
C3: PROCESO GESTIÓN DE LA INFRAESTRUCTURA VIAL | K3: VERSIÓN | L3: 1
C4: MANUAL DE INTERVENTORÍA OBRA PÚBLICA
C5: ANÁLISIS DE PRECIOS UNITARIOS | K5: PÁGINA | M5: DE
K8: FECHA
L9: (Día) | M9: (Mes) | N9: (Año)
B10: ITEMS DE LA PROPUESTA ECONÓMICA | F10: □ | I10: ITEMS NO PREVISTOS | K10: □
B11: UNIDAD EJECUTORA: | J11: DIRECCIÓN TERRITORIAL:
B14: CONTRATO No. | D14: DE
B15: OBJETO DEL CONTRATO:
B18: CARRETERA: | J18: SECTOR:
B20: CONTRATISTA:
B22: INTERVENTOR: | K22: CTO No.: | M22: DE
B24: FECHA CIERRE PROCESO DE SELECCIÓN CONTRATO DE OBRA:
F25: (Día) | I25: (Mes) | J25: (Año)
B27: DATOS ESPECÍFICOS
B29: ITEM | C29: DESCRIPCIÓN | K29: GRUPO DE AJUSTE | L29: UNIDAD | N29: CANTIDAD
B30: ITEM | C30: DESCRIPCIÓN | L30: UNIDAD | N30: CANTIDAD
A31: Unidad | B31: 670.5 | C31: Disipadores de Energía y Sedimentadores en Concreto Ciclopeo | L31: m3
B33: I. EQUIPO
B35: DESCRIPCIÓN | I35: TIPO | K35: TARIFA/HORA | L35: RENDIMIENTO | N35: Vr. UNITARIO
A36: C0010550 | B36: =VLOOKUP(A36,EQUIPOS!A6:D154,3,FALSE) -> Mezcladora de concreto 1 bulto | K36: =VLOOKUP(A36,EQUIPOS!A6:D163,4,FALSE) -> 5625 | M36: 1 | N36: =K36*M36 -> 5625
B41: HERRAMIENTA MENOR (%) | M41: 0.05 | N41: =N77*M41 -> 2843.2843
B43: SUBTOTAL $ | N43: =SUM(N36:N42) -> 8468.2843
B45: II. MATERIALES
B47: DESCRIPCIÓN | J47: UNIDAD | K47: CANTIDAD | L47: PRECIO UNIT. | N47: Vr. UNITARIO
A48: B0053100 | B48: =VLOOKUP(A48,MATERIALES!A5:D373,3,FALSE) -> Agregado para concreto hidráulico | J48: =VLOOKUP(A48,MATERIALES!A4:D640,2,FALSE) -> m3 | K48: 0.504 | M48: =VLOOKUP(A48,MATERIALES!A5:D396,4,FALSE) -> 55110.85 | N48: =K48*M48 -> 27775.868
A49: B021001 | B49: =VLOOKUP(A49,MATERIALES!A6:D373,3,FALSE) -> Formaleta (gaviones, juntas de bordillos, juntas de cunetas, muros, concretos clase D,E, F y G) | J49: =VLOOKUP(A49,MATERIALES!A5:D641,2,FALSE) -> m2 | K49: 2 | M49: =VLOOKUP(A49,MATERIALES!A6:D397,4,FALSE) -> 4267.0158 | N49: =K49*M49 -> 8534.0315
A50: B0063200 | B50: =VLOOKUP(A50,MATERIALES!A6:D373,3,FALSE) -> Agua | J50: =VLOOKUP(A50,MATERIALES!A6:D642,2,FALSE) -> lt | K50: 111 | M50: =VLOOKUP(A50,MATERIALES!A6:D398,4,FALSE) -> 35.65649 | N50: =K50*M50 -> 3957.8704
A51: B0014700 | B51: =VLOOKUP(A51,MATERIALES!A6:D373,3,FALSE) -> Piedra para concreto ciclópeo (rajón o canto rodado) | J51: =VLOOKUP(A51,MATERIALES!A6:D643,2,FALSE) -> m3 | K51: 0.4 | M51: =VLOOKUP(A51,MATERIALES!A6:D399,4,FALSE) -> 45000 | N51: =K51*M51 -> 18000
A52: B0093350 | B52: =VLOOKUP(A52,MATERIALES!A7:D373,3,FALSE) -> Arena lavada | J52: =VLOOKUP(A52,MATERIALES!A6:D644,2,FALSE) -> m3 | K52: 0.378 | M52: =VLOOKUP(A52,MATERIALES!A7:D400,4,FALSE) -> 50000 | N52: =K52*M52 -> 18900
A53: B0100001 | B53: =VLOOKUP(A53,MATERIALES!A8:D373,3,FALSE) -> Cemento gris | J53: =VLOOKUP(A53,MATERIALES!A7:D645,2,FALSE) -> kg | K53: 156 | M53: =VLOOKUP(A53,MATERIALES!A8:D401,4,FALSE) -> 470 | N53: =K53*M53 -> 73320
B55: SUBTOTAL $ | N55: =SUM(N48:N54) -> 150487.77
B57: III. TRANSPORTES
B59: MATERIAL | H59: UNIDAD | I59: CANTIDAD (1) | J59: DISTANCIA (2) | K59: (1) * (2) | L59: TARIFA | N59: Vr. UNITARIO
A60: T0010094 | B60: =VLOOKUP(A60,TRANSPORTE!A1:D117,3,FALSE) -> Transporte de piedra para gaviones | H60: m3k | I60: 0.4 | J60: 1 | K60: =I60*J60 -> 0.4 | L60: =VLOOKUP(A60,TRANSPORTE!A1:D117,4,FALSE) -> 946.9697 | N60: =K60*L60 -> 378.78788
A61: T0010004 | B61: =VLOOKUP(A61,TRANSPORTE!A1:D117,3,FALSE) -> Transporte de arena | H61: m3k | I61: 0.378 | J61: 1 | K61: =I61*J61 -> 0.378 | L61: =VLOOKUP(A61,TRANSPORTE!A1:D117,4,FALSE) -> 946.9697 | N61: =K61*L61 -> 357.95455
A62: T0010042 | B62: =VLOOKUP(A62,TRANSPORTE!A1:D117,3,FALSE) -> Transporte de material triturado | H62: m3k | I62: 0.504 | J62: 1 | K62: =I62*J62 -> 0.504 | L62: =VLOOKUP(A62,TRANSPORTE!A1:D117,4,FALSE) -> 946.9697 | N62: =K62*L62 -> 477.27273
B66: SUBTOTAL $ | N66: =N60+N61+N62+N63+N64 -> 1214.0152
B68: IV. MANO DE OBRA
B70: TRABAJADOR | I70: JORNAL | J70: PRESTACIONES (%) | K70: JORNAL TOTAL | L70: RENDIMIENTO | N70: Vr. UNITARIO
A71: A0030080 | B71: =VLOOKUP(A71,'MANO DE OBRA'!A8:D68,3,FALSE) -> Obrero (8) | I71: =K71/J71*100 -> 196724.53 | J71: 185 | K71: =VLOOKUP(A71,'MANO DE OBRA'!A8:D99,4,FALSE) -> 363940.39 | M71: 8 | N71: =K71/M71 -> 45492.548
A72: A0040010 | B72: =VLOOKUP(A72,'MANO DE OBRA'!A8:D69,3,FALSE) -> Oficial | I72: =K72/J72*100 -> 49181.133 | J72: 185 | K72: =VLOOKUP(A72,'MANO DE OBRA'!A8:D100,4,FALSE) -> 90985.097 | M72: 8 | N72: =K72/M72 -> 11373.137
B77: SUBTOTAL $ | N77: =SUM(N71:N76) -> 56865.685
B79: TOTAL COSTO DIRECTO $ | N79: =N43+N55+N66+N77 -> 217035.76
B81: V. COSTOS INDIRECTOS
B83: Descripción | K83: Porcentaje | L83: Valor Total
B84: ADMINISTRACION | K84: 0.2 | L84: =N79*K84 -> 43407.151
B85: IMPREVISTOS | K85: 0.05 | L85: =N79*K85 -> 10851.788
B86: UTILIDAD | K86: 0.05 | L86: =N79*K86 -> 10851.788
B87: SUBTOTAL $ | N87: =L84+L85+L86 -> 65110.727
A89: PFinal01 | B89: Precio Unitario Total Aproximado al Peso $ | N89: =N79+N87 -> 282146.48
E94: Firma
E95: Nombre:
E96: Representante Legal del Contratista o su Apoderado
E97: Matricula No. :
B99: OBSERVACIONES INTERVENTORÍA:
B105: APROBACIÓN POR INTERVENTORÍA
B106: Nota 1: Cuando se trate de Análisis de precios unitarios correspondientes a ítems de la propuesta económica aprobada, el Interventor aprueba el desglose de los componentes manteniendo el mismo precio unitario de cada ítem, cumpliendo con las especificaciones de construcción vigentes para el proyecto.
B108: Nota 2: Cuando se trate de Análisis de precios unitarios de ítems no previstos, el Interventor aprueba el desglose y precio unitario de cada ítem no previsto, exigiendo la aplicación de los costos correspondientes a insumos y tarifas de la propuesta económica inicial cuando estén contemplados, cumpliendo con las especificaciones de construcción vigente para el proyecto.
E114: Firma
E115: Nombre:
E116: Representante Legal del Interventor o su Apoderado
E117: Matricula No. :
B119: Original: Archivo de Gestión del Contrato (Subdirección Administrativa).
B120: Copias: Unidad Ejecutora, Contratista, Interventor y Dirección Territorial.

Sheet 671.3
K1: CÓDIGO | L1: MINFRA-MN-IN-10-FR-1
C2: INSTITUTO NACIONAL DE VIAS
C3: PROCESO GESTIÓN DE LA INFRAESTRUCTURA VIAL | K3: VERSIÓN | L3: 1
C4: MANUAL DE INTERVENTORÍA OBRA PÚBLICA
C5: ANÁLISIS DE PRECIOS UNITARIOS | K5: PÁGINA | M5: DE
K8: FECHA
L9: (Día) | M9: (Mes) | N9: (Año)
B10: ITEMS DE LA PROPUESTA ECONÓMICA | F10: □ | I10: ITEMS NO PREVISTOS | K10: □
B11: UNIDAD EJECUTORA: | J11: DIRECCIÓN TERRITORIAL:
B14: CONTRATO No. | D14: DE
B15: OBJETO DEL CONTRATO:
B18: CARRETERA: | J18: SECTOR:
B20: CONTRATISTA:
B22: INTERVENTOR: | K22: CTO No.: | M22: DE
B24: FECHA CIERRE PROCESO DE SELECCIÓN CONTRATO DE OBRA:
F25: (Día) | I25: (Mes) | J25: (Año)
B27: DATOS ESPECÍFICOS
B29: ITEM | C29: DESCRIPCIÓN | K29: GRUPO DE AJUSTE | L29: UNIDAD | N29: CANTIDAD
B30: ITEM | C30: DESCRIPCIÓN | L30: UNIDAD | N30: CANTIDAD
A31: Unidad | B31: 671.3 | C31: Cuneta de Concreto Vaciada In Situ; incluye la conformacion de la superficie de apoyo | L31: m3
B33: I. EQUIPO
B35: DESCRIPCIÓN | I35: TIPO | K35: TARIFA/HORA | L35: RENDIMIENTO | N35: Vr. UNITARIO
A36: C0010190 | B36: =VLOOKUP(A36,EQUIPOS!A6:D154,3,FALSE) -> COMPACTADOR MANUAL VIBRATORIO (RANA) con motor de 6 HP | K36: =VLOOKUP(A36,EQUIPOS!A6:D163,4,FALSE) -> 7446.5699 | M36: 1.25 | N36: =K36/M36 -> 5957.2559
B41: HERRAMIENTA MENOR (%) | M41: 0.05 | N41: =N75*M41 -> 1592.2392
B43: SUBTOTAL $ | N43: =SUM(N36:N42) -> 7549.4951
B45: II. MATERIALES
B47: DESCRIPCIÓN | J47: UNIDAD | K47: CANTIDAD | L47: PRECIO UNIT. | N47: Vr. UNITARIO
A48: B0014410 | B48: =VLOOKUP(A48,MATERIALES!A5:D373,3,FALSE) -> Material seleccionado para Relleno | J48: =VLOOKUP(A48,MATERIALES!A4:D640,2,FALSE) -> m3 | K48: 0.5 | M48: =VLOOKUP(A48,MATERIALES!A5:D396,4,FALSE) -> 13811.392 | N48: =K48*M48 -> 6905.696
A49: B0103490 | B49: =VLOOKUP(A49,MATERIALES!A6:D373,3,FALSE) -> Cemento Asfaltico 60-70 | J49: =VLOOKUP(A49,MATERIALES!A5:D641,2,FALSE) -> kg | K49: 0.5 | M49: =VLOOKUP(A49,MATERIALES!A6:D397,4,FALSE) -> 1610.07 | N49: =K49*M49 -> 805.035
A50: B0123660 | B50: =VLOOKUP(A50,MATERIALES!A6:D373,3,FALSE) -> Concreto Resistencia 14 (Mpa) | J50: =VLOOKUP(A50,MATERIALES!A6:D642,2,FALSE) -> m3 | K50: 1.01 | M50: =VLOOKUP(A50,MATERIALES!A6:D398,4,FALSE) -> 383537 | N50: =K50*M50 -> 387372.37
A51: B021001 | B51: =VLOOKUP(A51,MATERIALES!A6:D373,3,FALSE) -> Formaleta (gaviones, juntas de bordillos, juntas de cunetas, muros, concretos clase D,E, F y G) | J51: =VLOOKUP(A51,MATERIALES!A6:D643,2,FALSE) -> m2 | K51: 0.3 | M51: =VLOOKUP(A51,MATERIALES!A6:D399,4,FALSE) -> 4267.0158 | N51: =K51*M51 -> 1280.1047
B53: SUBTOTAL $ | N53: =SUM(N48:N52) -> 396363.21
B55: III. TRANSPORTES
B57: MATERIAL | H57: UNIDAD | I57: CANTIDAD (1) | J57: DISTANCIA (2) | K57: (1) * (2) | L57: TARIFA | N57: Vr. UNITARIO
A58: T0010009 | B58: =VLOOKUP(A58,TRANSPORTE!A1:D117,3,FALSE) -> Transporte de concreto | H58: m3/km | I58: 1.01 | J58: 1 | K58: =I58*J58 -> 1.01 | L58: =VLOOKUP(A58,TRANSPORTE!A1:D117,4,FALSE) -> 946.9697 | N58: =K58*L58 -> 956.43939
A59: T0010062 | B59: =VLOOKUP(A59,TRANSPORTE!A1:D117,3,FALSE) -> Transporte de material seleccionado para relleno | H59: m3/km | I59: 0.5 | J59: 1 | K59: =I59*J59 -> 0.5 | L59: =VLOOKUP(A59,TRANSPORTE!A1:D117,4,FALSE) -> 946.9697 | N59: =K59*L59 -> 473.48485
B64: SUBTOTAL $ | N64: =N58+N59+N60+N61+N62 -> 1429.9242
B66: IV. MANO DE OBRA
B68: TRABAJADOR | I68: JORNAL | J68: PRESTACIONES (%) | K68: JORNAL TOTAL | L68: RENDIMIENTO | N68: Vr. UNITARIO
A69: A0030050 | B69: =VLOOKUP(A69,'MANO DE OBRA'!A8:D68,3,FALSE) -> Obrero (5) | I69: =K69/J69*100 -> 122952.83 | J69: 185 | K69: =VLOOKUP(A69,'MANO DE OBRA'!A8:D99,4,FALSE) -> 227462.74 | M69: 10 | N69: =K69/M69 -> 22746.274
A70: A0040010 | B70: =VLOOKUP(A70,'MANO DE OBRA'!A8:D69,3,FALSE) -> Oficial | I70: =K70/J70*100 -> 49181.133 | J70: 185 | K70: =VLOOKUP(A70,'MANO DE OBRA'!A8:D100,4,FALSE) -> 90985.097 | M70: 10 | N70: =K70/M70 -> 9098.5097
B75: SUBTOTAL $ | N75: =SUM(N69:N74) -> 31844.784
B77: TOTAL COSTO DIRECTO $ | N77: =N43+N53+N64+N75 -> 437187.41
B79: V. COSTOS INDIRECTOS
B81: Descripción | K81: Porcentaje | L81: Valor Total
B82: ADMINISTRACION | K82: 0.2 | L82: =N77*K82 -> 87437.482
B83: IMPREVISTOS | K83: 0.05 | L83: =N77*K83 -> 21859.37
B84: UTILIDAD | K84: 0.05 | L84: =N77*K84 -> 21859.37
B85: SUBTOTAL $ | N85: =L82+L83+L84 -> 131156.22
A87: PFinal01 | B87: Precio Unitario Total Aproximado al Peso $ | N87: =N77+N85 -> 568343.63
E92: Firma
E93: Nombre:
E94: Representante Legal del Contratista o su Apoderado
E95: Matricula No. :
B97: OBSERVACIONES INTERVENTORÍA:
B103: APROBACIÓN POR INTERVENTORÍA
B104: Nota 1: Cuando se trate de Análisis de precios unitarios correspondientes a ítems de la propuesta económica aprobada, el Interventor aprueba el desglose de los componentes manteniendo el mismo precio unitario de cada ítem, cumpliendo con las especificaciones de construcción vigentes para el proyecto.
B106: Nota 2: Cuando se trate de Análisis de precios unitarios de ítems no previstos, el Interventor aprueba el desglose y precio unitario de cada ítem no previsto, exigiendo la aplicación de los costos correspondientes a insumos y tarifas de la propuesta económica inicial cuando estén contemplados, cumpliendo con las especificaciones de construcción vigente para el proyecto.
E112: Firma
E113: Nombre:
E114: Representante Legal del Interventor o su Apoderado
E115: Matricula No. :
B117: Original: Archivo de Gestión del Contrato (Subdirección Administrativa).
B118: Copias: Unidad Ejecutora, Contratista, Interventor y Dirección Territorial.

Sheet 663.1
K1: CÓDIGO | L1: MINFRA-MN-IN-10-FR-1
C2: INSTITUTO NACIONAL DE VIAS
C3: PROCESO GESTIÓN DE LA INFRAESTRUCTURA VIAL | K3: VERSIÓN | L3: 1
C4: MANUAL DE INTERVENTORÍA OBRA PÚBLICA
C5: ANÁLISIS DE PRECIOS UNITARIOS | K5: PÁGINA | M5: DE
K8: FECHA
L9: (Día) | M9: (Mes) | N9: (Año)
B10: ITEMS DE LA PROPUESTA ECONÓMICA | F10: □ | I10: ITEMS NO PREVISTOS | K10: □
B11: UNIDAD EJECUTORA: | J11: DIRECCIÓN TERRITORIAL:
B14: CONTRATO No. | D14: DE
B15: OBJETO DEL CONTRATO:
B18: CARRETERA: | J18: SECTOR:
B20: CONTRATISTA:
B22: INTERVENTOR: | K22: CTO No.: | M22: DE
B24: FECHA CIERRE PROCESO DE SELECCIÓN CONTRATO DE OBRA:
F25: (Día) | I25: (Mes) | J25: (Año)
B27: DATOS ESPECÍFICOS
B29: ITEM | C29: DESCRIPCIÓN | K29: GRUPO DE AJUSTE | L29: UNIDAD | N29: CANTIDAD
B30: ITEM | C30: DESCRIPCIÓN | L30: UNIDAD | N30: CANTIDAD
A31: Unidad | B31: 663.1 | C31: Tubería de Plastico Tipo__Norma___de Diametro__mm | L31: m
B33: I. EQUIPO
B35: DESCRIPCIÓN | I35: TIPO | K35: TARIFA/HORA | L35: RENDIMIENTO | N35: Vr. UNITARIO
B41: HERRAMIENTA MENOR (%) | M41: 0.05 | N41: =N75*M41 -> 113.73137
B43: SUBTOTAL $ | N43: =SUM(N36:N42) -> 113.73137
B45: II. MATERIALES
B47: DESCRIPCIÓN | J47: UNIDAD | K47: CANTIDAD | L47: PRECIO UNIT. | N47: Vr. UNITARIO
A48: B0015233 | B48: =VLOOKUP(A48,MATERIALES!A5:D373,3,FALSE) -> Tubería de Plástico | J48: =VLOOKUP(A48,MATERIALES!A4:D640,2,FALSE) -> m | K48: 1 | M48: =VLOOKUP(A48,MATERIALES!A5:D396,4,FALSE) -> 9633.7548 | N48: =K48*M48 -> 9633.7548
B53: SUBTOTAL $ | N53: =SUM(N48:N52) -> 9633.7548
B55: III. TRANSPORTES
B57: MATERIAL | H57: UNIDAD | I57: CANTIDAD (1) | J57: DISTANCIA (2) | K57: (1) * (2) | L57: TARIFA | N57: Vr. UNITARIO
B64: SUBTOTAL $
B66: IV. MANO DE OBRA
B68: TRABAJADOR | I68: JORNAL | J68: PRESTACIONES (%) | K68: JORNAL TOTAL | L68: RENDIMIENTO | N68: Vr. UNITARIO
A69: A0030030 | B69: =VLOOKUP(A69,'MANO DE OBRA'!A8:D68,3,FALSE) -> Obrero (3) | I69: =K69/J69*100 -> 73771.7 | J69: 185 | K69: =VLOOKUP(A69,'MANO DE OBRA'!A8:D99,4,FALSE) -> 136477.64 | M69: 100 | N69: =K69/M69 -> 1364.7764
A70: A0040010 | B70: =VLOOKUP(A70,'MANO DE OBRA'!A8:D69,3,FALSE) -> Oficial | I70: =K70/J70*100 -> 49181.133 | J70: 185 | K70: =VLOOKUP(A70,'MANO DE OBRA'!A8:D100,4,FALSE) -> 90985.097 | M70: 100 | N70: =K70/M70 -> 909.85097
B75: SUBTOTAL $ | N75: =SUM(N69:N74) -> 2274.6274
B77: TOTAL COSTO DIRECTO $ | N77: =N43+N53+N64+N75 -> 12022.114
B79: V. COSTOS INDIRECTOS
B81: Descripción | K81: Porcentaje | L81: Valor Total
B82: ADMINISTRACION | K82: 0.2 | L82: =N77*K82 -> 2404.4227
B83: IMPREVISTOS | K83: 0.05 | L83: =N77*K83 -> 601.10568
B84: UTILIDAD | K84: 0.05 | L84: =N77*K84 -> 601.10568
B85: SUBTOTAL $ | N85: =L82+L83+L84 -> 3606.6341
A87: PFinal01 | B87: Precio Unitario Total Aproximado al Peso $ | N87: =N77+N85 -> 15628.748
E92: Firma
E93: Nombre:
E94: Representante Legal del Contratista o su Apoderado
E95: Matricula No. :
B97: OBSERVACIONES INTERVENTORÍA:
B103: APROBACIÓN POR INTERVENTORÍA
B104: Nota 1: Cuando se trate de Análisis de precios unitarios correspondientes a ítems de la propuesta económica aprobada, el Interventor aprueba el desglose de los componentes manteniendo el mismo precio unitario de cada ítem, cumpliendo con las especificaciones de construcción vigentes para el proyecto.
B106: Nota 2: Cuando se trate de Análisis de precios unitarios de ítems no previstos, el Interventor aprueba el desglose y precio unitario de cada ítem no previsto, exigiendo la aplicación de los costos correspondientes a insumos y tarifas de la propuesta económica inicial cuando estén contemplados, cumpliendo con las especificaciones de construcción vigente para el proyecto.
E112: Firma
E113: Nombre:
E114: Representante Legal del Interventor o su Apoderado
E115: Matricula No. :
B117: Original: Archivo de Gestión del Contrato (Subdirección Administrativa).
B118: Copias: Unidad Ejecutora, Contratista, Interventor y Dirección Territorial.

Sheet 670.1
K1: CÓDIGO | L1: MINFRA-MN-IN-10-FR-1
C2: INSTITUTO NACIONAL DE VIAS
C3: PROCESO GESTIÓN DE LA INFRAESTRUCTURA VIAL | K3: VERSIÓN | L3: 1
C4: MANUAL DE INTERVENTORÍA OBRA PÚBLICA
C5: ANÁLISIS DE PRECIOS UNITARIOS | K5: PÁGINA | M5: DE
K8: FECHA
L9: (Día) | M9: (Mes) | N9: (Año)
B10: ITEMS DE LA PROPUESTA ECONÓMICA | F10: □ | I10: ITEMS NO PREVISTOS | K10: □
B11: UNIDAD EJECUTORA: | J11: DIRECCIÓN TERRITORIAL:
B14: CONTRATO No. | D14: DE
B15: OBJETO DEL CONTRATO:
B18: CARRETERA: | J18: SECTOR:
B20: CONTRATISTA:
B22: INTERVENTOR: | K22: CTO No.: | M22: DE
B24: FECHA CIERRE PROCESO DE SELECCIÓN CONTRATO DE OBRA:
F25: (Día) | I25: (Mes) | J25: (Año)
B27: DATOS ESPECÍFICOS
B29: ITEM | C29: DESCRIPCIÓN | K29: GRUPO DE AJUSTE | L29: UNIDAD | N29: CANTIDAD
B30: ITEM | C30: DESCRIPCIÓN | L30: UNIDAD | N30: CANTIDAD
A31: Unidad | B31: 670.1 | C31: Disipadores de Energía y Sedimentadores en Gaviones de Alambre de Acero entrelazado clase 1: recubrimiento de Zinc (galvanizado) | L31: m3
B33: I. EQUIPO
B35: DESCRIPCIÓN | I35: TIPO | K35: TARIFA/HORA | L35: RENDIMIENTO | N35: Vr. UNITARIO
B41: HERRAMIENTA MENOR (%) | M41: 0.05 | N41: =N75*M41 -> 1705.9706
B43: SUBTOTAL $ | N43: =SUM(N36:N42) -> 1705.9706
B45: II. MATERIALES
B47: DESCRIPCIÓN | J47: UNIDAD | K47: CANTIDAD | L47: PRECIO UNIT. | N47: Vr. UNITARIO
A48: B0014710 | B48: =VLOOKUP(A48,MATERIALES!A5:D373,3,FALSE) -> Piedra para gavión | J48: =VLOOKUP(A48,MATERIALES!A4:D640,2,FALSE) -> m3 | K48: 1.1 | M48: =VLOOKUP(A48,MATERIALES!A5:D396,4,FALSE) -> 45220 | N48: =K48*M48 -> 49742
A49: B0073220 | B49: =VLOOKUP(A49,MATERIALES!A6:D373,3,FALSE) -> Alambre galvanizado No. 12 | J49: =VLOOKUP(A49,MATERIALES!A5:D641,2,FALSE) -> kg | K49: 1.15 | M49: =VLOOKUP(A49,MATERIALES!A6:D397,4,FALSE) -> 4600 | N49: =K49*M49 -> 5290
A50: B0014611 | B50: =VLOOKUP(A50,MATERIALES!A6:D373,3,FALSE) -> Mortero 1:3 De recubrimiento | J50: =VLOOKUP(A50,MATERIALES!A6:D642,2,FALSE) -> m3 | K50: 0.12 | M50: =VLOOKUP(A50,MATERIALES!A6:D398,4,FALSE) -> 234366.57 | N50: =K50*M50 -> 28123.989
A51: B021001 | B51: =VLOOKUP(A51,MATERIALES!A6:D373,3,FALSE) -> Formaleta (gaviones, juntas de bordillos, juntas de cunetas, muros, concretos clase D,E, F y G) | J51: =VLOOKUP(A51,MATERIALES!A6:D643,2,FALSE) -> m2 | K51: 2 | M51: =VLOOKUP(A51,MATERIALES!A6:D399,4,FALSE) -> 4267.0158 | N51: =K51*M51 -> 8534.0315
A52: B033002 | B52: =VLOOKUP(A52,MATERIALES!A7:D373,3,FALSE) -> Malla para gaviones (2M3) | J52: =VLOOKUP(A52,MATERIALES!A6:D644,2,FALSE) -> u | K52: 0.5 | M52: =VLOOKUP(A52,MATERIALES!A7:D400,4,FALSE) -> 70000 | N52: =K52*M52 -> 35000
B53: SUBTOTAL $ | N53: =SUM(N48:N52) -> 126690.02
B55: III. TRANSPORTES
B57: MATERIAL | H57: UNIDAD | I57: CANTIDAD (1) | J57: DISTANCIA (2) | K57: (1) * (2) | L57: TARIFA | N57: Vr. UNITARIO
A58: T0010094 | B58: =VLOOKUP(A58,TRANSPORTE!A1:D117,3,FALSE) -> Transporte de piedra para gaviones | H58: m3k | I58: 1.1 | J58: 1 | K58: =I58*J58 -> 1.1 | L58: =VLOOKUP(A58,TRANSPORTE!A1:D117,4,FALSE) -> 946.9697 | N58: =K58*L58 -> 1041.6667
B64: SUBTOTAL $ | N64: =N58+N59+N60+N61+N62 -> 1041.6667
B66: IV. MANO DE OBRA
B68: TRABAJADOR | I68: JORNAL | J68: PRESTACIONES (%) | K68: JORNAL TOTAL | L68: RENDIMIENTO | N68: Vr. UNITARIO
A69: A0030040 | B69: =VLOOKUP(A69,'MANO DE OBRA'!A8:D68,3,FALSE) -> Obrero (4) | I69: =K69/J69*100 -> 98362.267 | J69: 185 | K69: =VLOOKUP(A69,'MANO DE OBRA'!A8:D99,4,FALSE) -> 181970.19 | M69: 8 | N69: =K69/M69 -> 22746.274
A70: A0040010 | B70: =VLOOKUP(A70,'MANO DE OBRA'!A8:D69,3,FALSE) -> Oficial | I70: =K70/J70*100 -> 49181.133 | J70: 185 | K70: =VLOOKUP(A70,'MANO DE OBRA'!A8:D100,4,FALSE) -> 90985.097 | M70: 8 | N70: =K70/M70 -> 11373.137
B75: SUBTOTAL $ | N75: =SUM(N69:N74) -> 34119.411
B77: TOTAL COSTO DIRECTO $ | N77: =N43+N53+N64+N75 -> 163557.07
B79: V. COSTOS INDIRECTOS
B81: Descripción | K81: Porcentaje | L81: Valor Total
B82: ADMINISTRACION | K82: 0.2 | L82: =N77*K82 -> 32711.414
B83: IMPREVISTOS | K83: 0.05 | L83: =N77*K83 -> 8177.8534
B84: UTILIDAD | K84: 0.05 | L84: =N77*K84 -> 8177.8534
B85: SUBTOTAL $ | N85: =L82+L83+L84 -> 49067.121
A87: PFinal01 | B87: Precio Unitario Total Aproximado al Peso $ | N87: =N77+N85 -> 212624.19
E92: Firma
E93: Nombre:
E94: Representante Legal del Contratista o su Apoderado
E95: Matricula No. :
B97: OBSERVACIONES INTERVENTORÍA:
B103: APROBACIÓN POR INTERVENTORÍA
B104: Nota 1: Cuando se trate de Análisis de precios unitarios correspondientes a ítems de la propuesta económica aprobada, el Interventor aprueba el desglose de los componentes manteniendo el mismo precio unitario de cada ítem, cumpliendo con las especificaciones de construcción vigentes para el proyecto.
B106: Nota 2: Cuando se trate de Análisis de precios unitarios de ítems no previstos, el Interventor aprueba el desglose y precio unitario de cada ítem no previsto, exigiendo la aplicación de los costos correspondientes a insumos y tarifas de la propuesta económica inicial cuando estén contemplados, cumpliendo con las especificaciones de construcción vigente para el proyecto.
E112: Firma
E113: Nombre:
E114: Representante Legal del Interventor o su Apoderado
E115: Matricula No. :
B117: Original: Archivo de Gestión del Contrato (Subdirección Administrativa).
B118: Copias: Unidad Ejecutora, Contratista, Interventor y Dirección Territorial.

Sheet 670.2
K1: CÓDIGO | L1: MINFRA-MN-IN-10-FR-1
C2: INSTITUTO NACIONAL DE VIAS
C3: PROCESO GESTIÓN DE LA INFRAESTRUCTURA VIAL | K3: VERSIÓN | L3: 1
C4: MANUAL DE INTERVENTORÍA OBRA PÚBLICA
C5: ANÁLISIS DE PRECIOS UNITARIOS | K5: PÁGINA | M5: DE
K8: FECHA
L9: (Día) | M9: (Mes) | N9: (Año)
B10: ITEMS DE LA PROPUESTA ECONÓMICA | F10: □ | I10: ITEMS NO PREVISTOS | K10: □
B11: UNIDAD EJECUTORA: | J11: DIRECCIÓN TERRITORIAL:
B14: CONTRATO No. | D14: DE
B15: OBJETO DEL CONTRATO:
B18: CARRETERA: | J18: SECTOR:
B20: CONTRATISTA:
B22: INTERVENTOR: | K22: CTO No.: | M22: DE
B24: FECHA CIERRE PROCESO DE SELECCIÓN CONTRATO DE OBRA:
F25: (Día) | I25: (Mes) | J25: (Año)
B27: DATOS ESPECÍFICOS
B29: ITEM | C29: DESCRIPCIÓN | K29: GRUPO DE AJUSTE | L29: UNIDAD | N29: CANTIDAD
B30: ITEM | C30: DESCRIPCIÓN | L30: UNIDAD | N30: CANTIDAD
A31: Unidad | B31: 670.2 | C31: Disipadores de Energía y Sedimentadores en Gaviones de Alambre de Acero entrelazado clase 2: recubrimiento de aleacion Zn-5A1-MM | L31: m3
B33: I. EQUIPO
B35: DESCRIPCIÓN | I35: TIPO | K35: TARIFA/HORA | L35: RENDIMIENTO | N35: Vr. UNITARIO
B41: HERRAMIENTA MENOR (%) | M41: 0.05 | N41: =N75*M41 -> 1705.9706
B43: SUBTOTAL $ | N43: =SUM(N36:N42) -> 1705.9706
B45: II. MATERIALES
B47: DESCRIPCIÓN | J47: UNIDAD | K47: CANTIDAD | L47: PRECIO UNIT. | N47: Vr. UNITARIO
A48: B0014710 | B48: =VLOOKUP(A48,MATERIALES!A5:D373,3,FALSE) -> Piedra para gavión | J48: =VLOOKUP(A48,MATERIALES!A4:D640,2,FALSE) -> m3 | K48: 1.1 | M48: =VLOOKUP(A48,MATERIALES!A5:D396,4,FALSE) -> 45220 | N48: =K48*M48 -> 49742
A49: B0073220 | B49: =VLOOKUP(A49,MATERIALES!A6:D373,3,FALSE) -> Alambre galvanizado No. 12 | J49: =VLOOKUP(A49,MATERIALES!A5:D641,2,FALSE) -> kg | K49: 1.15 | M49: =VLOOKUP(A49,MATERIALES!A6:D397,4,FALSE) -> 4600 | N49: =K49*M49 -> 5290
A50: B0014611 | B50: =VLOOKUP(A50,MATERIALES!A6:D373,3,FALSE) -> Mortero 1:3 De recubrimiento | J50: =VLOOKUP(A50,MATERIALES!A6:D642,2,FALSE) -> m3 | K50: 0.12 | M50: =VLOOKUP(A50,MATERIALES!A6:D398,4,FALSE) -> 234366.57 | N50: =K50*M50 -> 28123.989
A51: B021001 | B51: =VLOOKUP(A51,MATERIALES!A6:D373,3,FALSE) -> Formaleta (gaviones, juntas de bordillos, juntas de cunetas, muros, concretos clase D,E, F y G) | J51: =VLOOKUP(A51,MATERIALES!A6:D643,2,FALSE) -> m2 | K51: 2 | M51: =VLOOKUP(A51,MATERIALES!A6:D399,4,FALSE) -> 4267.0158 | N51: =K51*M51 -> 8534.0315
A52: B033005 | B52: =VLOOKUP(A52,MATERIALES!A7:D373,3,FALSE) -> Malla Ciclónica Para Gaviones Galvanizada Aleación Zn-5A1-Mm Cal 12 (2M3) | J52: =VLOOKUP(A52,MATERIALES!A6:D644,2,FALSE) -> u | K52: 0.5 | M52: =VLOOKUP(A52,MATERIALES!A7:D400,4,FALSE) -> 120151.18 | N52: =K52*M52 -> 60075.589
B53: SUBTOTAL $ | N53: =SUM(N48:N52) -> 151765.61
B55: III. TRANSPORTES
B57: MATERIAL | H57: UNIDAD | I57: CANTIDAD (1) | J57: DISTANCIA (2) | K57: (1) * (2) | L57: TARIFA | N57: Vr. UNITARIO
A58: T0010094 | B58: =VLOOKUP(A58,TRANSPORTE!A1:D117,3,FALSE) -> Transporte de piedra para gaviones | H58: m3k | I58: 1.1 | J58: 1 | K58: =I58*J58 -> 1.1 | L58: =VLOOKUP(A58,TRANSPORTE!A1:D117,4,FALSE) -> 946.9697 | N58: =K58*L58 -> 1041.6667
B64: SUBTOTAL $ | N64: =N58+N59+N60+N61+N62 -> 1041.6667
B66: IV. MANO DE OBRA
B68: TRABAJADOR | I68: JORNAL | J68: PRESTACIONES (%) | K68: JORNAL TOTAL | L68: RENDIMIENTO | N68: Vr. UNITARIO
A69: A0030040 | B69: =VLOOKUP(A69,'MANO DE OBRA'!A8:D68,3,FALSE) -> Obrero (4) | I69: =K69/J69*100 -> 98362.267 | J69: 185 | K69: =VLOOKUP(A69,'MANO DE OBRA'!A8:D99,4,FALSE) -> 181970.19 | M69: 8 | N69: =K69/M69 -> 22746.274
A70: A0040010 | B70: =VLOOKUP(A70,'MANO DE OBRA'!A8:D69,3,FALSE) -> Oficial | I70: =K70/J70*100 -> 49181.133 | J70: 185 | K70: =VLOOKUP(A70,'MANO DE OBRA'!A8:D100,4,FALSE) -> 90985.097 | M70: 8 | N70: =K70/M70 -> 11373.137
B75: SUBTOTAL $ | N75: =SUM(N69:N74) -> 34119.411
B77: TOTAL COSTO DIRECTO $ | N77: =N43+N53+N64+N75 -> 188632.66
B79: V. COSTOS INDIRECTOS
B81: Descripción | K81: Porcentaje | L81: Valor Total
B82: ADMINISTRACION | K82: 0.2 | L82: =N77*K82 -> 37726.531
B83: IMPREVISTOS | K83: 0.05 | L83: =N77*K83 -> 9431.6329
B84: UTILIDAD | K84: 0.05 | L84: =N77*K84 -> 9431.6329
B85: SUBTOTAL $ | N85: =L82+L83+L84 -> 56589.797
A87: PFinal01 | B87: Precio Unitario Total Aproximado al Peso $ | N87: =N77+N85 -> 245222.45
E92: Firma
E93: Nombre:
E94: Representante Legal del Contratista o su Apoderado
E95: Matricula No. :
B97: OBSERVACIONES INTERVENTORÍA:
B103: APROBACIÓN POR INTERVENTORÍA
B104: Nota 1: Cuando se trate de Análisis de precios unitarios correspondientes a ítems de la propuesta económica aprobada, el Interventor aprueba el desglose de los componentes manteniendo el mismo precio unitario de cada ítem, cumpliendo con las especificaciones de construcción vigentes para el proyecto.
B106: Nota 2: Cuando se trate de Análisis de precios unitarios de ítems no previstos, el Interventor aprueba el desglose y precio unitario de cada ítem no previsto, exigiendo la aplicación de los costos correspondientes a insumos y tarifas de la propuesta económica inicial cuando estén contemplados, cumpliendo con las especificaciones de construcción vigente para el proyecto.
E112: Firma
E113: Nombre:
E114: Representante Legal del Interventor o su Apoderado
E115: Matricula No. :
B117: Original: Archivo de Gestión del Contrato (Subdirección Administrativa).
B118: Copias: Unidad Ejecutora, Contratista, Interventor y Dirección Territorial.

Sheet 670.3
K1: CÓDIGO | L1: MINFRA-MN-IN-10-FR-1
C2: INSTITUTO NACIONAL DE VIAS
C3: PROCESO GESTIÓN DE LA INFRAESTRUCTURA VIAL | K3: VERSIÓN | L3: 1
C4: MANUAL DE INTERVENTORÍA OBRA PÚBLICA
C5: ANÁLISIS DE PRECIOS UNITARIOS | K5: PÁGINA | M5: DE
K8: FECHA
L9: (Día) | M9: (Mes) | N9: (Año)
B10: ITEMS DE LA PROPUESTA ECONÓMICA | F10: □ | I10: ITEMS NO PREVISTOS | K10: □
B11: UNIDAD EJECUTORA: | J11: DIRECCIÓN TERRITORIAL:
B14: CONTRATO No. | D14: DE
B15: OBJETO DEL CONTRATO:
B18: CARRETERA: | J18: SECTOR:
B20: CONTRATISTA:
B22: INTERVENTOR: | K22: CTO No.: | M22: DE
B24: FECHA CIERRE PROCESO DE SELECCIÓN CONTRATO DE OBRA:
F25: (Día) | I25: (Mes) | J25: (Año)
B27: DATOS ESPECÍFICOS
B29: ITEM | C29: DESCRIPCIÓN | K29: GRUPO DE AJUSTE | L29: UNIDAD | N29: CANTIDAD
B30: ITEM | C30: DESCRIPCIÓN | L30: UNIDAD | N30: CANTIDAD
A31: Unidad | B31: 670.3 | C31: Disipadores de Energía y Sedimentadores en Gaviones de Alambre de Acero entrelazado clase 3: recubrimiento de Zinc (galvanizado) y PVC | L31: m3
B33: I. EQUIPO
B35: DESCRIPCIÓN | I35: TIPO | K35: TARIFA/HORA | L35: RENDIMIENTO | N35: Vr. UNITARIO
B41: HERRAMIENTA MENOR (%) | M41: 0.05 | N41: =N75*M41 -> 1705.9706
B43: SUBTOTAL $ | N43: =SUM(N36:N42) -> 1705.9706
B45: II. MATERIALES
B47: DESCRIPCIÓN | J47: UNIDAD | K47: CANTIDAD | L47: PRECIO UNIT. | N47: Vr. UNITARIO
A48: B0014710 | B48: =VLOOKUP(A48,MATERIALES!A5:D373,3,FALSE) -> Piedra para gavión | J48: =VLOOKUP(A48,MATERIALES!A4:D640,2,FALSE) -> m3 | K48: 1.1 | M48: =VLOOKUP(A48,MATERIALES!A5:D396,4,FALSE) -> 45220 | N48: =K48*M48 -> 49742
A49: B0073220 | B49: =VLOOKUP(A49,MATERIALES!A6:D373,3,FALSE) -> Alambre galvanizado No. 12 | J49: =VLOOKUP(A49,MATERIALES!A5:D641,2,FALSE) -> kg | K49: 1.15 | M49: =VLOOKUP(A49,MATERIALES!A6:D397,4,FALSE) -> 4600 | N49: =K49*M49 -> 5290
A50: B0014611 | B50: =VLOOKUP(A50,MATERIALES!A6:D373,3,FALSE) -> Mortero 1:3 De recubrimiento | J50: =VLOOKUP(A50,MATERIALES!A6:D642,2,FALSE) -> m3 | K50: 0.12 | M50: =VLOOKUP(A50,MATERIALES!A6:D398,4,FALSE) -> 234366.57 | N50: =K50*M50 -> 28123.989
A51: B021001 | B51: =VLOOKUP(A51,MATERIALES!A6:D373,3,FALSE) -> Formaleta (gaviones, juntas de bordillos, juntas de cunetas, muros, concretos clase D,E, F y G) | J51: =VLOOKUP(A51,MATERIALES!A6:D643,2,FALSE) -> m2 | K51: 2 | M51: =VLOOKUP(A51,MATERIALES!A6:D399,4,FALSE) -> 4267.0158 | N51: =K51*M51 -> 8534.0315
A52: B033006 | B52: =VLOOKUP(A52,MATERIALES!A7:D373,3,FALSE) -> Malla Ciclónica Para Gaviones Galvanizada Y Plastificada Con Pvc Cal 12 (2M3) | J52: =VLOOKUP(A52,MATERIALES!A6:D644,2,FALSE) -> u | K52: 0.5 | M52: =VLOOKUP(A52,MATERIALES!A7:D400,4,FALSE) -> 94279.207 | N52: =K52*M52 -> 47139.604
B53: SUBTOTAL $ | N53: =SUM(N48:N52) -> 138829.62
B55: III. TRANSPORTES
B57: MATERIAL | H57: UNIDAD | I57: CANTIDAD (1) | J57: DISTANCIA (2) | K57: (1) * (2) | L57: TARIFA | N57: Vr. UNITARIO
A58: T0010094 | B58: =VLOOKUP(A58,TRANSPORTE!A1:D117,3,FALSE) -> Transporte de piedra para gaviones | H58: m3k | I58: 1.1 | J58: 1 | K58: =I58*J58 -> 1.1 | L58: =VLOOKUP(A58,TRANSPORTE!A1:D117,4,FALSE) -> 946.9697 | N58: =K58*L58 -> 1041.6667
B64: SUBTOTAL $ | N64: =N58+N59+N60+N61+N62 -> 1041.6667
B66: IV. MANO DE OBRA
B68: TRABAJADOR | I68: JORNAL | J68: PRESTACIONES (%) | K68: JORNAL TOTAL | L68: RENDIMIENTO | N68: Vr. UNITARIO
A69: A0030040 | B69: =VLOOKUP(A69,'MANO DE OBRA'!A8:D68,3,FALSE) -> Obrero (4) | I69: =K69/J69*100 -> 98362.267 | J69: 185 | K69: =VLOOKUP(A69,'MANO DE OBRA'!A8:D99,4,FALSE) -> 181970.19 | M69: 8 | N69: =K69/M69 -> 22746.274
A70: A0040010 | B70: =VLOOKUP(A70,'MANO DE OBRA'!A8:D69,3,FALSE) -> Oficial | I70: =K70/J70*100 -> 49181.133 | J70: 185 | K70: =VLOOKUP(A70,'MANO DE OBRA'!A8:D100,4,FALSE) -> 90985.097 | M70: 8 | N70: =K70/M70 -> 11373.137
B75: SUBTOTAL $ | N75: =SUM(N69:N74) -> 34119.411
B77: TOTAL COSTO DIRECTO $ | N77: =N43+N53+N64+N75 -> 175696.67
B79: V. COSTOS INDIRECTOS
B81: Descripción | K81: Porcentaje | L81: Valor Total
B82: ADMINISTRACION | K82: 0.2 | L82: =N77*K82 -> 35139.334
B83: IMPREVISTOS | K83: 0.05 | L83: =N77*K83 -> 8784.8336
B84: UTILIDAD | K84: 0.05 | L84: =N77*K84 -> 8784.8336
B85: SUBTOTAL $ | N85: =L82+L83+L84 -> 52709.002
A87: PFinal01 | B87: Precio Unitario Total Aproximado al Peso $ | N87: =N77+N85 -> 228405.67
E92: Firma
E93: Nombre:
E94: Representante Legal del Contratista o su Apoderado
E95: Matricula No. :
B97: OBSERVACIONES INTERVENTORÍA:
B103: APROBACIÓN POR INTERVENTORÍA
B104: Nota 1: Cuando se trate de Análisis de precios unitarios correspondientes a ítems de la propuesta económica aprobada, el Interventor aprueba el desglose de los componentes manteniendo el mismo precio unitario de cada ítem, cumpliendo con las especificaciones de construcción vigentes para el proyecto.
B106: Nota 2: Cuando se trate de Análisis de precios unitarios de ítems no previstos, el Interventor aprueba el desglose y precio unitario de cada ítem no previsto, exigiendo la aplicación de los costos correspondientes a insumos y tarifas de la propuesta económica inicial cuando estén contemplados, cumpliendo con las especificaciones de construcción vigente para el proyecto.
E112: Firma
E113: Nombre:
E114: Representante Legal del Interventor o su Apoderado
E115: Matricula No. :
B117: Original: Archivo de Gestión del Contrato (Subdirección Administrativa).
B118: Copias: Unidad Ejecutora, Contratista, Interventor y Dirección Territorial.

Sheet 673.1.1
K1: CÓDIGO | L1: MINFRA-MN-IN-10-FR-1
C2: INSTITUTO NACIONAL DE VIAS
C3: PROCESO GESTIÓN DE LA INFRAESTRUCTURA VIAL | K3: VERSIÓN | L3: 1
C4: MANUAL DE INTERVENTORÍA OBRA PÚBLICA
C5: ANÁLISIS DE PRECIOS UNITARIOS | K5: PÁGINA | M5: DE
K8: FECHA
L9: (Día) | M9: (Mes) | N9: (Año)
B10: ITEMS DE LA PROPUESTA ECONÓMICA | F10: □ | I10: ITEMS NO PREVISTOS | K10: □
B11: UNIDAD EJECUTORA: | J11: DIRECCIÓN TERRITORIAL:
B14: CONTRATO No. | D14: DE
B15: OBJETO DEL CONTRATO:
B18: CARRETERA: | J18: SECTOR:
B20: CONTRATISTA:
B22: INTERVENTOR: | K22: CTO No.: | M22: DE
B24: FECHA CIERRE PROCESO DE SELECCIÓN CONTRATO DE OBRA:
F25: (Día) | I25: (Mes) | J25: (Año)
B27: DATOS ESPECÍFICOS
B29: ITEM | C29: DESCRIPCIÓN | K29: GRUPO DE AJUSTE | L29: UNIDAD | N29: CANTIDAD
B30: ITEM | C30: DESCRIPCIÓN | L30: UNIDAD | N30: CANTIDAD
A31: Unidad | B31: 673.1.1 | C31: Geotextil Tipo NT-2500 o similar no tejido | L31: m2
B33: I. EQUIPO
B35: DESCRIPCIÓN | I35: TIPO | K35: TARIFA/HORA | L35: RENDIMIENTO | N35: Vr. UNITARIO
B41: HERRAMIENTA MENOR (%) | M41: 0.05 | N41: =N75*M41 -> 18.955228
B43: SUBTOTAL $ | N43: =SUM(N36:N42) -> 18.955228
B45: II. MATERIALES
B47: DESCRIPCIÓN | J47: UNIDAD | K47: CANTIDAD | L47: PRECIO UNIT. | N47: Vr. UNITARIO
A48: B025005 | B48: =VLOOKUP(A48,MATERIALES!A5:D373,3,FALSE) -> Geotextil Nt-2500 O Similar (Proveedores, Pavco, Geomatrix, Tensar, Omnes U Otros) | J48: =VLOOKUP(A48,MATERIALES!A4:D640,2,FALSE) -> m2 | K48: 1.1 | M48: =VLOOKUP(A48,MATERIALES!A5:D396,4,FALSE) -> 4768 | N48: =K48*M48 -> 5244.8
B53: SUBTOTAL $ | N53: =SUM(N48:N52) -> 5244.8
B55: III. TRANSPORTES
B57: MATERIAL | H57: UNIDAD | I57: CANTIDAD (1) | J57: DISTANCIA (2) | K57: (1) * (2) | L57: TARIFA | N57: Vr. UNITARIO
B64: SUBTOTAL $
B66: IV. MANO DE OBRA
B68: TRABAJADOR | I68: JORNAL | J68: PRESTACIONES (%) | K68: JORNAL TOTAL | L68: RENDIMIENTO | N68: Vr. UNITARIO
A69: A0030020 | B69: =VLOOKUP(A69,'MANO DE OBRA'!A8:D68,3,FALSE) -> Obrero (2) | I69: =K69/J69*100 -> 49181.133 | J69: 185 | K69: =VLOOKUP(A69,'MANO DE OBRA'!A8:D99,4,FALSE) -> 90985.097 | M69: 240 | N69: =K69/M69 -> 379.10457
B75: SUBTOTAL $ | N75: =SUM(N69:N74) -> 379.10457
B77: TOTAL COSTO DIRECTO $ | N77: =N43+N53+N64+N75 -> 5642.8598
B79: V. COSTOS INDIRECTOS
B81: Descripción | K81: Porcentaje | L81: Valor Total
B82: ADMINISTRACION | K82: 0.2 | L82: =N77*K82 -> 1128.572
B83: IMPREVISTOS | K83: 0.05 | L83: =N77*K83 -> 282.14299
B84: UTILIDAD | K84: 0.05 | L84: =N77*K84 -> 282.14299
B85: SUBTOTAL $ | N85: =L82+L83+L84 -> 1692.8579
A87: PFinal01 | B87: Precio Unitario Total Aproximado al Peso $ | N87: =N77+N85 -> 7335.7177
E92: Firma
E93: Nombre:
E94: Representante Legal del Contratista o su Apoderado
E95: Matricula No. :
B97: OBSERVACIONES INTERVENTORÍA:
B103: APROBACIÓN POR INTERVENTORÍA
B104: Nota 1: Cuando se trate de Análisis de precios unitarios correspondientes a ítems de la propuesta económica aprobada, el Interventor aprueba el desglose de los componentes manteniendo el mismo precio unitario de cada ítem, cumpliendo con las especificaciones de construcción vigentes para el proyecto.
B106: Nota 2: Cuando se trate de Análisis de precios unitarios de ítems no previstos, el Interventor aprueba el desglose y precio unitario de cada ítem no previsto, exigiendo la aplicación de los costos correspondientes a insumos y tarifas de la propuesta económica inicial cuando estén contemplados, cumpliendo con las especificaciones de construcción vigente para el proyecto.
E112: Firma
E113: Nombre:
E114: Representante Legal del Interventor o su Apoderado
E115: Matricula No. :
B117: Original: Archivo de Gestión del Contrato (Subdirección Administrativa).
B118: Copias: Unidad Ejecutora, Contratista, Interventor y Dirección Territorial.

Sheet 673.2
K1: CÓDIGO | L1: MINFRA-MN-IN-10-FR-1
C2: INSTITUTO NACIONAL DE VIAS
C3: PROCESO GESTIÓN DE LA INFRAESTRUCTURA VIAL | K3: VERSIÓN | L3: 1
C4: MANUAL DE INTERVENTORÍA OBRA PÚBLICA
C5: ANÁLISIS DE PRECIOS UNITARIOS | K5: PÁGINA | M5: DE
K8: FECHA
L9: (Día) | M9: (Mes) | N9: (Año)
B10: ITEMS DE LA PROPUESTA ECONÓMICA | F10: □ | I10: ITEMS NO PREVISTOS | K10: □
B11: UNIDAD EJECUTORA: | J11: DIRECCIÓN TERRITORIAL:
B14: CONTRATO No. | D14: DE
B15: OBJETO DEL CONTRATO:
B18: CARRETERA: | J18: SECTOR:
B20: CONTRATISTA:
B22: INTERVENTOR: | K22: CTO No.: | M22: DE
B24: FECHA CIERRE PROCESO DE SELECCIÓN CONTRATO DE OBRA:
F25: (Día) | I25: (Mes) | J25: (Año)
B27: DATOS ESPECÍFICOS
B29: ITEM | C29: DESCRIPCIÓN | K29: GRUPO DE AJUSTE | L29: UNIDAD | N29: CANTIDAD
B30: ITEM | C30: DESCRIPCIÓN | L30: UNIDAD | N30: CANTIDAD
A31: Unidad | B31: 673.2 | C31: Material Granular Drenante | L31: m3
B33: I. EQUIPO
B35: DESCRIPCIÓN | I35: TIPO | K35: TARIFA/HORA | L35: RENDIMIENTO | N35: Vr. UNITARIO
B41: HERRAMIENTA MENOR (%) | M41: 0.05 | N41: =N75*M41 -> 272.95529
B43: SUBTOTAL $ | N43: =SUM(N36:N42) -> 272.95529
B45: II. MATERIALES
B47: DESCRIPCIÓN | J47: UNIDAD | K47: CANTIDAD | L47: PRECIO UNIT. | N47: Vr. UNITARIO
A48: B0014380 | B48: =VLOOKUP(A48,MATERIALES!A5:D373,3,FALSE) -> Material drenante (3´´) | J48: =VLOOKUP(A48,MATERIALES!A4:D640,2,FALSE) -> m3 | K48: 1.1 | M48: =VLOOKUP(A48,MATERIALES!A5:D396,4,FALSE) -> 45220 | N48: =K48*M48 -> 49742
B53: SUBTOTAL $ | N53: =SUM(N48:N52) -> 49742
B55: III. TRANSPORTES
B57: MATERIAL | H57: UNIDAD | I57: CANTIDAD (1) | J57: DISTANCIA (2) | K57: (1) * (2) | L57: TARIFA | N57: Vr. UNITARIO
A58: T0010028 | B58: =VLOOKUP(A58,TRANSPORTE!A1:D117,3,FALSE) -> Transporte de Material Drenante | H58: m3/km | I58: 1.1 | J58: 1 | K58: =I58*J58 -> 1.1 | L58: =VLOOKUP(A58,TRANSPORTE!A1:D117,4,FALSE) -> 946.9697 | N58: =K58*L58 -> 1041.6667
B64: SUBTOTAL $ | N64: =N58+N59+N60+N61+N62 -> 1041.6667
B66: IV. MANO DE OBRA
B68: TRABAJADOR | I68: JORNAL | J68: PRESTACIONES (%) | K68: JORNAL TOTAL | L68: RENDIMIENTO | N68: Vr. UNITARIO
A69: A0030030 | B69: =VLOOKUP(A69,'MANO DE OBRA'!A8:D68,3,FALSE) -> Obrero (3) | I69: =K69/J69*100 -> 73771.7 | J69: 185 | K69: =VLOOKUP(A69,'MANO DE OBRA'!A8:D99,4,FALSE) -> 136477.64 | M69: 25 | N69: =K69/M69 -> 5459.1058
B75: SUBTOTAL $ | N75: =SUM(N69:N74) -> 5459.1058
B77: TOTAL COSTO DIRECTO $ | N77: =N43+N53+N64+N75 -> 56515.728
B79: V. COSTOS INDIRECTOS
B81: Descripción | K81: Porcentaje | L81: Valor Total
B82: ADMINISTRACION | K82: 0.2 | L82: =N77*K82 -> 11303.146
B83: IMPREVISTOS | K83: 0.05 | L83: =N77*K83 -> 2825.7864
B84: UTILIDAD | K84: 0.05 | L84: =N77*K84 -> 2825.7864
B85: SUBTOTAL $ | N85: =L82+L83+L84 -> 16954.718
A87: PFinal01 | B87: Precio Unitario Total Aproximado al Peso $ | N87: =N77+N85 -> 73470.446
E92: Firma
E93: Nombre:
E94: Representante Legal del Contratista o su Apoderado
E95: Matricula No. :
B97: OBSERVACIONES INTERVENTORÍA:
B103: APROBACIÓN POR INTERVENTORÍA
B104: Nota 1: Cuando se trate de Análisis de precios unitarios correspondientes a ítems de la propuesta económica aprobada, el Interventor aprueba el desglose de los componentes manteniendo el mismo precio unitario de cada ítem, cumpliendo con las especificaciones de construcción vigentes para el proyecto.
B106: Nota 2: Cuando se trate de Análisis de precios unitarios de ítems no previstos, el Interventor aprueba el desglose y precio unitario de cada ítem no previsto, exigiendo la aplicación de los costos correspondientes a insumos y tarifas de la propuesta económica inicial cuando estén contemplados, cumpliendo con las especificaciones de construcción vigente para el proyecto.
E112: Firma
E113: Nombre:
E114: Representante Legal del Interventor o su Apoderado
E115: Matricula No. :
B117: Original: Archivo de Gestión del Contrato (Subdirección Administrativa).
B118: Copias: Unidad Ejecutora, Contratista, Interventor y Dirección Territorial.

Sheet 674.2
K1: CÓDIGO | L1: MINFRA-MN-IN-10-FR-1
C2: INSTITUTO NACIONAL DE VIAS
C3: PROCESO GESTIÓN DE LA INFRAESTRUCTURA VIAL | K3: VERSIÓN | L3: 1
C4: MANUAL DE INTERVENTORÍA OBRA PÚBLICA
C5: ANÁLISIS DE PRECIOS UNITARIOS | K5: PÁGINA | M5: DE
K8: FECHA
L9: (Día) | M9: (Mes) | N9: (Año)
B10: ITEMS DE LA PROPUESTA ECONÓMICA | F10: □ | I10: ITEMS NO PREVISTOS | K10: □
B11: UNIDAD EJECUTORA: | J11: DIRECCIÓN TERRITORIAL:
B14: CONTRATO No. | D14: DE
B15: OBJETO DEL CONTRATO:
B18: CARRETERA: | J18: SECTOR:
B20: CONTRATISTA:
B22: INTERVENTOR: | K22: CTO No.: | M22: DE
B24: FECHA CIERRE PROCESO DE SELECCIÓN CONTRATO DE OBRA:
F25: (Día) | I25: (Mes) | J25: (Año)
B27: DATOS ESPECÍFICOS
B29: ITEM | C29: DESCRIPCIÓN | K29: GRUPO DE AJUSTE | L29: UNIDAD | N29: CANTIDAD
B30: ITEM | C30: DESCRIPCIÓN | L30: UNIDAD | N30: CANTIDAD
A31: Unidad | B31: 674.2 | C31: Dren Horizontal de Longitud Mayor a diez (10) metros. | L31: m
B33: I. EQUIPO
B35: DESCRIPCIÓN | I35: TIPO | K35: TARIFA/HORA | L35: RENDIMIENTO | N35: Vr. UNITARIO
A36: C0010340 | B36: =VLOOKUP(A36,EQUIPOS!A6:D154,3,FALSE) -> Equipo de perforación (TRACKDRILL), potencia 40 HP, 2100 golpes / minuto | K36: =VLOOKUP(A36,EQUIPOS!A6:D163,4,FALSE) -> 140436 | M36: 1.25 | N36: =K36/M36 -> 112348.8
B41: HERRAMIENTA MENOR (%) | M41: 0.05 | N41: =N77*M41 -> 909.85097
B43: SUBTOTAL $ | N43: =SUM(N36:N42) -> 113258.65
B45: II. MATERIALES
B47: DESCRIPCIÓN | J47: UNIDAD | K47: CANTIDAD | L47: PRECIO UNIT. | N47: Vr. UNITARIO
A48: B0015200 | B48: =VLOOKUP(A48,MATERIALES!A5:D373,3,FALSE) -> Tubería Perforada en PVC de 2´´ | J48: =VLOOKUP(A48,MATERIALES!A4:D640,2,FALSE) -> m | K48: 1.01 | M48: =VLOOKUP(A48,MATERIALES!A5:D396,4,FALSE) -> 12614.633 | N48: =K48*M48 -> 12740.78
B55: SUBTOTAL $ | N55: =SUM(N48:N54) -> 12740.78
B57: III. TRANSPORTES
B59: MATERIAL | H59: UNIDAD | I59: CANTIDAD (1) | J59: DISTANCIA (2) | K59: (1) * (2) | L59: TARIFA | N59: Vr. UNITARIO
B66: SUBTOTAL $
B68: IV. MANO DE OBRA
B70: TRABAJADOR | I70: JORNAL | J70: PRESTACIONES (%) | K70: JORNAL TOTAL | L70: RENDIMIENTO | N70: Vr. UNITARIO
A71: A0030020 | B71: =VLOOKUP(A71,'MANO DE OBRA'!A8:D68,3,FALSE) -> Obrero (2) | I71: =K71/J71*100 -> 49181.133 | J71: 185 | K71: =VLOOKUP(A71,'MANO DE OBRA'!A8:D99,4,FALSE) -> 90985.097 | M71: 10 | N71: =K71/M71 -> 9098.5097
A72: A0040010 | B72: =VLOOKUP(A72,'MANO DE OBRA'!A8:D69,3,FALSE) -> Oficial | I72: =K72/J72*100 -> 49181.133 | J72: 185 | K72: =VLOOKUP(A72,'MANO DE OBRA'!A8:D100,4,FALSE) -> 90985.097 | M72: 10 | N72: =K72/M72 -> 9098.5097
B77: SUBTOTAL $ | N77: =SUM(N71:N76) -> 18197.019
B79: TOTAL COSTO DIRECTO $ | N79: =N43+N55+N66+N77 -> 144196.45
B81: V. COSTOS INDIRECTOS
B83: Descripción | K83: Porcentaje | L83: Valor Total
B84: ADMINISTRACION | K84: 0.2 | L84: =N79*K84 -> 28839.29
B85: IMPREVISTOS | K85: 0.05 | L85: =N79*K85 -> 7209.8225
B86: UTILIDAD | K86: 0.05 | L86: =N79*K86 -> 7209.8225
B87: SUBTOTAL $ | N87: =L84+L85+L86 -> 43258.935
A89: PFinal01 | B89: Precio Unitario Total Aproximado al Peso $ | N89: =N79+N87 -> 187455.39
E94: Firma
E95: Nombre:
E96: Representante Legal del Contratista o su Apoderado
E97: Matricula No. :
B99: OBSERVACIONES INTERVENTORÍA:
B105: APROBACIÓN POR INTERVENTORÍA
B106: Nota 1: Cuando se trate de Análisis de precios unitarios correspondientes a ítems de la propuesta económica aprobada, el Interventor aprueba el desglose de los componentes manteniendo el mismo precio unitario de cada ítem, cumpliendo con las especificaciones de construcción vigentes para el proyecto.
B108: Nota 2: Cuando se trate de Análisis de precios unitarios de ítems no previstos, el Interventor aprueba el desglose y precio unitario de cada ítem no previsto, exigiendo la aplicación de los costos correspondientes a insumos y tarifas de la propuesta económica inicial cuando estén contemplados, cumpliendo con las especificaciones de construcción vigente para el proyecto.
E114: Firma
E115: Nombre:
E116: Representante Legal del Interventor o su Apoderado
E117: Matricula No. :
B119: Original: Archivo de Gestión del Contrato (Subdirección Administrativa).
B120: Copias: Unidad Ejecutora, Contratista, Interventor y Dirección Territorial.

Sheet 674.1
K1: CÓDIGO | L1: MINFRA-MN-IN-10-FR-1
C2: INSTITUTO NACIONAL DE VIAS
C3: PROCESO GESTIÓN DE LA INFRAESTRUCTURA VIAL | K3: VERSIÓN | L3: 1
C4: MANUAL DE INTERVENTORÍA OBRA PÚBLICA
C5: ANÁLISIS DE PRECIOS UNITARIOS | K5: PÁGINA | M5: DE
K8: FECHA
L9: (Día) | M9: (Mes) | N9: (Año)
B10: ITEMS DE LA PROPUESTA ECONÓMICA | F10: □ | I10: ITEMS NO PREVISTOS | K10: □
B11: UNIDAD EJECUTORA: | J11: DIRECCIÓN TERRITORIAL:
B14: CONTRATO No. | D14: DE
B15: OBJETO DEL CONTRATO:
B18: CARRETERA: | J18: SECTOR:
B20: CONTRATISTA:
B22: INTERVENTOR: | K22: CTO No.: | M22: DE
B24: FECHA CIERRE PROCESO DE SELECCIÓN CONTRATO DE OBRA:
F25: (Día) | I25: (Mes) | J25: (Año)
B27: DATOS ESPECÍFICOS
B29: ITEM | C29: DESCRIPCIÓN | K29: GRUPO DE AJUSTE | L29: UNIDAD | N29: CANTIDAD
B30: ITEM | C30: DESCRIPCIÓN | L30: UNIDAD | N30: CANTIDAD
A31: Unidad | B31: 674.1 | C31: Dren Horizontal de Longitud menor o igual a diez (10) metros. | L31: m
B33: I. EQUIPO
B35: DESCRIPCIÓN | I35: TIPO | K35: TARIFA/HORA | L35: RENDIMIENTO | N35: Vr. UNITARIO
A36: C0010340 | B36: =VLOOKUP(A36,EQUIPOS!A6:D154,3,FALSE) -> Equipo de perforación (TRACKDRILL), potencia 40 HP, 2100 golpes / minuto | K36: =VLOOKUP(A36,EQUIPOS!A6:D163,4,FALSE) -> 140436 | M36: 2.5 | N36: =K36/M36 -> 56174.4
B41: HERRAMIENTA MENOR (%) | M41: 0.05 | N41: =N77*M41 -> 341.19411
B43: SUBTOTAL $ | N43: =SUM(N36:N42) -> 56515.594
B45: II. MATERIALES
B47: DESCRIPCIÓN | J47: UNIDAD | K47: CANTIDAD | L47: PRECIO UNIT. | N47: Vr. UNITARIO
A48: B0015200 | B48: =VLOOKUP(A48,MATERIALES!A5:D373,3,FALSE) -> Tubería Perforada en PVC de 2´´ | J48: =VLOOKUP(A48,MATERIALES!A4:D640,2,FALSE) -> m | K48: 1.01 | M48: =VLOOKUP(A48,MATERIALES!A5:D396,4,FALSE) -> 12614.633 | N48: =K48*M48 -> 12740.78
B55: SUBTOTAL $ | N55: =SUM(N48:N54) -> 12740.78
B57: III. TRANSPORTES
B59: MATERIAL | H59: UNIDAD | I59: CANTIDAD (1) | J59: DISTANCIA (2) | K59: (1) * (2) | L59: TARIFA | N59: Vr. UNITARIO
B66: SUBTOTAL $
B68: IV. MANO DE OBRA
B70: TRABAJADOR | I70: JORNAL | J70: PRESTACIONES (%) | K70: JORNAL TOTAL | L70: RENDIMIENTO | N70: Vr. UNITARIO
A71: A0030010 | B71: =VLOOKUP(A71,'MANO DE OBRA'!A8:D68,3,FALSE) -> Obrero | I71: =K71/J71*100 -> 24590.567 | J71: 185 | K71: =VLOOKUP(A71,'MANO DE OBRA'!A8:D99,4,FALSE) -> 45492.548 | M71: 20 | N71: =K71/M71 -> 2274.6274
A72: A0040010 | B72: =VLOOKUP(A72,'MANO DE OBRA'!A8:D69,3,FALSE) -> Oficial | I72: =K72/J72*100 -> 49181.133 | J72: 185 | K72: =VLOOKUP(A72,'MANO DE OBRA'!A8:D100,4,FALSE) -> 90985.097 | M72: 20 | N72: =K72/M72 -> 4549.2548
B77: SUBTOTAL $ | N77: =SUM(N71:N76) -> 6823.8823
B79: TOTAL COSTO DIRECTO $ | N79: =N43+N55+N66+N77 -> 76080.256
B81: V. COSTOS INDIRECTOS
B83: Descripción | K83: Porcentaje | L83: Valor Total
B84: ADMINISTRACION | K84: 0.2 | L84: =N79*K84 -> 15216.051
B85: IMPREVISTOS | K85: 0.05 | L85: =N79*K85 -> 3804.0128
B86: UTILIDAD | K86: 0.05 | L86: =N79*K86 -> 3804.0128
B87: SUBTOTAL $ | N87: =L84+L85+L86 -> 22824.077
A89: PFinal01 | B89: Precio Unitario Total Aproximado al Peso $ | N89: =N79+N87 -> 98904.333
E94: Firma
E95: Nombre:
E96: Representante Legal del Contratista o su Apoderado
E97: Matricula No. :
B99: OBSERVACIONES INTERVENTORÍA:
B105: APROBACIÓN POR INTERVENTORÍA
B106: Nota 1: Cuando se trate de Análisis de precios unitarios correspondientes a ítems de la propuesta económica aprobada, el Interventor aprueba el desglose de los componentes manteniendo el mismo precio unitario de cada ítem, cumpliendo con las especificaciones de construcción vigentes para el proyecto.
B108: Nota 2: Cuando se trate de Análisis de precios unitarios de ítems no previstos, el Interventor aprueba el desglose y precio unitario de cada ítem no previsto, exigiendo la aplicación de los costos correspondientes a insumos y tarifas de la propuesta económica inicial cuando estén contemplados, cumpliendo con las especificaciones de construcción vigente para el proyecto.
E114: Firma
E115: Nombre:
E116: Representante Legal del Interventor o su Apoderado
E117: Matricula No. :
B119: Original: Archivo de Gestión del Contrato (Subdirección Administrativa).
B120: Copias: Unidad Ejecutora, Contratista, Interventor y Dirección Territorial.

Sheet 681.1
K1: CÓDIGO | L1: MINFRA-MN-IN-10-FR-1
C2: INSTITUTO NACIONAL DE VIAS
C3: PROCESO GESTIÓN DE LA INFRAESTRUCTURA VIAL | K3: VERSIÓN | L3: 1
C4: MANUAL DE INTERVENTORÍA OBRA PÚBLICA
C5: ANÁLISIS DE PRECIOS UNITARIOS | K5: PÁGINA | M5: DE
K8: FECHA
L9: (Día) | M9: (Mes) | N9: (Año)
B10: ITEMS DE LA PROPUESTA ECONÓMICA | F10: □ | I10: ITEMS NO PREVISTOS | K10: □
B11: UNIDAD EJECUTORA: | J11: DIRECCIÓN TERRITORIAL:
B14: CONTRATO No. | D14: DE
B15: OBJETO DEL CONTRATO:
B18: CARRETERA: | J18: SECTOR:
B20: CONTRATISTA:
B22: INTERVENTOR: | K22: CTO No.: | M22: DE
B24: FECHA CIERRE PROCESO DE SELECCIÓN CONTRATO DE OBRA:
F25: (Día) | I25: (Mes) | J25: (Año)
B27: DATOS ESPECÍFICOS
B29: ITEM | C29: DESCRIPCIÓN | K29: GRUPO DE AJUSTE | L29: UNIDAD | N29: CANTIDAD
B30: ITEM | C30: DESCRIPCIÓN | L30: UNIDAD | N30: CANTIDAD
A31: Unidad | B31: 681.1 | C31: Gaviónes de Malla de Alambre de Acero Entrelazado Clase 1; recubrimiento de Zinc (galvanizado) | L31: m3
B33: I. EQUIPO
B35: DESCRIPCIÓN | I35: TIPO | K35: TARIFA/HORA | L35: RENDIMIENTO | N35: Vr. UNITARIO
B41: HERRAMIENTA MENOR (%) | M41: 0.05 | N41: =N77*M41 -> 682.38823
B43: SUBTOTAL $ | N43: =SUM(N36:N41) -> 682.38823
B45: II. MATERIALES
B47: DESCRIPCIÓN | J47: UNIDAD | K47: CANTIDAD | L47: PRECIO UNIT. | N47: Vr. UNITARIO
A48: B0014710 | B48: =VLOOKUP(A48,MATERIALES!A5:D373,3,FALSE) -> Piedra para gavión | J48: =VLOOKUP(A48,MATERIALES!A4:D640,2,FALSE) -> m3 | K48: 1.1 | M48: =VLOOKUP(A48,MATERIALES!A5:D396,4,FALSE) -> 45220 | N48: =K48*M48 -> 49742
A49: B0073220 | B49: =VLOOKUP(A49,MATERIALES!A6:D373,3,FALSE) -> Alambre galvanizado No. 12 | J49: =VLOOKUP(A49,MATERIALES!A5:D641,2,FALSE) -> kg | K49: 1.15 | M49: =VLOOKUP(A49,MATERIALES!A6:D397,4,FALSE) -> 4600 | N49: =K49*M49 -> 5290
A50: B021001 | B50: =VLOOKUP(A50,MATERIALES!A6:D373,3,FALSE) -> Formaleta (gaviones, juntas de bordillos, juntas de cunetas, muros, concretos clase D,E, F y G) | J50: =VLOOKUP(A50,MATERIALES!A6:D642,2,FALSE) -> m2 | K50: 2 | M50: =VLOOKUP(A50,MATERIALES!A6:D398,4,FALSE) -> 4267.0158 | N50: =K50*M50 -> 8534.0315
A51: B033002 | B51: =VLOOKUP(A51,MATERIALES!A6:D373,3,FALSE) -> Malla para gaviones (2M3) | J51: =VLOOKUP(A51,MATERIALES!A6:D643,2,FALSE) -> u | K51: 0.5 | M51: =VLOOKUP(A51,MATERIALES!A6:D399,4,FALSE) -> 70000 | N51: =K51*M51 -> 35000
B55: SUBTOTAL $ | N55: =SUM(N48:N54) -> 98566.032
B57: III. TRANSPORTES
B59: MATERIAL | H59: UNIDAD | I59: CANTIDAD (1) | J59: DISTANCIA (2) | K59: (1) * (2) | L59: TARIFA | N59: Vr. UNITARIO
A60: T0010094 | B60: =VLOOKUP(A60,TRANSPORTE!A1:D117,3,FALSE) -> Transporte de piedra para gaviones | H60: m3/km | I60: 1.1 | J60: 1 | K60: =I60*J60 -> 1.1 | L60: =VLOOKUP(A60,TRANSPORTE!A1:D117,4,FALSE) -> 946.9697 | N60: =K60*L60 -> 1041.6667
B66: SUBTOTAL $ | N66: =N60+N61+N62+N63+N64 -> 1041.6667
B68: IV. MANO DE OBRA
B70: TRABAJADOR | I70: JORNAL | J70: PRESTACIONES (%) | K70: JORNAL TOTAL | L70: RENDIMIENTO | N70: Vr. UNITARIO
A71: A0030040 | B71: =VLOOKUP(A71,'MANO DE OBRA'!A8:D68,3,FALSE) -> Obrero (4) | I71: =K71/J71*100 -> 98362.267 | J71: 185 | K71: =VLOOKUP(A71,'MANO DE OBRA'!A8:D99,4,FALSE) -> 181970.19 | M71: 20 | N71: =K71/M71 -> 9098.5097
A72: A0040010 | B72: =VLOOKUP(A72,'MANO DE OBRA'!A8:D69,3,FALSE) -> Oficial | I72: =K72/J72*100 -> 49181.133 | J72: 185 | K72: =VLOOKUP(A72,'MANO DE OBRA'!A8:D100,4,FALSE) -> 90985.097 | M72: 20 | N72: =K72/M72 -> 4549.2548
B77: SUBTOTAL $ | N77: =SUM(N71:N76) -> 13647.765
B79: TOTAL COSTO DIRECTO $ | N79: =N43+N55+N66+N77 -> 113937.85
B81: V. COSTOS INDIRECTOS
B83: Descripción | K83: Porcentaje | L83: Valor Total
B84: ADMINISTRACION | K84: 0.2 | L84: =N79*K84 -> 22787.57
B85: IMPREVISTOS | K85: 0.05 | L85: =N79*K85 -> 5696.8925
B86: UTILIDAD | K86: 0.05 | L86: =N79*K86 -> 5696.8925
B87: SUBTOTAL $ | N87: =L84+L85+L86 -> 34181.355
A89: PFinal01 | B89: Precio Unitario Total Aproximado al Peso $ | N89: =N79+N87 -> 148119.21
E94: Firma
E95: Nombre:
E96: Representante Legal del Contratista o su Apoderado
E97: Matricula No. :
B99: OBSERVACIONES INTERVENTORÍA:
B105: APROBACIÓN POR INTERVENTORÍA
B106: Nota 1: Cuando se trate de Análisis de precios unitarios correspondientes a ítems de la propuesta económica aprobada, el Interventor aprueba el desglose de los componentes manteniendo el mismo precio unitario de cada ítem, cumpliendo con las especificaciones de construcción vigentes para el proyecto.
B108: Nota 2: Cuando se trate de Análisis de precios unitarios de ítems no previstos, el Interventor aprueba el desglose y precio unitario de cada ítem no previsto, exigiendo la aplicación de los costos correspondientes a insumos y tarifas de la propuesta económica inicial cuando estén contemplados, cumpliendo con las especificaciones de construcción vigente para el proyecto.
E114: Firma
E115: Nombre:
E116: Representante Legal del Interventor o su Apoderado
E117: Matricula No. :
B119: Original: Archivo de Gestión del Contrato (Subdirección Administrativa).
B120: Copias: Unidad Ejecutora, Contratista, Interventor y Dirección Territorial.

Sheet 810.3
K1: CÓDIGO | L1: MINFRA-MN-IN-10-FR-1
C2: INSTITUTO NACIONAL DE VIAS
C3: PROCESO GESTIÓN DE LA INFRAESTRUCTURA VIAL | K3: VERSIÓN | L3: 1
C4: MANUAL DE INTERVENTORÍA OBRA PÚBLICA
C5: ANÁLISIS DE PRECIOS UNITARIOS | K5: PÁGINA | M5: DE
K8: FECHA
L9: (Día) | M9: (Mes) | N9: (Año)
B10: ITEMS DE LA PROPUESTA ECONÓMICA | F10: □ | I10: ITEMS NO PREVISTOS | K10: □
B11: UNIDAD EJECUTORA: | J11: DIRECCIÓN TERRITORIAL:
B14: CONTRATO No. | D14: DE
B15: OBJETO DEL CONTRATO:
